Workbook

Sheet Смета по ТСН-2001
A1: =Source!B1 -> Smeta.RU (495) 974-1589
K2: Форма № 4б
A3: =IF(Source!G12<>"Новый объект", Source!G12, "") -> 02-01-10 Отопление
A4: (наименование стройки и/или объекта)
A6: =CONCATENATE( "ЛОКАЛЬНАЯ СМЕТА № ",IF(Source!F12<>"Новый объект", Source!F12, "")) -> ЛОКАЛЬНАЯ СМЕТА № 01-10
A9: (наименование работ и затрат)
A11: =CONCATENATE( "Основание: чертежи № ", Source!J12) -> Основание: чертежи №
I13: В базисном уровне цен | J13: В текущем уровне цен
F14: Сметная стоимость | I14: =SUM(O1:O688)/1000 -> 2595.5448 | J14: =(Source!P428/1000) -> 15829.171 | K14: тыс.руб
F15: Строительные работы | I15: =SUM(X1:X688)/1000 -> 763.73958 | J15: =(Source!P418)/1000 -> 6249.4599 | K15: тыс.руб
F16: Работы по монтажу оборудования | I16: =SUM(Y1:Y688)/1000 -> 0 | J16: =(Source!P419)/1000 -> 0 | K16: тыс.руб
F17: Оборудование | I17: =SUM(Z1:Z688)/1000 -> 0 | J17: =(Source!P410)/1000 -> 0 | K17: тыс.руб
F18: Прочие работы и затраты | I18: =SUM(AA1:AA688)/1000 -> 1831.8052 | J18: =(Source!P420+Source!P421)/1000 -> 9579.7109 | K18: тыс.руб
F19: Средства на оплату труда | I19: =SUM(W1:W688)/1000 -> 87.84388 | J19: =((Source!P416 + Source!P415)/1000) -> 1792.015 | K19: тыс.руб
F20: Затраты труда | I20: =SUM(AB1:AB688) -> 7116.085 | K20: чел.-ч.
F21: Кроме того:
F22: Возврат материалов | I22: =SUM(AE1:AE688)/1000 -> 0 | J22: =SUM(AF1:AF688)/1000 -> 0 | K22: тыс.руб
A24: Составлен(а) по ТСН-2001 с учетом Дополнения №: 48
A25: № и период сборника коэффициентов (индексов) пересчета: Коэффициенты к ТСН-2001 МГЭ, ремонт №139 апрель 2018 года | AK25: № и период сборника коэффициентов (индексов) пересчета: Коэффициенты к ТСН-2001 МГЭ, ремонт №139 апрель 2018 года
A26: № п/п | B26: Шифр расценки и коды ресурсов | C26: Наименование работ и затрат | D26: Ед. изм. | E26: Кол-во единиц | F26: Цена на ед. изм., руб. | G26: Попра-вочные коэффи- циенты | H26: Коэффи-циенты зимних удорожа-ний | I26: Всего затрат в базисном уровне цен, руб. | J26: Коэффици-енты (индексы) пересчета, нормы НР и СП | K26: ВСЕГО затрат в текущем уровне цен, руб.
A27: 1 | B27: 2 | C27: 3 | D27: 4 | E27: 5 | F27: 6 | G27: 7 | H27: 8 | I27: 9 | J27: 10 | K27: 11
A29: =CONCATENATE("Локальная смета: ",IF(Source!G20<>"Новая локальная смета", Source!G20, "")) -> Локальная смета: 02-01-11
A31: =CONCATENATE("Раздел: ",IF(Source!G24<>"Новый раздел", Source!G24, "")) -> Раздел: Отопление
A32: =Source!E29 -> 1 | B32: =Source!F29 -> 3.16-6-1 | C32: Прокладка трубопроводов отопления из стальных водогазопроводных неоцинкованных труб диаметром 15 мм | D32: =Source!H29 -> 100 м трубопровода | E32: =Source!I29 -> 7.85 | Q32: =ROUND((Source!DN29/100)*ROUND((Source!AF29*Source!AV29)*Source!I29, 2), 2) -> 3817.58 | R32: =Source!X29 -> 60116.78 | S32: =ROUND((Source!DO29/100)*ROUND((Source!AF29*Source!AV29)*Source!I29, 2), 2) -> 2243.66 | T32: =Source!Y29 -> 28008.95 | U32: =ROUND((175/100)*ROUND((Source!AE29*Source!AV29)*Source!I29, 2), 2) -> 147.51 | V32: =ROUND((157/100)*ROUND(Source!CS29*Source!I29, 2), 2) -> 2699.62
C33: ЗП | F33: =Source!AO29 -> 370.95 | G33: =Source!DG29 -> )*1,15 | H33: =Source!AV29 -> 1 | I33: =ROUND((Source!AF29*Source!AV29)*Source!I29, 2) -> 3348.75 | J33: =IF(Source!BA29<> 0, Source!BA29, 1) -> 20.4 | K33: =Source!S29 -> 68314.52 | W33: =I33 -> 3348.75
C34: ЭМ | F34: =Source!AM29 -> 43.16 | G34: =Source!DE29 -> )*1,25 | H34: =Source!AV29 -> 1 | I34: =ROUND((Source!AD29*Source!AV29)*Source!I29, 2) -> 423.51 | J34: =IF(Source!BB29<> 0, Source!BB29, 1) -> 8.39 | K34: =Source!Q29 -> 3553.23
C35: в т.ч. ЗПМ | F35: =Source!AN29 -> 8.59 | G35: =Source!DF29 -> )*1,25 | H35: =Source!AV29 -> 1 | I35: =ROUND((Source!AE29*Source!AV29)*Source!I29, 2) -> 84.29 | J35: =IF(Source!BS29<> 0, Source!BS29, 1) -> 20.4 | K35: =Source!R29 -> 1719.5 | W35: =I35 -> 84.29
C36: МР | F36: =Source!AL29 -> 18.13 | G36: =Source!DD29 | H36: =Source!AW29 -> 1 | I36: =ROUND((Source!AC29*Source!AW29)*Source!I29, 2) -> 142.32 | J36: =IF(Source!BC29<> 0, Source!BC29, 1) -> 5.23 | K36: =Source!P29 -> 744.34
C37: НР от ЗП | D37: % | E37: =Source!DN29 -> 114 | I37: =SUM(Q32:Q36) -> 3817.58 | J37: =Source!BZ29 -> 88 | K37: =SUM(R32:R36) -> 60116.78
C38: СП от ЗП | D38: % | E38: =Source!DO29 -> 67 | I38: =SUM(S32:S37) -> 2243.66 | J38: =Source!CA29 -> 41 | K38: =SUM(T32:T37) -> 28008.95
C39: НР и СП от ЗПМ | D39: % | E39: =175 -> 175 | I39: =SUM(U32:U38) -> 147.51 | J39: =157 -> 157 | K39: =SUM(V32:V38) -> 2699.62
C40: ЗТР | D40: чел-ч | E40: =Source!AQ29 -> 29.7 | G40: =Source!DI29 -> )*1,15 | H40: =Source!AV29 -> 1 | I40: =Source!U29 -> 268.11675 | AB40: =I40 -> 268.11675
C41: Всего по позиции: | H41: =I33+I34+I36+I37+I38+I39 -> 10123.33 | J41: =K33+K34+K36+K37+K38+K39 -> 163437.44 | O41: =I33+I34+I36+I37+I38+I39 -> 10123.33 | P41: =K33+K34+K36+K37+K38+K39 -> 163437.44 | X41: =IF(Source!BI29<=1,I33+I34+I36+I37+I38+I39-0, 0) -> 10123.33 | Y41: =IF(Source!BI29=2,I33+I34+I36+I37+I38+I39-0, 0) -> 0 | Z41: =IF(Source!BI29=3,I33+I34+I36+I37+I38+I39-0, 0) -> 0 | AA41: =IF(Source!BI29=4,I33+I34+I36+I37+I38+I39,0) -> 0
A43: =Source!E31 -> 2 | B43: =Source!F31 -> 1.12-10-24 | C43: Средства для крепления радиаторов на кирпичных и бетонных стенах, крючки для труб, диаметр труб 50 мм | D43: =Source!H31 -> 1000 шт. | E43: =Source!I31 -> 0.393 | F43: =Source!AL31 -> 7732.42 | G43: =Source!DD31 | H43: =Source!AW31 -> 1 | I43: =ROUND((Source!AC31*Source!AW31)*Source!I31, 2) -> 3038.84 | J43: =IF(Source!BC31<> 0, Source!BC31, 1) -> 4.7 | K43: =Source!P31 -> 14282.55 | Q43: =ROUND((Source!DN31/100)*ROUND((Source!AF31*Source!AV31)*Source!I31, 2), 2) -> 0 | R43: =Source!X31 -> 0 | S43: =ROUND((Source!DO31/100)*ROUND((Source!AF31*Source!AV31)*Source!I31, 2), 2) -> 0 | T43: =Source!Y31 -> 0 | U43: =ROUND((175/100)*ROUND((Source!AE31*Source!AV31)*Source!I31, 2), 2) -> 0 | V43: =ROUND((157/100)*ROUND(Source!CS31*Source!I31, 2), 2) -> 0
C44: Всего по позиции: | H44: =I43 -> 3038.84 | J44: =K43 -> 14282.55 | O44: =I43 -> 3038.84 | P44: =K43 -> 14282.55 | X44: =IF(Source!BI31<=1,I43-0, 0) -> 3038.84 | Y44: =IF(Source!BI31=2,I43-0, 0) -> 0 | Z44: =IF(Source!BI31=3,I43-0, 0) -> 0 | AA44: =IF(Source!BI31=4,I43,0) -> 0
A46: =Source!E33 -> 3 | B46: =Source!F33 -> 1.12-1-40 | C46: Узлы трубопроводов из стальных водогазопроводных неоцинкованных труб с гильзами для систем отопления, диаметр условного прохода 15 мм | D46: =Source!H33 -> м | E46: =Source!I33 -> 785 | F46: =Source!AL33 -> 30.15 | G46: =Source!DD33 | H46: =Source!AW33 -> 1 | I46: =ROUND((Source!AC33*Source!AW33)*Source!I33, 2) -> 23667.75 | J46: =IF(Source!BC33<> 0, Source!BC33, 1) -> 4.62 | K46: =Source!P33 -> 109345.01 | Q46: =ROUND((Source!DN33/100)*ROUND((Source!AF33*Source!AV33)*Source!I33, 2), 2) -> 0 | R46: =Source!X33 -> 0 | S46: =ROUND((Source!DO33/100)*ROUND((Source!AF33*Source!AV33)*Source!I33, 2), 2) -> 0 | T46: =Source!Y33 -> 0 | U46: =ROUND((175/100)*ROUND((Source!AE33*Source!AV33)*Source!I33, 2), 2) -> 0 | V46: =ROUND((157/100)*ROUND(Source!CS33*Source!I33, 2), 2) -> 0
C47: Всего по позиции: | H47: =I46 -> 23667.75 | J47: =K46 -> 109345.01 | O47: =I46 -> 23667.75 | P47: =K46 -> 109345.01 | X47: =IF(Source!BI33<=1,I46-0, 0) -> 23667.75 | Y47: =IF(Source!BI33=2,I46-0, 0) -> 0 | Z47: =IF(Source!BI33=3,I46-0, 0) -> 0 | AA47: =IF(Source!BI33=4,I46,0) -> 0
A49: =Source!E35 -> 4 | B49: =Source!F35 -> 1.13-4-71 | C49: Кран шаровой латунный полнопроходной, со спускным элементом и заглушкой, Techno-C (аналог V3000В),Tmax=120°С, Р=2,5 МПа, диаметр 15 мм | D49: =Source!H35 -> шт. | E49: =Source!I35 -> 90 | F49: =Source!AL35 -> 38.95 | G49: =Source!DD35 | H49: =Source!AW35 -> 1 | I49: =ROUND((Source!AC35*Source!AW35)*Source!I35, 2) -> 3505.5 | J49: =IF(Source!BC35<> 0, Source!BC35, 1) -> 16.72 | K49: =Source!P35 -> 58611.96 | Q49: =ROUND((Source!DN35/100)*ROUND((Source!AF35*Source!AV35)*Source!I35, 2), 2) -> 0 | R49: =Source!X35 -> 0 | S49: =ROUND((Source!DO35/100)*ROUND((Source!AF35*Source!AV35)*Source!I35, 2), 2) -> 0 | T49: =Source!Y35 -> 0 | U49: =ROUND((175/100)*ROUND((Source!AE35*Source!AV35)*Source!I35, 2), 2) -> 0 | V49: =ROUND((157/100)*ROUND(Source!CS35*Source!I35, 2), 2) -> 0
C50: Всего по позиции: | H50: =I49 -> 3505.5 | J50: =K49 -> 58611.96 | O50: =I49 -> 3505.5 | P50: =K49 -> 58611.96 | X50: =IF(Source!BI35<=1,I49-0, 0) -> 3505.5 | Y50: =IF(Source!BI35=2,I49-0, 0) -> 0 | Z50: =IF(Source!BI35=3,I49-0, 0) -> 0 | AA50: =IF(Source!BI35=4,I49,0) -> 0
A52: =Source!E37 -> 5 | B52: =Source!F37 -> 3.16-6-2 | C52: Прокладка трубопроводов отопления из стальных водогазопроводных неоцинкованных труб диаметром 20 мм | D52: =Source!H37 -> 100 м трубопровода | E52: =Source!I37 -> 4.4 | Q52: =ROUND((Source!DN37/100)*ROUND((Source!AF37*Source!AV37)*Source!I37, 2), 2) -> 2139.79 | R52: =Source!X37 -> 33696.03 | S52: =ROUND((Source!DO37/100)*ROUND((Source!AF37*Source!AV37)*Source!I37, 2), 2) -> 1257.6 | T52: =Source!Y37 -> 15699.29 | U52: =ROUND((175/100)*ROUND((Source!AE37*Source!AV37)*Source!I37, 2), 2) -> 82.69 | V52: =ROUND((157/100)*ROUND(Source!CS37*Source!I37, 2), 2) -> 1513.17
C53: ЗП | F53: =Source!AO37 -> 370.95 | G53: =Source!DG37 -> )*1,15 | H53: =Source!AV37 -> 1 | I53: =ROUND((Source!AF37*Source!AV37)*Source!I37, 2) -> 1877.01 | J53: =IF(Source!BA37<> 0, Source!BA37, 1) -> 20.4 | K53: =Source!S37 -> 38290.94 | W53: =I53 -> 1877.01
C54: ЭМ | F54: =Source!AM37 -> 43.16 | G54: =Source!DE37 -> )*1,25 | H54: =Source!AV37 -> 1 | I54: =ROUND((Source!AD37*Source!AV37)*Source!I37, 2) -> 237.38 | J54: =IF(Source!BB37<> 0, Source!BB37, 1) -> 8.39 | K54: =Source!Q37 -> 1991.62
C55: в т.ч. ЗПМ | F55: =Source!AN37 -> 8.59 | G55: =Source!DF37 -> )*1,25 | H55: =Source!AV37 -> 1 | I55: =ROUND((Source!AE37*Source!AV37)*Source!I37, 2) -> 47.25 | J55: =IF(Source!BS37<> 0, Source!BS37, 1) -> 20.4 | K55: =Source!R37 -> 963.8 | W55: =I55 -> 47.25
C56: МР | F56: =Source!AL37 -> 18.13 | G56: =Source!DD37 | H56: =Source!AW37 -> 1 | I56: =ROUND((Source!AC37*Source!AW37)*Source!I37, 2) -> 79.77 | J56: =IF(Source!BC37<> 0, Source!BC37, 1) -> 5.23 | K56: =Source!P37 -> 417.21
C57: НР от ЗП | D57: % | E57: =Source!DN37 -> 114 | I57: =SUM(Q52:Q56) -> 2139.79 | J57: =Source!BZ37 -> 88 | K57: =SUM(R52:R56) -> 33696.03
C58: СП от ЗП | D58: % | E58: =Source!DO37 -> 67 | I58: =SUM(S52:S57) -> 1257.6 | J58: =Source!CA37 -> 41 | K58: =SUM(T52:T57) -> 15699.29
C59: НР и СП от ЗПМ | D59: % | E59: =175 -> 175 | I59: =SUM(U52:U58) -> 82.69 | J59: =157 -> 157 | K59: =SUM(V52:V58) -> 1513.17
C60: ЗТР | D60: чел-ч | E60: =Source!AQ37 -> 29.7 | G60: =Source!DI37 -> )*1,15 | H60: =Source!AV37 -> 1 | I60: =Source!U37 -> 150.282 | AB60: =I60 -> 150.282
C61: Всего по позиции: | H61: =I53+I54+I56+I57+I58+I59 -> 5674.24 | J61: =K53+K54+K56+K57+K58+K59 -> 91608.26 | O61: =I53+I54+I56+I57+I58+I59 -> 5674.24 | P61: =K53+K54+K56+K57+K58+K59 -> 91608.26 | X61: =IF(Source!BI37<=1,I53+I54+I56+I57+I58+I59-0, 0) -> 5674.24 | Y61: =IF(Source!BI37=2,I53+I54+I56+I57+I58+I59-0, 0) -> 0 | Z61: =IF(Source!BI37=3,I53+I54+I56+I57+I58+I59-0, 0) -> 0 | AA61: =IF(Source!BI37=4,I53+I54+I56+I57+I58+I59,0) -> 0
A63: =Source!E39 -> 6 | B63: =Source!F39 -> 1.12-10-24 | C63: Средства для крепления радиаторов на кирпичных и бетонных стенах, крючки для труб, диаметр труб 50 мм | D63: =Source!H39 -> 1000 шт. | E63: =Source!I39 -> 0.22 | F63: =Source!AL39 -> 7732.42 | G63: =Source!DD39 | H63: =Source!AW39 -> 1 | I63: =ROUND((Source!AC39*Source!AW39)*Source!I39, 2) -> 1701.13 | J63: =IF(Source!BC39<> 0, Source!BC39, 1) -> 4.7 | K63: =Source!P39 -> 7995.32 | Q63: =ROUND((Source!DN39/100)*ROUND((Source!AF39*Source!AV39)*Source!I39, 2), 2) -> 0 | R63: =Source!X39 -> 0 | S63: =ROUND((Source!DO39/100)*ROUND((Source!AF39*Source!AV39)*Source!I39, 2), 2) -> 0 | T63: =Source!Y39 -> 0 | U63: =ROUND((175/100)*ROUND((Source!AE39*Source!AV39)*Source!I39, 2), 2) -> 0 | V63: =ROUND((157/100)*ROUND(Source!CS39*Source!I39, 2), 2) -> 0
C64: Всего по позиции: | H64: =I63 -> 1701.13 | J64: =K63 -> 7995.32 | O64: =I63 -> 1701.13 | P64: =K63 -> 7995.32 | X64: =IF(Source!BI39<=1,I63-0, 0) -> 1701.13 | Y64: =IF(Source!BI39=2,I63-0, 0) -> 0 | Z64: =IF(Source!BI39=3,I63-0, 0) -> 0 | AA64: =IF(Source!BI39=4,I63,0) -> 0
A66: =Source!E41 -> 7 | B66: =Source!F41 -> 1.12-1-41 | C66: Узлы трубопроводов из стальных водогазопроводных неоцинкованных труб с гильзами для систем отопления, диаметр условного прохода 20 мм | D66: =Source!H41 -> м | E66: =Source!I41 -> 440 | F66: =Source!AL41 -> 31.32 | G66: =Source!DD41 | H66: =Source!AW41 -> 1 | I66: =ROUND((Source!AC41*Source!AW41)*Source!I41, 2) -> 13780.8 | J66: =IF(Source!BC41<> 0, Source!BC41, 1) -> 5.62 | K66: =Source!P41 -> 77448.1 | Q66: =ROUND((Source!DN41/100)*ROUND((Source!AF41*Source!AV41)*Source!I41, 2), 2) -> 0 | R66: =Source!X41 -> 0 | S66: =ROUND((Source!DO41/100)*ROUND((Source!AF41*Source!AV41)*Source!I41, 2), 2) -> 0 | T66: =Source!Y41 -> 0 | U66: =ROUND((175/100)*ROUND((Source!AE41*Source!AV41)*Source!I41, 2), 2) -> 0 | V66: =ROUND((157/100)*ROUND(Source!CS41*Source!I41, 2), 2) -> 0
C67: Всего по позиции: | H67: =I66 -> 13780.8 | J67: =K66 -> 77448.1 | O67: =I66 -> 13780.8 | P67: =K66 -> 77448.1 | X67: =IF(Source!BI41<=1,I66-0, 0) -> 13780.8 | Y67: =IF(Source!BI41=2,I66-0, 0) -> 0 | Z67: =IF(Source!BI41=3,I66-0, 0) -> 0 | AA67: =IF(Source!BI41=4,I66,0) -> 0
A69: =Source!E43 -> 8 | B69: =Source!F43 -> 1.13-4-72 | C69: Кран шаровой латунный полнопроходной, со спускным элементом и заглушкой, Techno-C (аналог V3000В),Tmax=120°С, Р=2,5 МПа, диаметр 20 мм | D69: =Source!H43 -> шт. | E69: =Source!I43 -> 10 | F69: =Source!AL43 -> 56.67 | G69: =Source!DD43 | H69: =Source!AW43 -> 1 | I69: =ROUND((Source!AC43*Source!AW43)*Source!I43, 2) -> 566.7 | J69: =IF(Source!BC43<> 0, Source!BC43, 1) -> 14.1 | K69: =Source!P43 -> 7990.47 | Q69: =ROUND((Source!DN43/100)*ROUND((Source!AF43*Source!AV43)*Source!I43, 2), 2) -> 0 | R69: =Source!X43 -> 0 | S69: =ROUND((Source!DO43/100)*ROUND((Source!AF43*Source!AV43)*Source!I43, 2), 2) -> 0 | T69: =Source!Y43 -> 0 | U69: =ROUND((175/100)*ROUND((Source!AE43*Source!AV43)*Source!I43, 2), 2) -> 0 | V69: =ROUND((157/100)*ROUND(Source!CS43*Source!I43, 2), 2) -> 0
C70: Всего по позиции: | H70: =I69 -> 566.7 | J70: =K69 -> 7990.47 | O70: =I69 -> 566.7 | P70: =K69 -> 7990.47 | X70: =IF(Source!BI43<=1,I69-0, 0) -> 566.7 | Y70: =IF(Source!BI43=2,I69-0, 0) -> 0 | Z70: =IF(Source!BI43=3,I69-0, 0) -> 0 | AA70: =IF(Source!BI43=4,I69,0) -> 0
A72: =Source!E45 -> 9 | B72: =Source!F45 -> 3.16-6-3 | C72: Прокладка трубопроводов отопления из стальных водогазопроводных неоцинкованных труб диаметром 25 мм | D72: =Source!H45 -> 100 м трубопровода | E72: =Source!I45 -> 3.9 | Q72: =ROUND((Source!DN45/100)*ROUND((Source!AF45*Source!AV45)*Source!I45, 2), 2) -> 1896.63 | R72: =Source!X45 -> 29866.94 | S72: =ROUND((Source!DO45/100)*ROUND((Source!AF45*Source!AV45)*Source!I45, 2), 2) -> 1114.69 | T72: =Source!Y45 -> 13915.28 | U72: =ROUND((175/100)*ROUND((Source!AE45*Source!AV45)*Source!I45, 2), 2) -> 73.29 | V72: =ROUND((157/100)*ROUND(Source!CS45*Source!I45, 2), 2) -> 1341.22
C73: ЗП | F73: =Source!AO45 -> 370.95 | G73: =Source!DG45 -> )*1,15 | H73: =Source!AV45 -> 1 | I73: =ROUND((Source!AF45*Source!AV45)*Source!I45, 2) -> 1663.71 | J73: =IF(Source!BA45<> 0, Source!BA45, 1) -> 20.4 | K73: =Source!S45 -> 33939.7 | W73: =I73 -> 1663.71
C74: ЭМ | F74: =Source!AM45 -> 43.16 | G74: =Source!DE45 -> )*1,25 | H74: =Source!AV45 -> 1 | I74: =ROUND((Source!AD45*Source!AV45)*Source!I45, 2) -> 210.41 | J74: =IF(Source!BB45<> 0, Source!BB45, 1) -> 8.39 | K74: =Source!Q45 -> 1765.3
C75: в т.ч. ЗПМ | F75: =Source!AN45 -> 8.59 | G75: =Source!DF45 -> )*1,25 | H75: =Source!AV45 -> 1 | I75: =ROUND((Source!AE45*Source!AV45)*Source!I45, 2) -> 41.88 | J75: =IF(Source!BS45<> 0, Source!BS45, 1) -> 20.4 | K75: =Source!R45 -> 854.28 | W75: =I75 -> 41.88
C76: МР | F76: =Source!AL45 -> 18.13 | G76: =Source!DD45 | H76: =Source!AW45 -> 1 | I76: =ROUND((Source!AC45*Source!AW45)*Source!I45, 2) -> 70.71 | J76: =IF(Source!BC45<> 0, Source!BC45, 1) -> 5.23 | K76: =Source!P45 -> 369.8
C77: НР от ЗП | D77: % | E77: =Source!DN45 -> 114 | I77: =SUM(Q72:Q76) -> 1896.63 | J77: =Source!BZ45 -> 88 | K77: =SUM(R72:R76) -> 29866.94
C78: СП от ЗП | D78: % | E78: =Source!DO45 -> 67 | I78: =SUM(S72:S77) -> 1114.69 | J78: =Source!CA45 -> 41 | K78: =SUM(T72:T77) -> 13915.28
C79: НР и СП от ЗПМ | D79: % | E79: =175 -> 175 | I79: =SUM(U72:U78) -> 73.29 | J79: =157 -> 157 | K79: =SUM(V72:V78) -> 1341.22
C80: ЗТР | D80: чел-ч | E80: =Source!AQ45 -> 29.7 | G80: =Source!DI45 -> )*1,15 | H80: =Source!AV45 -> 1 | I80: =Source!U45 -> 133.2045 | AB80: =I80 -> 133.2045
C81: Всего по позиции: | H81: =I73+I74+I76+I77+I78+I79 -> 5029.44 | J81: =K73+K74+K76+K77+K78+K79 -> 81198.24 | O81: =I73+I74+I76+I77+I78+I79 -> 5029.44 | P81: =K73+K74+K76+K77+K78+K79 -> 81198.24 | X81: =IF(Source!BI45<=1,I73+I74+I76+I77+I78+I79-0, 0) -> 5029.44 | Y81: =IF(Source!BI45=2,I73+I74+I76+I77+I78+I79-0, 0) -> 0 | Z81: =IF(Source!BI45=3,I73+I74+I76+I77+I78+I79-0, 0) -> 0 | AA81: =IF(Source!BI45=4,I73+I74+I76+I77+I78+I79,0) -> 0
A83: =Source!E47 -> 10 | B83: =Source!F47 -> 1.12-10-24 | C83: Средства для крепления радиаторов на кирпичных и бетонных стенах, крючки для труб, диаметр труб 50 мм | D83: =Source!H47 -> 1000 шт. | E83: =Source!I47 -> 0.195 | F83: =Source!AL47 -> 7732.42 | G83: =Source!DD47 | H83: =Source!AW47 -> 1 | I83: =ROUND((Source!AC47*Source!AW47)*Source!I47, 2) -> 1507.82 | J83: =IF(Source!BC47<> 0, Source!BC47, 1) -> 4.7 | K83: =Source!P47 -> 7086.76 | Q83: =ROUND((Source!DN47/100)*ROUND((Source!AF47*Source!AV47)*Source!I47, 2), 2) -> 0 | R83: =Source!X47 -> 0 | S83: =ROUND((Source!DO47/100)*ROUND((Source!AF47*Source!AV47)*Source!I47, 2), 2) -> 0 | T83: =Source!Y47 -> 0 | U83: =ROUND((175/100)*ROUND((Source!AE47*Source!AV47)*Source!I47, 2), 2) -> 0 | V83: =ROUND((157/100)*ROUND(Source!CS47*Source!I47, 2), 2) -> 0
C84: Всего по позиции: | H84: =I83 -> 1507.82 | J84: =K83 -> 7086.76 | O84: =I83 -> 1507.82 | P84: =K83 -> 7086.76 | X84: =IF(Source!BI47<=1,I83-0, 0) -> 1507.82 | Y84: =IF(Source!BI47=2,I83-0, 0) -> 0 | Z84: =IF(Source!BI47=3,I83-0, 0) -> 0 | AA84: =IF(Source!BI47=4,I83,0) -> 0
A86: =Source!E49 -> 11 | B86: =Source!F49 -> 1.12-1-42 | C86: Узлы трубопроводов из стальных водогазопроводных неоцинкованных труб с гильзами для систем отопления, диаметр условного прохода 25 мм | D86: =Source!H49 -> м | E86: =Source!I49 -> 390 | F86: =Source!AL49 -> 31.75 | G86: =Source!DD49 | H86: =Source!AW49 -> 1 | I86: =ROUND((Source!AC49*Source!AW49)*Source!I49, 2) -> 12382.5 | J86: =IF(Source!BC49<> 0, Source!BC49, 1) -> 7.38 | K86: =Source!P49 -> 91382.85 | Q86: =ROUND((Source!DN49/100)*ROUND((Source!AF49*Source!AV49)*Source!I49, 2), 2) -> 0 | R86: =Source!X49 -> 0 | S86: =ROUND((Source!DO49/100)*ROUND((Source!AF49*Source!AV49)*Source!I49, 2), 2) -> 0 | T86: =Source!Y49 -> 0 | U86: =ROUND((175/100)*ROUND((Source!AE49*Source!AV49)*Source!I49, 2), 2) -> 0 | V86: =ROUND((157/100)*ROUND(Source!CS49*Source!I49, 2), 2) -> 0
C87: Всего по позиции: | H87: =I86 -> 12382.5 | J87: =K86 -> 91382.85 | O87: =I86 -> 12382.5 | P87: =K86 -> 91382.85 | X87: =IF(Source!BI49<=1,I86-0, 0) -> 12382.5 | Y87: =IF(Source!BI49=2,I86-0, 0) -> 0 | Z87: =IF(Source!BI49=3,I86-0, 0) -> 0 | AA87: =IF(Source!BI49=4,I86,0) -> 0
A89: =Source!E51 -> 12 | B89: =Source!F51 -> 1.13-4-73 | C89: Кран шаровой латунный полнопроходной, со спускным элементом и заглушкой, Techno-C (аналог V3000В),Tmax=120°С, Р=2,5 МПа, диаметр 25 мм | D89: =Source!H51 -> шт. | E89: =Source!I51 -> 12 | F89: =Source!AL51 -> 88.54 | G89: =Source!DD51 | H89: =Source!AW51 -> 1 | I89: =ROUND((Source!AC51*Source!AW51)*Source!I51, 2) -> 1062.48 | J89: =IF(Source!BC51<> 0, Source!BC51, 1) -> 11.56 | K89: =Source!P51 -> 12282.27 | Q89: =ROUND((Source!DN51/100)*ROUND((Source!AF51*Source!AV51)*Source!I51, 2), 2) -> 0 | R89: =Source!X51 -> 0 | S89: =ROUND((Source!DO51/100)*ROUND((Source!AF51*Source!AV51)*Source!I51, 2), 2) -> 0 | T89: =Source!Y51 -> 0 | U89: =ROUND((175/100)*ROUND((Source!AE51*Source!AV51)*Source!I51, 2), 2) -> 0 | V89: =ROUND((157/100)*ROUND(Source!CS51*Source!I51, 2), 2) -> 0
C90: Всего по позиции: | H90: =I89 -> 1062.48 | J90: =K89 -> 12282.27 | O90: =I89 -> 1062.48 | P90: =K89 -> 12282.27 | X90: =IF(Source!BI51<=1,I89-0, 0) -> 1062.48 | Y90: =IF(Source!BI51=2,I89-0, 0) -> 0 | Z90: =IF(Source!BI51=3,I89-0, 0) -> 0 | AA90: =IF(Source!BI51=4,I89,0) -> 0
A92: =Source!E53 -> 13 | B92: =Source!F53 -> 3.16-6-4 | C92: Прокладка трубопроводов отопления из стальных водогазопроводных неоцинкованных труб диаметром 32 мм | D92: =Source!H53 -> 100 м трубопровода | E92: =Source!I53 -> 3.3 | Q92: =ROUND((Source!DN53/100)*ROUND((Source!AF53*Source!AV53)*Source!I53, 2), 2) -> 1604.85 | R92: =Source!X53 -> 25272.02 | S92: =ROUND((Source!DO53/100)*ROUND((Source!AF53*Source!AV53)*Source!I53, 2), 2) -> 943.2 | T92: =Source!Y53 -> 11774.47 | U92: =ROUND((175/100)*ROUND((Source!AE53*Source!AV53)*Source!I53, 2), 2) -> 62 | V92: =ROUND((157/100)*ROUND(Source!CS53*Source!I53, 2), 2) -> 1134.87
C93: ЗП | F93: =Source!AO53 -> 370.95 | G93: =Source!DG53 -> )*1,15 | H93: =Source!AV53 -> 1 | I93: =ROUND((Source!AF53*Source!AV53)*Source!I53, 2) -> 1407.76 | J93: =IF(Source!BA53<> 0, Source!BA53, 1) -> 20.4 | K93: =Source!S53 -> 28718.21 | W93: =I93 -> 1407.76
C94: ЭМ | F94: =Source!AM53 -> 43.16 | G94: =Source!DE53 -> )*1,25 | H94: =Source!AV53 -> 1 | I94: =ROUND((Source!AD53*Source!AV53)*Source!I53, 2) -> 178.04 | J94: =IF(Source!BB53<> 0, Source!BB53, 1) -> 8.39 | K94: =Source!Q53 -> 1493.71
C95: в т.ч. ЗПМ | F95: =Source!AN53 -> 8.59 | G95: =Source!DF53 -> )*1,25 | H95: =Source!AV53 -> 1 | I95: =ROUND((Source!AE53*Source!AV53)*Source!I53, 2) -> 35.43 | J95: =IF(Source!BS53<> 0, Source!BS53, 1) -> 20.4 | K95: =Source!R53 -> 722.85 | W95: =I95 -> 35.43
C96: МР | F96: =Source!AL53 -> 18.13 | G96: =Source!DD53 | H96: =Source!AW53 -> 1 | I96: =ROUND((Source!AC53*Source!AW53)*Source!I53, 2) -> 59.83 | J96: =IF(Source!BC53<> 0, Source!BC53, 1) -> 5.23 | K96: =Source!P53 -> 312.91
C97: НР от ЗП | D97: % | E97: =Source!DN53 -> 114 | I97: =SUM(Q92:Q96) -> 1604.85 | J97: =Source!BZ53 -> 88 | K97: =SUM(R92:R96) -> 25272.02
C98: СП от ЗП | D98: % | E98: =Source!DO53 -> 67 | I98: =SUM(S92:S97) -> 943.2 | J98: =Source!CA53 -> 41 | K98: =SUM(T92:T97) -> 11774.47
C99: НР и СП от ЗПМ | D99: % | E99: =175 -> 175 | I99: =SUM(U92:U98) -> 62 | J99: =157 -> 157 | K99: =SUM(V92:V98) -> 1134.87
C100: ЗТР | D100: чел-ч | E100: =Source!AQ53 -> 29.7 | G100: =Source!DI53 -> )*1,15 | H100: =Source!AV53 -> 1 | I100: =Source!U53 -> 112.7115 | AB100: =I100 -> 112.7115
C101: Всего по позиции: | H101: =I93+I94+I96+I97+I98+I99 -> 4255.68 | J101: =K93+K94+K96+K97+K98+K99 -> 68706.19 | O101: =I93+I94+I96+I97+I98+I99 -> 4255.68 | P101: =K93+K94+K96+K97+K98+K99 -> 68706.19 | X101: =IF(Source!BI53<=1,I93+I94+I96+I97+I98+I99-0, 0) -> 4255.68 | Y101: =IF(Source!BI53=2,I93+I94+I96+I97+I98+I99-0, 0) -> 0 | Z101: =IF(Source!BI53=3,I93+I94+I96+I97+I98+I99-0, 0) -> 0 | AA101: =IF(Source!BI53=4,I93+I94+I96+I97+I98+I99,0) -> 0
A103: =Source!E55 -> 14 | B103: =Source!F55 -> 1.12-10-24 | C103: Средства для крепления радиаторов на кирпичных и бетонных стенах, крючки для труб, диаметр труб 50 мм | D103: =Source!H55 -> 1000 шт. | E103: =Source!I55 -> 0.165 | F103: =Source!AL55 -> 7732.42 | G103: =Source!DD55 | H103: =Source!AW55 -> 1 | I103: =ROUND((Source!AC55*Source!AW55)*Source!I55, 2) -> 1275.85 | J103: =IF(Source!BC55<> 0, Source!BC55, 1) -> 4.7 | K103: =Source!P55 -> 5996.49 | Q103: =ROUND((Source!DN55/100)*ROUND((Source!AF55*Source!AV55)*Source!I55, 2), 2) -> 0 | R103: =Source!X55 -> 0 | S103: =ROUND((Source!DO55/100)*ROUND((Source!AF55*Source!AV55)*Source!I55, 2), 2) -> 0 | T103: =Source!Y55 -> 0 | U103: =ROUND((175/100)*ROUND((Source!AE55*Source!AV55)*Source!I55, 2), 2) -> 0 | V103: =ROUND((157/100)*ROUND(Source!CS55*Source!I55, 2), 2) -> 0
C104: Всего по позиции: | H104: =I103 -> 1275.85 | J104: =K103 -> 5996.49 | O104: =I103 -> 1275.85 | P104: =K103 -> 5996.49 | X104: =IF(Source!BI55<=1,I103-0, 0) -> 1275.85 | Y104: =IF(Source!BI55=2,I103-0, 0) -> 0 | Z104: =IF(Source!BI55=3,I103-0, 0) -> 0 | AA104: =IF(Source!BI55=4,I103,0) -> 0
A106: =Source!E57 -> 15 | B106: =Source!F57 -> 1.12-1-43 | C106: Узлы трубопроводов из стальных водогазопроводных неоцинкованных труб с гильзами для систем отопления, диаметр условного прохода 32 мм | D106: =Source!H57 -> м | E106: =Source!I57 -> 330 | F106: =Source!AL57 -> 33.31 | G106: =Source!DD57 | H106: =Source!AW57 -> 1 | I106: =ROUND((Source!AC57*Source!AW57)*Source!I57, 2) -> 10992.3 | J106: =IF(Source!BC57<> 0, Source!BC57, 1) -> 8.93 | K106: =Source!P57 -> 98161.24 | Q106: =ROUND((Source!DN57/100)*ROUND((Source!AF57*Source!AV57)*Source!I57, 2), 2) -> 0 | R106: =Source!X57 -> 0 | S106: =ROUND((Source!DO57/100)*ROUND((Source!AF57*Source!AV57)*Source!I57, 2), 2) -> 0 | T106: =Source!Y57 -> 0 | U106: =ROUND((175/100)*ROUND((Source!AE57*Source!AV57)*Source!I57, 2), 2) -> 0 | V106: =ROUND((157/100)*ROUND(Source!CS57*Source!I57, 2), 2) -> 0
C107: Всего по позиции: | H107: =I106 -> 10992.3 | J107: =K106 -> 98161.24 | O107: =I106 -> 10992.3 | P107: =K106 -> 98161.24 | X107: =IF(Source!BI57<=1,I106-0, 0) -> 10992.3 | Y107: =IF(Source!BI57=2,I106-0, 0) -> 0 | Z107: =IF(Source!BI57=3,I106-0, 0) -> 0 | AA107: =IF(Source!BI57=4,I106,0) -> 0
A109: =Source!E59 -> 16 | B109: =Source!F59 -> 1.13-4-74 | C109: Кран шаровой латунный полнопроходной, со спускным элементом и заглушкой, Techno-C (аналог V3000В),Tmax=120°С, Р=2,5 МПа, диаметр 32 мм | D109: =Source!H59 -> шт. | E109: =Source!I59 -> 2 | F109: =Source!AL59 -> 136.22 | G109: =Source!DD59 | H109: =Source!AW59 -> 1 | I109: =ROUND((Source!AC59*Source!AW59)*Source!I59, 2) -> 272.44 | J109: =IF(Source!BC59<> 0, Source!BC59, 1) -> 11.26 | K109: =Source!P59 -> 3067.67 | Q109: =ROUND((Source!DN59/100)*ROUND((Source!AF59*Source!AV59)*Source!I59, 2), 2) -> 0 | R109: =Source!X59 -> 0 | S109: =ROUND((Source!DO59/100)*ROUND((Source!AF59*Source!AV59)*Source!I59, 2), 2) -> 0 | T109: =Source!Y59 -> 0 | U109: =ROUND((175/100)*ROUND((Source!AE59*Source!AV59)*Source!I59, 2), 2) -> 0 | V109: =ROUND((157/100)*ROUND(Source!CS59*Source!I59, 2), 2) -> 0
C110: Всего по позиции: | H110: =I109 -> 272.44 | J110: =K109 -> 3067.67 | O110: =I109 -> 272.44 | P110: =K109 -> 3067.67 | X110: =IF(Source!BI59<=1,I109-0, 0) -> 272.44 | Y110: =IF(Source!BI59=2,I109-0, 0) -> 0 | Z110: =IF(Source!BI59=3,I109-0, 0) -> 0 | AA110: =IF(Source!BI59=4,I109,0) -> 0
A112: =Source!E61 -> 17 | B112: =Source!F61 -> 3.16-6-5 | C112: Прокладка трубопроводов отопления из стальных водогазопроводных неоцинкованных труб диаметром 40 мм | D112: =Source!H61 -> 100 м трубопровода | E112: =Source!I61 -> 3.05 | Q112: =ROUND((Source!DN61/100)*ROUND((Source!AF61*Source!AV61)*Source!I61, 2), 2) -> 1483.27 | R112: =Source!X61 -> 23357.48 | S112: =ROUND((Source!DO61/100)*ROUND((Source!AF61*Source!AV61)*Source!I61, 2), 2) -> 871.74 | T112: =Source!Y61 -> 10882.46 | U112: =ROUND((175/100)*ROUND((Source!AE61*Source!AV61)*Source!I61, 2), 2) -> 57.31 | V112: =ROUND((157/100)*ROUND(Source!CS61*Source!I61, 2), 2) -> 1048.9
C113: ЗП | F113: =Source!AO61 -> 370.95 | G113: =Source!DG61 -> )*1,15 | H113: =Source!AV61 -> 1 | I113: =ROUND((Source!AF61*Source!AV61)*Source!I61, 2) -> 1301.11 | J113: =IF(Source!BA61<> 0, Source!BA61, 1) -> 20.4 | K113: =Source!S61 -> 26542.59 | W113: =I113 -> 1301.11
C114: ЭМ | F114: =Source!AM61 -> 43.16 | G114: =Source!DE61 -> )*1,25 | H114: =Source!AV61 -> 1 | I114: =ROUND((Source!AD61*Source!AV61)*Source!I61, 2) -> 164.55 | J114: =IF(Source!BB61<> 0, Source!BB61, 1) -> 8.39 | K114: =Source!Q61 -> 1380.55
C115: в т.ч. ЗПМ | F115: =Source!AN61 -> 8.59 | G115: =Source!DF61 -> )*1,25 | H115: =Source!AV61 -> 1 | I115: =ROUND((Source!AE61*Source!AV61)*Source!I61, 2) -> 32.75 | J115: =IF(Source!BS61<> 0, Source!BS61, 1) -> 20.4 | K115: =Source!R61 -> 668.09 | W115: =I115 -> 32.75
C116: МР | F116: =Source!AL61 -> 18.13 | G116: =Source!DD61 | H116: =Source!AW61 -> 1 | I116: =ROUND((Source!AC61*Source!AW61)*Source!I61, 2) -> 55.3 | J116: =IF(Source!BC61<> 0, Source!BC61, 1) -> 5.23 | K116: =Source!P61 -> 289.2
C117: НР от ЗП | D117: % | E117: =Source!DN61 -> 114 | I117: =SUM(Q112:Q116) -> 1483.27 | J117: =Source!BZ61 -> 88 | K117: =SUM(R112:R116) -> 23357.48
C118: СП от ЗП | D118: % | E118: =Source!DO61 -> 67 | I118: =SUM(S112:S117) -> 871.74 | J118: =Source!CA61 -> 41 | K118: =SUM(T112:T117) -> 10882.46
C119: НР и СП от ЗПМ | D119: % | E119: =175 -> 175 | I119: =SUM(U112:U118) -> 57.31 | J119: =157 -> 157 | K119: =SUM(V112:V118) -> 1048.9
C120: ЗТР | D120: чел-ч | E120: =Source!AQ61 -> 29.7 | G120: =Source!DI61 -> )*1,15 | H120: =Source!AV61 -> 1 | I120: =Source!U61 -> 104.17275 | AB120: =I120 -> 104.17275
C121: Всего по позиции: | H121: =I113+I114+I116+I117+I118+I119 -> 3933.28 | J121: =K113+K114+K116+K117+K118+K119 -> 63501.18 | O121: =I113+I114+I116+I117+I118+I119 -> 3933.28 | P121: =K113+K114+K116+K117+K118+K119 -> 63501.18 | X121: =IF(Source!BI61<=1,I113+I114+I116+I117+I118+I119-0, 0) -> 3933.28 | Y121: =IF(Source!BI61=2,I113+I114+I116+I117+I118+I119-0, 0) -> 0 | Z121: =IF(Source!BI61=3,I113+I114+I116+I117+I118+I119-0, 0) -> 0 | AA121: =IF(Source!BI61=4,I113+I114+I116+I117+I118+I119,0) -> 0
A123: =Source!E63 -> 18 | B123: =Source!F63 -> 1.12-10-24 | C123: Средства для крепления радиаторов на кирпичных и бетонных стенах, крючки для труб, диаметр труб 50 мм | D123: =Source!H63 -> 1000 шт. | E123: =Source!I63 -> 0.153 | F123: =Source!AL63 -> 7732.42 | G123: =Source!DD63 | H123: =Source!AW63 -> 1 | I123: =ROUND((Source!AC63*Source!AW63)*Source!I63, 2) -> 1183.06 | J123: =IF(Source!BC63<> 0, Source!BC63, 1) -> 4.7 | K123: =Source!P63 -> 5560.38 | Q123: =ROUND((Source!DN63/100)*ROUND((Source!AF63*Source!AV63)*Source!I63, 2), 2) -> 0 | R123: =Source!X63 -> 0 | S123: =ROUND((Source!DO63/100)*ROUND((Source!AF63*Source!AV63)*Source!I63, 2), 2) -> 0 | T123: =Source!Y63 -> 0 | U123: =ROUND((175/100)*ROUND((Source!AE63*Source!AV63)*Source!I63, 2), 2) -> 0 | V123: =ROUND((157/100)*ROUND(Source!CS63*Source!I63, 2), 2) -> 0
C124: Всего по позиции: | H124: =I123 -> 1183.06 | J124: =K123 -> 5560.38 | O124: =I123 -> 1183.06 | P124: =K123 -> 5560.38 | X124: =IF(Source!BI63<=1,I123-0, 0) -> 1183.06 | Y124: =IF(Source!BI63=2,I123-0, 0) -> 0 | Z124: =IF(Source!BI63=3,I123-0, 0) -> 0 | AA124: =IF(Source!BI63=4,I123,0) -> 0
A126: =Source!E65 -> 19 | B126: =Source!F65 -> 1.12-1-44 | C126: Узлы трубопроводов из стальных водогазопроводных неоцинкованных труб с гильзами для систем отопления, диаметр условного прохода 40 мм | D126: =Source!H65 -> м | E126: =Source!I65 -> 305 | F126: =Source!AL65 -> 36.01 | G126: =Source!DD65 | H126: =Source!AW65 -> 1 | I126: =ROUND((Source!AC65*Source!AW65)*Source!I65, 2) -> 10983.05 | J126: =IF(Source!BC65<> 0, Source!BC65, 1) -> 9.88 | K126: =Source!P65 -> 108512.53 | Q126: =ROUND((Source!DN65/100)*ROUND((Source!AF65*Source!AV65)*Source!I65, 2), 2) -> 0 | R126: =Source!X65 -> 0 | S126: =ROUND((Source!DO65/100)*ROUND((Source!AF65*Source!AV65)*Source!I65, 2), 2) -> 0 | T126: =Source!Y65 -> 0 | U126: =ROUND((175/100)*ROUND((Source!AE65*Source!AV65)*Source!I65, 2), 2) -> 0 | V126: =ROUND((157/100)*ROUND(Source!CS65*Source!I65, 2), 2) -> 0
...

Sheet Source
A1: 0 | B1: Smeta.RU (495) 974-1589 | D1: _PS_ | F1: 0 | G1: 0 | H1: 0 | I1: Smeta.RU | K1: 1 | L1: 62422 | M1: 10
A12: 1 | B12: 433 | C12: 0 | D12: =ROW(A401) -> 401 | E12: 0 | F12: 01-10 | G12: 02-01-10 Отопление | I12: 0 | K12: 0 | O12: 2001 | P12: 1 | Q12: 0 | R12: 175 | S12: 157 | U12: Нормативная база: Типовой расчет для ТСН-2001 (Строительство), доп 39, новая методика Итого по смете 13576932,16 Основная заработная плата 1708411,26 Эксплуатация машин 103992,74 Заработная плата машинистов 45622,68 Материалы 11764528,16 Накладные расходы 1431965,81 Сметная прибыль 729647,17 Итого 15738545,14 | V12: 0 | BH12: Сметные нормы списания | BI12: Коды ОКП для ТСН-2001 МГЭ | BJ12: 1 | BK12: 1 | BL12: 0 | BM12: 0 | BN12: 1 | BO12: 0 | BP12: 6 | BQ12: 2 | BR12: 1 | BS12: 1 | BT12: 0 | BU12: 0 | BV12: 0 | BW12: 0 | BX12: 0 | BY12: ТСН-2001 (МГЭ) - Ремонт | BZ12: Типовой расчет для ТСН-2001 МГЭ (Ремонт), Доп 48 | CA12: Территориальные сметные нормативы для Москвы ТСН-2001 (МГЭ) | CB12: Территориальные сметные нормативы для Москвы ТСН-2001 (МГЭ) | CC12: Территориальные сметные нормативы для Москвы ТСН-2001 (МГЭ) | CD12: Территориальные сметные нормативы для Москвы ТСН-2001 (МГЭ) | CE12: Поправки для ТСН-2001 от 07.05.2018 г. | CF12: 0 | CG12: 0 | CH12: 8200 | CK12: 48 | EC12: 0
A15: 15 | B15: 1
A18: 52 | B18: =B401 -> 433 | C18: =C401 -> 1 | D18: =D401 -> 12 | E18: =E401 -> 0 | F18: =F401 -> 01-10 | G18: =G401 -> 02-01-10 Отопление | O18: =O401 -> 3056712.3 | P18: =P401 -> 2957898.1 | Q18: =Q401 -> 13208.85 | R18: =R401 -> 2238.48 | S18: =S401 -> 85605.4 | T18: =T401 -> 0 | U18: =U401 -> 7116.085 | V18: =V401 -> 0 | ... GX18: =GX401 -> 0
A20: 3 | B20: 1 | D20: =ROW(A370) -> 370 | F20: 02-01-11 | G20: 02-01-11 | I20: 0 | K20: 1 | V20: 0 | BX20: 0 | CF20: 0 | CG20: 0
A22: 52 | B22: =B370 -> 1 | C22: =C370 -> 3 | D22: =D370 -> 20 | E22: =E370 -> 0 | F22: =F370 -> 02-01-11 | G22: =G370 -> 02-01-11 | O22: =O370 -> 3056712.3 | P22: =P370 -> 2957898.1 | Q22: =Q370 -> 13208.85 | R22: =R370 -> 2238.48 | S22: =S370 -> 85605.4 | T22: =T370 -> 0 | U22: =U370 -> 7116.085 | V22: =V370 -> 0 | ... GX22: =GX370 -> 0
A24: 4 | B24: 1 | D24: =ROW(A247) -> 247 | F24: Отопление | G24: Отопление | I24: 0 | K24: 1 | U24: Итого по разделу 14958776,10 | V24: 0 | BX24: 0 | CJ24: 0
A26: 52 | B26: =B247 -> 1 | C26: =C247 -> 4 | D26: =D247 -> 24 | E26: =E247 -> 0 | F26: =F247 -> Отопление | G26: =G247 -> Отопление | O26: =O247 -> 3037555.7 | P26: =P247 -> 2957701.4 | Q26: =Q247 -> 12353.04 | R26: =R247 -> 2185.06 | S26: =S247 -> 67501.33 | T26: =T247 -> 0 | U26: =U247 -> 5457.5761 | V26: =V247 -> 0 | ... GX26: =GX247 -> 0
A28: 17 | B28: 1 | C28: =ROW(SmtRes!A3) -> 3 | D28: =ROW(EtalonRes!A6) -> 6 | E28: 1 | F28: 3.16-6-1 | G28: Прокладка трубопроводов отопления из стальных водогазопроводных неоцинкованных труб диаметром 15 мм | H28: 100 м трубопровода | I28: 7.85 | J28: 0 | O28: =ROUND(CP28,2) -> 3914.58 | P28: =ROUND(CQ28*I28,2) -> 142.32 | Q28: =ROUND(CR28*I28,2) -> 423.51 | R28: =ROUND(CS28*I28,2) -> 84.29 | S28: =ROUND(CT28*I28,2) -> 3348.75 | T28: =ROUND(CU28*I28,2) -> 0 | U28: =CV28*I28 -> 268.11675 | V28: =CW28*I28 -> 0 | W28: =ROUND(CX28*I28,2) -> 0 | X28: =ROUND(CY28,2) -> 3817.58 | Y28: =ROUND(CZ28,2) -> 2243.66 | AA28: 42559021 | AB28: =ROUND((AC28+AD28+AF28),6) -> 498.6725 | AC28: =ROUND((ES28),6) -> 18.13 | AD28: =ROUND(((ET28*1.25)),6) -> 53.95 | AE28: =ROUND(((EU28*1.25)),6) -> 10.7375 | AF28: =ROUND(((EV28*1.15)),6) -> 426.5925 | AG28: =ROUND((AP28),6) -> 0 | AH28: =((EW28*1.15)) -> 34.155 | AI28: =((EX28*1.25)) -> 0 | AJ28: =ROUND((AS28),6) -> 0 | AK28: 432.24 | AL28: 18.13 | AM28: 43.16 | AN28: 8.59 | AO28: 370.95 | AP28: 0 | AQ28: 29.7 | AR28: 0 | AS28: 0 | AT28: 114 | AU28: 67 | AV28: 1 | AW28: 1 | AZ28: 1 | BA28: 1 | BB28: 1 | BC28: 1 | BH28: 0 | BI28: 1 | BJ28: ТСН-2001.3. Доп. 1-42. Сб. 16, т. 6, поз. 1 | BM28: 132 | BN28: 0 | BP28: 0 | BQ28: 30 | BR28: 0 | BS28: 1 | BT28: 1 | BU28: 1 | BV28: 1 | BW28: 1 | BX28: 1 | BZ28: 114 | CA28: 67 | CF28: 0 | CG28: 0 | CM28: 0 | CN28: Поправка: ТСН-2001.О.П. п.3.4. 6 Наименование: Выполняемые при ремонте и реконструкции работы аналогичные технологическим процессам, характерным для нового строительства и отсутствующим в сборниках на ремонтно-строительные работы | CO28: 0 | CP28: =(P28+Q28+S28) -> 3914.58 | CQ28: =(AC28*BC28*AW28) -> 18.13 | CR28: =(AD28*BB28*AV28) -> 53.95 | CS28: =(AE28*BS28*AV28) -> 10.7375 | CT28: =(AF28*BA28*AV28) -> 426.5925 | CU28: =AG28 -> 0 | CV28: =(AH28*AV28) -> 34.155 | CW28: =AI28 -> 0 | CX28: =AJ28 -> 0 | CY28: =((S28*BZ28)/100) -> 3817.575 | CZ28: =((S28*CA28)/100) -> 2243.6625 | DE28: )*1,25 | DF28: )*1,25 | DG28: )*1,15 | DI28: )*1,15 | DJ28: )*1,25 | DN28: 0 | DO28: 0 | DP28: 1.067 | DQ28: 1 | DU28: 1013 | DV28: 100 м трубопровода | DW28: 100 м трубопровода | DX28: 1 | EE28: 42145139 | EF28: 30 | EG28: Строительные работы | EH28: 0 | EJ28: 1 | EK28: 132 | EL28: ТСН-2001.3-16. 16-5...16-14 | EM28: ТСН-2001.3-16-4 | EO28: Поправка: ТСН-2001.О.П. п.3.4. 6 | EQ28: 512 | ER28: 432.24 | ES28: 18.13 | ET28: 43.16 | EU28: 8.59 | EV28: 370.95 | EW28: 29.7 | EX28: 0 | EY28: 0 | FQ28: 0 | FR28: =ROUND(IF(AND(BH28=3,BI28=3),P28,0),2) -> 0 | FS28: 0 | FX28: 114 | FY28: 67 | GD28: 0 | GF28: -718538822 | GG28: 2 | GH28: 1 | GI28: -2 | GJ28: 0 | GK28: =ROUND(R28*(R12)/100,2) -> 147.51 | GL28: =ROUND(IF(AND(BH28=3,BI28=3,FS28<>0),P28,0),2) -> 0 | GM28: =ROUND(O28+X28+Y28+GK28,2)+GX28 -> 10123.33 | GN28: =IF(OR(BI28=0,BI28=1),ROUND(O28+X28+Y28+GK28,2),0) -> 10123.33 | GO28: =IF(BI28=2,ROUND(O28+X28+Y28+GK28,2),0) -> 0 | GP28: =IF(BI28=4,ROUND(O28+X28+Y28+GK28,2)+GX28,0) -> 0 | GR28: 0 | GS28: 3 | GT28: 0 | GV28: =ROUND(GT28,6) -> 0 | GW28: 1 | GX28: =ROUND(GV28*GW28*I28,2) -> 0 | HA28: 0 | HB28: 0 | IK28: 0
A29: 17 | B29: 1 | C29: =ROW(SmtRes!A6) -> 6 | D29: =ROW(EtalonRes!A12) -> 12 | E29: 1 | F29: 3.16-6-1 | G29: Прокладка трубопроводов отопления из стальных водогазопроводных неоцинкованных труб диаметром 15 мм | H29: 100 м трубопровода | I29: 7.85 | J29: 0 | O29: =ROUND(CP29,2) -> 72612.09 | P29: =ROUND(CQ29*I29,2) -> 744.34 | Q29: =ROUND(CR29*I29,2) -> 3553.23 | R29: =ROUND(CS29*I29,2) -> 1719.5 | S29: =ROUND(CT29*I29,2) -> 68314.52 | T29: =ROUND(CU29*I29,2) -> 0 | U29: =CV29*I29 -> 268.11675 | V29: =CW29*I29 -> 0 | W29: =ROUND(CX29*I29,2) -> 0 | X29: =ROUND(CY29,2) -> 60116.78 | Y29: =ROUND(CZ29,2) -> 28008.95 | AA29: 42559019 | AB29: =ROUND((AC29+AD29+AF29),6) -> 498.6725 | AC29: =ROUND((ES29),6) -> 18.13 | AD29: =ROUND(((ET29*1.25)),6) -> 53.95 | AE29: =ROUND(((EU29*1.25)),6) -> 10.7375 | AF29: =ROUND(((EV29*1.15)),6) -> 426.5925 | AG29: =ROUND((AP29),6) -> 0 | AH29: =((EW29*1.15)) -> 34.155 | AI29: =((EX29*1.25)) -> 0 | AJ29: =ROUND((AS29),6) -> 0 | AK29: 432.24 | AL29: 18.13 | AM29: 43.16 | AN29: 8.59 | AO29: 370.95 | AP29: 0 | AQ29: 29.7 | AR29: 0 | AS29: 0 | AT29: 88 | AU29: 41 | AV29: 1 | AW29: 1 | AZ29: 1 | BA29: 20.4 | BB29: 8.39 | BC29: 5.23 | BH29: 0 | BI29: 1 | BJ29: ТСН-2001.3. Доп. 1-42. Сб. 16, т. 6, поз. 1 | BM29: 132 | BN29: 0 | BO29: 3.16-6-1 | BP29: 1 | BQ29: 30 | BR29: 0 | BS29: 20.4 | BT29: 1 | BU29: 1 | BV29: 1 | BW29: 1 | BX29: 1 | BZ29: 88 | CA29: 41 | CF29: 0 | CG29: 0 | CM29: 0 | CN29: Поправка: ТСН-2001.О.П. п.3.4. 6 Наименование: Выполняемые при ремонте и реконструкции работы аналогичные технологическим процессам, характерным для нового строительства и отсутствующим в сборниках на ремонтно-строительные работы | CO29: 0 | CP29: =(P29+Q29+S29) -> 72612.09 | CQ29: =(AC29*BC29*AW29) -> 94.8199 | CR29: =(AD29*BB29*AV29) -> 452.6405 | CS29: =(AE29*BS29*AV29) -> 219.045 | CT29: =(AF29*BA29*AV29) -> 8702.487 | CU29: =AG29 -> 0 | CV29: =(AH29*AV29) -> 34.155 | CW29: =AI29 -> 0 | CX29: =AJ29 -> 0 | CY29: =S29*(BZ29/100) -> 60116.778 | CZ29: =S29*(CA29/100) -> 28008.953 | DE29: )*1,25 | DF29: )*1,25 | DG29: )*1,15 | DI29: )*1,15 | DJ29: )*1,25 | DN29: 114 | DO29: 67 | DP29: 1.067 | DQ29: 1 | DU29: 1013 | DV29: 100 м трубопровода | DW29: 100 м трубопровода | DX29: 1 | EE29: 42145139 | EF29: 30 | EG29: Строительные работы | EH29: 0 | EJ29: 1 | EK29: 132 | EL29: ТСН-2001.3-16. 16-5...16-14 | EM29: ТСН-2001.3-16-4 | EO29: Поправка: ТСН-2001.О.П. п.3.4. 6 | EQ29: 512 | ER29: 432.24 | ES29: 18.13 | ET29: 43.16 | EU29: 8.59 | EV29: 370.95 | EW29: 29.7 | EX29: 0 | EY29: 0 | FQ29: 0 | FR29: =ROUND(IF(AND(BH29=3,BI29=3),P29,0),2) -> 0 | FS29: 0 | FX29: 114 | FY29: 67 | GD29: 0 | GF29: -718538822 | GG29: 2 | GH29: 1 | GI29: 2 | GJ29: 0 | GK29: =ROUND(R29*(S12)/100,2) -> 2699.62 | GL29: =ROUND(IF(AND(BH29=3,BI29=3,FS29<>0),P29,0),2) -> 0 | GM29: =ROUND(O29+X29+Y29+GK29,2)+GX29 -> 163437.44 | GN29: =IF(OR(BI29=0,BI29=1),ROUND(O29+X29+Y29+GK29,2),0) -> 163437.44 | GO29: =IF(BI29=2,ROUND(O29+X29+Y29+GK29,2),0) -> 0 | GP29: =IF(BI29=4,ROUND(O29+X29+Y29+GK29,2)+GX29,0) -> 0 | GR29: 0 | GS29: 3 | GT29: 0 | GV29: =ROUND(GT29,6) -> 0 | GW29: 1 | GX29: =ROUND(GV29*GW29*I29,2) -> 0 | HA29: 0 | HB29: 0 | IK29: 0
A30: 17 | B30: 1 | E30: 2 | F30: 1.12-10-24 | G30: Средства для крепления радиаторов на кирпичных и бетонных стенах, крючки для труб, диаметр труб 50 мм | H30: 1000 шт. | I30: 0.393 | J30: 0 | O30: =ROUND(CP30,2) -> 3038.84 | P30: =ROUND(CQ30*I30,2) -> 3038.84 | Q30: =ROUND(CR30*I30,2) -> 0 | R30: =ROUND(CS30*I30,2) -> 0 | S30: =ROUND(CT30*I30,2) -> 0 | T30: =ROUND(CU30*I30,2) -> 0 | U30: =CV30*I30 -> 0 | V30: =CW30*I30 -> 0 | W30: =ROUND(CX30*I30,2) -> 0 | X30: =ROUND(CY30,2) -> 0 | Y30: =ROUND(CZ30,2) -> 0 | AA30: 42559021 | AB30: =ROUND((AC30+AD30+AF30),6) -> 7732.42 | AC30: =ROUND((ES30),6) -> 7732.42 | AD30: =ROUND((ET30),6) -> 0 | AE30: =ROUND((EU30),6) -> 0 | AF30: =ROUND((EV30),6) -> 0 | AG30: =ROUND((AP30),6) -> 0 | AH30: =(EW30) -> 0 | AI30: =(EX30) -> 0 | AJ30: =ROUND((AS30),6) -> 0 | AK30: 7732.42 | AL30: 7732.42 | AM30: 0 | AN30: 0 | AO30: 0 | AP30: 0 | AQ30: 0 | AR30: 0 | AS30: 0 | AT30: 0 | AU30: 0 | AV30: 1 | AW30: 1 | AZ30: 1 | BA30: 1 | BB30: 1 | BC30: 1 | BH30: 3 | BI30: 1 | BJ30: ТСН-2001.1. Доп. 1-42. Р. 12, о. 10, поз. 24 | BM30: 1617 | BN30: 0 | BP30: 0 | BQ30: 200 | BR30: 0 | BS30: 1 | BT30: 1 | BU30: 1 | BV30: 1 | BW30: 1 | BX30: 1 | BZ30: 0 | CA30: 0 | CF30: 0 | CG30: 0 | CM30: 0 | CO30: 0 | CP30: =(P30+Q30+S30) -> 3038.84 | CQ30: =(AC30*BC30*AW30) -> 7732.42 | CR30: =(AD30*BB30*AV30) -> 0 | CS30: =(AE30*BS30*AV30) -> 0 | CT30: =(AF30*BA30*AV30) -> 0 | CU30: =AG30 -> 0 | CV30: =(AH30*AV30) -> 0 | CW30: =AI30 -> 0 | CX30: =AJ30 -> 0 | CY30: =((S30*BZ30)/100) -> 0 | CZ30: =((S30*CA30)/100) -> 0 | DN30: 0 | DO30: 0 | DP30: 1 | DQ30: 1 | DU30: 1010 | DV30: 1000 шт. | DW30: 1000 шт. | DX30: 1000 | EE30: 42146624 | EF30: 200 | EG30: Материалы строительные | EH30: 0 | EJ30: 1 | EK30: 1617 | EL30: ТСН-2001.1 Материалы строительные | EM30: ТСН-2001.1-1 | EQ30: 512 | ER30: 7732.42 | ES30: 7732.42 | ET30: 0 | EU30: 0 | EV30: 0 | EW30: 0 | EX30: 0 | EY30: 0 | FQ30: 0 | FR30: =ROUND(IF(AND(BH30=3,BI30=3),P30,0),2) -> 0 | FS30: 0 | FX30: 0 | FY30: 0 | GD30: 0 | GF30: 76125446 | GG30: 2 | GH30: 1 | GI30: -2 | GJ30: 0 | GK30: =ROUND(R30*(R12)/100,2) -> 0 | GL30: =ROUND(IF(AND(BH30=3,BI30=3,FS30<>0),P30,0),2) -> 0 | GM30: =ROUND(O30+X30+Y30+GK30,2)+GX30 -> 3038.84 | GN30: =IF(OR(BI30=0,BI30=1),ROUND(O30+X30+Y30+GK30,2),0) -> 3038.84 | GO30: =IF(BI30=2,ROUND(O30+X30+Y30+GK30,2),0) -> 0 | GP30: =IF(BI30=4,ROUND(O30+X30+Y30+GK30,2)+GX30,0) -> 0 | GR30: 0 | GS30: 3 | GT30: 0 | GV30: =ROUND(GT30,6) -> 0 | GW30: 1 | GX30: =ROUND(GV30*GW30*I30,2) -> 0 | HA30: 0 | HB30: 0 | IK30: 0
A31: 17 | B31: 1 | E31: 2 | F31: 1.12-10-24 | G31: Средства для крепления радиаторов на кирпичных и бетонных стенах, крючки для труб, диаметр труб 50 мм | H31: 1000 шт. | I31: 0.393 | J31: 0 | O31: =ROUND(CP31,2) -> 14282.55 | P31: =ROUND(CQ31*I31,2) -> 14282.55 | Q31: =ROUND(CR31*I31,2) -> 0 | R31: =ROUND(CS31*I31,2) -> 0 | S31: =ROUND(CT31*I31,2) -> 0 | T31: =ROUND(CU31*I31,2) -> 0 | U31: =CV31*I31 -> 0 | V31: =CW31*I31 -> 0 | W31: =ROUND(CX31*I31,2) -> 0 | X31: =ROUND(CY31,2) -> 0 | Y31: =ROUND(CZ31,2) -> 0 | AA31: 42559019 | AB31: =ROUND((AC31+AD31+AF31),6) -> 7732.42 | AC31: =ROUND((ES31),6) -> 7732.42 | AD31: =ROUND((ET31),6) -> 0 | AE31: =ROUND((EU31),6) -> 0 | AF31: =ROUND((EV31),6) -> 0 | AG31: =ROUND((AP31),6) -> 0 | AH31: =(EW31) -> 0 | AI31: =(EX31) -> 0 | AJ31: =ROUND((AS31),6) -> 0 | AK31: 7732.42 | AL31: 7732.42 | AM31: 0 | AN31: 0 | AO31: 0 | AP31: 0 | AQ31: 0 | AR31: 0 | AS31: 0 | AT31: 0 | AU31: 0 | AV31: 1 | AW31: 1 | AZ31: 1 | BA31: 1 | BB31: 1 | BC31: 4.7 | BH31: 3 | BI31: 1 | BJ31: ТСН-2001.1. Доп. 1-42. Р. 12, о. 10, поз. 24 | BM31: 1617 | BN31: 0 | BO31: 1.12-10-24 | BP31: 1 | BQ31: 200 | BR31: 0 | BS31: 1 | BT31: 1 | BU31: 1 | BV31: 1 | BW31: 1 | BX31: 1 | BZ31: 0 | CA31: 0 | CF31: 0 | CG31: 0 | CM31: 0 | CO31: 0 | CP31: =(P31+Q31+S31) -> 14282.55 | CQ31: =(AC31*BC31*AW31) -> 36342.374 | CR31: =(AD31*BB31*AV31) -> 0 | CS31: =(AE31*BS31*AV31) -> 0 | CT31: =(AF31*BA31*AV31) -> 0 | CU31: =AG31 -> 0 | CV31: =(AH31*AV31) -> 0 | CW31: =AI31 -> 0 | CX31: =AJ31 -> 0 | CY31: =S31*(BZ31/100) -> 0 | CZ31: =S31*(CA31/100) -> 0 | DN31: 0 | DO31: 0 | DP31: 1 | DQ31: 1 | DU31: 1010 | DV31: 1000 шт. | DW31: 1000 шт. | DX31: 1000 | EE31: 42146624 | EF31: 200 | EG31: Материалы строительные | EH31: 0 | EJ31: 1 | EK31: 1617 | EL31: ТСН-2001.1 Материалы строительные | EM31: ТСН-2001.1-1 | EQ31: 512 | ER31: 7732.42 | ES31: 7732.42 | ET31: 0 | EU31: 0 | EV31: 0 | EW31: 0 | EX31: 0 | EY31: 0 | FQ31: 0 | FR31: =ROUND(IF(AND(BH31=3,BI31=3),P31,0),2) -> 0 | FS31: 0 | FX31: 0 | FY31: 0 | GD31: 0 | GF31: 76125446 | GG31: 2 | GH31: 1 | GI31: 2 | GJ31: 0 | GK31: =ROUND(R31*(S12)/100,2) -> 0 | GL31: =ROUND(IF(AND(BH31=3,BI31=3,FS31<>0),P31,0),2) -> 0 | GM31: =ROUND(O31+X31+Y31+GK31,2)+GX31 -> 14282.55 | GN31: =IF(OR(BI31=0,BI31=1),ROUND(O31+X31+Y31+GK31,2),0) -> 14282.55 | GO31: =IF(BI31=2,ROUND(O31+X31+Y31+GK31,2),0) -> 0 | GP31: =IF(BI31=4,ROUND(O31+X31+Y31+GK31,2)+GX31,0) -> 0 | GR31: 0 | GS31: 3 | GT31: 0 | GV31: =ROUND(GT31,6) -> 0 | GW31: 1 | GX31: =ROUND(GV31*GW31*I31,2) -> 0 | HA31: 0 | HB31: 0 | IK31: 0
A32: 17 | B32: 1 | E32: 3 | F32: 1.12-1-40 | G32: Узлы трубопроводов из стальных водогазопроводных неоцинкованных труб с гильзами для систем отопления, диаметр условного прохода 15 мм | H32: м | I32: 785 | J32: 0 | O32: =ROUND(CP32,2) -> 23667.75 | P32: =ROUND(CQ32*I32,2) -> 23667.75 | Q32: =ROUND(CR32*I32,2) -> 0 | R32: =ROUND(CS32*I32,2) -> 0 | S32: =ROUND(CT32*I32,2) -> 0 | T32: =ROUND(CU32*I32,2) -> 0 | U32: =CV32*I32 -> 0 | V32: =CW32*I32 -> 0 | W32: =ROUND(CX32*I32,2) -> 0 | X32: =ROUND(CY32,2) -> 0 | Y32: =ROUND(CZ32,2) -> 0 | AA32: 42559021 | AB32: =ROUND((AC32+AD32+AF32),6) -> 30.15 | AC32: =ROUND((ES32),6) -> 30.15 | AD32: =ROUND((ET32),6) -> 0 | AE32: =ROUND((EU32),6) -> 0 | AF32: =ROUND((EV32),6) -> 0 | AG32: =ROUND((AP32),6) -> 0 | AH32: =(EW32) -> 0 | AI32: =(EX32) -> 0 | AJ32: =ROUND((AS32),6) -> 0 | AK32: 30.15 | AL32: 30.15 | AM32: 0 | AN32: 0 | AO32: 0 | AP32: 0 | AQ32: 0 | AR32: 0 | AS32: 0 | AT32: 0 | AU32: 0 | AV32: 1 | AW32: 1 | AZ32: 1 | BA32: 1 | BB32: 1 | BC32: 1 | BH32: 3 | BI32: 1 | BJ32: ТСН-2001.1. Доп. 1-42. Р. 12, о. 1, поз. 40 | BM32: 1617 | BN32: 0 | BP32: 0 | BQ32: 200 | BR32: 0 | BS32: 1 | BT32: 1 | BU32: 1 | BV32: 1 | BW32: 1 | BX32: 1 | BZ32: 0 | CA32: 0 | CF32: 0 | CG32: 0 | CM32: 0 | CO32: 0 | CP32: =(P32+Q32+S32) -> 23667.75 | CQ32: =(AC32*BC32*AW32) -> 30.15 | CR32: =(AD32*BB32*AV32) -> 0 | CS32: =(AE32*BS32*AV32) -> 0 | CT32: =(AF32*BA32*AV32) -> 0 | CU32: =AG32 -> 0 | CV32: =(AH32*AV32) -> 0 | CW32: =AI32 -> 0 | CX32: =AJ32 -> 0 | CY32: =((S32*BZ32)/100) -> 0 | CZ32: =((S32*CA32)/100) -> 0 | DN32: 0 | DO32: 0 | DP32: 1 | DQ32: 1 | DU32: 1003 | DV32: м | DW32: м | DX32: 1 | EE32: 42146624 | EF32: 200 | EG32: Материалы строительные | EH32: 0 | EJ32: 1 | EK32: 1617 | EL32: ТСН-2001.1 Материалы строительные | EM32: ТСН-2001.1-1 | EQ32: 512 | ER32: 30.15 | ES32: 30.15 | ET32: 0 | EU32: 0 | EV32: 0 | EW32: 0 | EX32: 0 | EY32: 0 | FQ32: 0 | FR32: =ROUND(IF(AND(BH32=3,BI32=3),P32,0),2) -> 0 | FS32: 0 | FX32: 0 | FY32: 0 | GD32: 0 | GF32: -73610765 | GG32: 2 | GH32: 1 | GI32: -2 | GJ32: 0 | GK32: =ROUND(R32*(R12)/100,2) -> 0 | GL32: =ROUND(IF(AND(BH32=3,BI32=3,FS32<>0),P32,0),2) -> 0 | GM32: =ROUND(O32+X32+Y32+GK32,2)+GX32 -> 23667.75 | GN32: =IF(OR(BI32=0,BI32=1),ROUND(O32+X32+Y32+GK32,2),0) -> 23667.75 | GO32: =IF(BI32=2,ROUND(O32+X32+Y32+GK32,2),0) -> 0 | GP32: =IF(BI32=4,ROUND(O32+X32+Y32+GK32,2)+GX32,0) -> 0 | GR32: 0 | GS32: 3 | GT32: 0 | GV32: =ROUND(GT32,6) -> 0 | GW32: 1 | GX32: =ROUND(GV32*GW32*I32,2) -> 0 | HA32: 0 | HB32: 0 | IK32: 0
A33: 17 | B33: 1 | E33: 3 | F33: 1.12-1-40 | G33: Узлы трубопроводов из стальных водогазопроводных неоцинкованных труб с гильзами для систем отопления, диаметр условного прохода 15 мм | H33: м | I33: 785 | J33: 0 | O33: =ROUND(CP33,2) -> 109345.01 | P33: =ROUND(CQ33*I33,2) -> 109345.01 | Q33: =ROUND(CR33*I33,2) -> 0 | R33: =ROUND(CS33*I33,2) -> 0 | S33: =ROUND(CT33*I33,2) -> 0 | T33: =ROUND(CU33*I33,2) -> 0 | U33: =CV33*I33 -> 0 | V33: =CW33*I33 -> 0 | W33: =ROUND(CX33*I33,2) -> 0 | X33: =ROUND(CY33,2) -> 0 | Y33: =ROUND(CZ33,2) -> 0 | AA33: 42559019 | AB33: =ROUND((AC33+AD33+AF33),6) -> 30.15 | AC33: =ROUND((ES33),6) -> 30.15 | AD33: =ROUND((ET33),6) -> 0 | AE33: =ROUND((EU33),6) -> 0 | AF33: =ROUND((EV33),6) -> 0 | AG33: =ROUND((AP33),6) -> 0 | AH33: =(EW33) -> 0 | AI33: =(EX33) -> 0 | AJ33: =ROUND((AS33),6) -> 0 | AK33: 30.15 | AL33: 30.15 | AM33: 0 | AN33: 0 | AO33: 0 | AP33: 0 | AQ33: 0 | AR33: 0 | AS33: 0 | AT33: 0 | AU33: 0 | AV33: 1 | AW33: 1 | AZ33: 1 | BA33: 1 | BB33: 1 | BC33: 4.62 | BH33: 3 | BI33: 1 | BJ33: ТСН-2001.1. Доп. 1-42. Р. 12, о. 1, поз. 40 | BM33: 1617 | BN33: 0 | BO33: 1.12-1-40 | BP33: 1 | BQ33: 200 | BR33: 0 | BS33: 1 | BT33: 1 | BU33: 1 | BV33: 1 | BW33: 1 | BX33: 1 | BZ33: 0 | CA33: 0 | CF33: 0 | CG33: 0 | CM33: 0 | CO33: 0 | CP33: =(P33+Q33+S33) -> 109345.01 | CQ33: =(AC33*BC33*AW33) -> 139.293 | CR33: =(AD33*BB33*AV33) -> 0 | CS33: =(AE33*BS33*AV33) -> 0 | CT33: =(AF33*BA33*AV33) -> 0 | CU33: =AG33 -> 0 | CV33: =(AH33*AV33) -> 0 | CW33: =AI33 -> 0 | CX33: =AJ33 -> 0 | CY33: =S33*(BZ33/100) -> 0 | CZ33: =S33*(CA33/100) -> 0 | DN33: 0 | DO33: 0 | DP33: 1 | DQ33: 1 | DU33: 1003 | DV33: м | DW33: м | DX33: 1 | EE33: 42146624 | EF33: 200 | EG33: Материалы строительные | EH33: 0 | EJ33: 1 | EK33: 1617 | EL33: ТСН-2001.1 Материалы строительные | EM33: ТСН-2001.1-1 | EQ33: 512 | ER33: 30.15 | ES33: 30.15 | ET33: 0 | EU33: 0 | EV33: 0 | EW33: 0 | EX33: 0 | EY33: 0 | FQ33: 0 | FR33: =ROUND(IF(AND(BH33=3,BI33=3),P33,0),2) -> 0 | FS33: 0 | FX33: 0 | FY33: 0 | GD33: 0 | GF33: -73610765 | GG33: 2 | GH33: 1 | GI33: 2 | GJ33: 0 | GK33: =ROUND(R33*(S12)/100,2) -> 0 | GL33: =ROUND(IF(AND(BH33=3,BI33=3,FS33<>0),P33,0),2) -> 0 | GM33: =ROUND(O33+X33+Y33+GK33,2)+GX33 -> 109345.01 | GN33: =IF(OR(BI33=0,BI33=1),ROUND(O33+X33+Y33+GK33,2),0) -> 109345.01 | GO33: =IF(BI33=2,ROUND(O33+X33+Y33+GK33,2),0) -> 0 | GP33: =IF(BI33=4,ROUND(O33+X33+Y33+GK33,2)+GX33,0) -> 0 | GR33: 0 | GS33: 3 | GT33: 0 | GV33: =ROUND(GT33,6) -> 0 | GW33: 1 | GX33: =ROUND(GV33*GW33*I33,2) -> 0 | HA33: 0 | HB33: 0 | IK33: 0
A34: 17 | B34: 1 | E34: 4 | F34: 1.13-4-71 | G34: Кран шаровой латунный полнопроходной, со спускным элементом и заглушкой, Techno-C (аналог V3000В),Tmax=120°С, Р=2,5 МПа, диаметр 15 мм | H34: шт. | I34: 90 | J34: 0 | O34: =ROUND(CP34,2) -> 3505.5 | P34: =ROUND(CQ34*I34,2) -> 3505.5 | Q34: =ROUND(CR34*I34,2) -> 0 | R34: =ROUND(CS34*I34,2) -> 0 | S34: =ROUND(CT34*I34,2) -> 0 | T34: =ROUND(CU34*I34,2) -> 0 | U34: =CV34*I34 -> 0 | V34: =CW34*I34 -> 0 | W34: =ROUND(CX34*I34,2) -> 0 | X34: =ROUND(CY34,2) -> 0 | Y34: =ROUND(CZ34,2) -> 0 | AA34: 42559021 | AB34: =ROUND((AC34+AD34+AF34),6) -> 38.95 | AC34: =ROUND((ES34),6) -> 38.95 | AD34: =ROUND((ET34),6) -> 0 | AE34: =ROUND((EU34),6) -> 0 | AF34: =ROUND((EV34),6) -> 0 | AG34: =ROUND((AP34),6) -> 0 | AH34: =(EW34) -> 0 | AI34: =(EX34) -> 0 | AJ34: =ROUND((AS34),6) -> 0 | AK34: 38.95 | AL34: 38.95 | AM34: 0 | AN34: 0 | AO34: 0 | AP34: 0 | AQ34: 0 | AR34: 0 | AS34: 0 | AT34: 0 | AU34: 0 | AV34: 1 | AW34: 1 | AZ34: 1 | BA34: 1 | BB34: 1 | BC34: 1 | BH34: 3 | BI34: 1 | BJ34: ТСН-2001.1. Доп. 1-42. Р. 13, о. 4, поз. 71 | BM34: 1617 | BN34: 0 | BP34: 0 | BQ34: 200 | BR34: 0 | BS34: 1 | BT34: 1 | BU34: 1 | BV34: 1 | BW34: 1 | BX34: 1 | BZ34: 0 | CA34: 0 | CF34: 0 | CG34: 0 | CM34: 0 | CO34: 0 | CP34: =(P34+Q34+S34) -> 3505.5 | CQ34: =(AC34*BC34*AW34) -> 38.95 | CR34: =(AD34*BB34*AV34) -> 0 | CS34: =(AE34*BS34*AV34) -> 0 | CT34: =(AF34*BA34*AV34) -> 0 | CU34: =AG34 -> 0 | CV34: =(AH34*AV34) -> 0 | CW34: =AI34 -> 0 | CX34: =AJ34 -> 0 | CY34: =((S34*BZ34)/100) -> 0 | CZ34: =((S34*CA34)/100) -> 0 | DN34: 0 | DO34: 0 | DP34: 1 | DQ34: 1 | DU34: 1010 | DV34: шт. | DW34: шт. | DX34: 1 | EE34: 42146624 | EF34: 200 | EG34: Материалы строительные | EH34: 0 | EJ34: 1 | EK34: 1617 | EL34: ТСН-2001.1 Материалы строительные | EM34: ТСН-2001.1-1 | EQ34: 512 | ER34: 38.95 | ES34: 38.95 | ET34: 0 | EU34: 0 | EV34: 0 | EW34: 0 | EX34: 0 | EY34: 0 | FQ34: 0 | FR34: =ROUND(IF(AND(BH34=3,BI34=3),P34,0),2) -> 0 | FS34: 0 | FX34: 0 | FY34: 0 | GD34: 0 | GF34: -1670992072 | GG34: 2 | GH34: 1 | GI34: -2 | GJ34: 0 | GK34: =ROUND(R34*(R12)/100,2) -> 0 | GL34: =ROUND(IF(AND(BH34=3,BI34=3,FS34<>0),P34,0),2) -> 0 | GM34: =ROUND(O34+X34+Y34+GK34,2)+GX34 -> 3505.5 | GN34: =IF(OR(BI34=0,BI34=1),ROUND(O34+X34+Y34+GK34,2),0) -> 3505.5 | GO34: =IF(BI34=2,ROUND(O34+X34+Y34+GK34,2),0) -> 0 | GP34: =IF(BI34=4,ROUND(O34+X34+Y34+GK34,2)+GX34,0) -> 0 | GR34: 0 | GS34: 3 | GT34: 0 | GV34: =ROUND(GT34,6) -> 0 | GW34: 1 | GX34: =ROUND(GV34*GW34*I34,2) -> 0 | HA34: 0 | HB34: 0 | IK34: 0
A35: 17 | B35: 1 | E35: 4 | F35: 1.13-4-71 | G35: Кран шаровой латунный полнопроходной, со спускным элементом и заглушкой, Techno-C (аналог V3000В),Tmax=120°С, Р=2,5 МПа, диаметр 15 мм | H35: шт. | I35: 90 | J35: 0 | O35: =ROUND(CP35,2) -> 58611.96 | P35: =ROUND(CQ35*I35,2) -> 58611.96 | Q35: =ROUND(CR35*I35,2) -> 0 | R35: =ROUND(CS35*I35,2) -> 0 | S35: =ROUND(CT35*I35,2) -> 0 | T35: =ROUND(CU35*I35,2) -> 0 | U35: =CV35*I35 -> 0 | V35: =CW35*I35 -> 0 | W35: =ROUND(CX35*I35,2) -> 0 | X35: =ROUND(CY35,2) -> 0 | Y35: =ROUND(CZ35,2) -> 0 | AA35: 42559019 | AB35: =ROUND((AC35+AD35+AF35),6) -> 38.95 | AC35: =ROUND((ES35),6) -> 38.95 | AD35: =ROUND((ET35),6) -> 0 | AE35: =ROUND((EU35),6) -> 0 | AF35: =ROUND((EV35),6) -> 0 | AG35: =ROUND((AP35),6) -> 0 | AH35: =(EW35) -> 0 | AI35: =(EX35) -> 0 | AJ35: =ROUND((AS35),6) -> 0 | AK35: 38.95 | AL35: 38.95 | AM35: 0 | AN35: 0 | AO35: 0 | AP35: 0 | AQ35: 0 | AR35: 0 | AS35: 0 | AT35: 0 | AU35: 0 | AV35: 1 | AW35: 1 | AZ35: 1 | BA35: 1 | BB35: 1 | BC35: 16.72 | BH35: 3 | BI35: 1 | BJ35: ТСН-2001.1. Доп. 1-42. Р. 13, о. 4, поз. 71 | BM35: 1617 | BN35: 0 | BO35: 1.13-4-71 | BP35: 1 | BQ35: 200 | BR35: 0 | BS35: 1 | BT35: 1 | BU35: 1 | BV35: 1 | BW35: 1 | BX35: 1 | BZ35: 0 | CA35: 0 | CF35: 0 | CG35: 0 | CM35: 0 | CO35: 0 | CP35: =(P35+Q35+S35) -> 58611.96 | CQ35: =(AC35*BC35*AW35) -> 651.244 | CR35: =(AD35*BB35*AV35) -> 0 | CS35: =(AE35*BS35*AV35) -> 0 | CT35: =(AF35*BA35*AV35) -> 0 | CU35: =AG35 -> 0 | CV35: =(AH35*AV35) -> 0 | CW35: =AI35 -> 0 | CX35: =AJ35 -> 0 | CY35: =S35*(BZ35/100) -> 0 | CZ35: =S35*(CA35/100) -> 0 | DN35: 0 | DO35: 0 | DP35: 1 | DQ35: 1 | DU35: 1010 | DV35: шт. | DW35: шт. | DX35: 1 | EE35: 42146624 | EF35: 200 | EG35: Материалы строительные | EH35: 0 | EJ35: 1 | EK35: 1617 | EL35: ТСН-2001.1 Материалы строительные | EM35: ТСН-2001.1-1 | EQ35: 512 | ER35: 38.95 | ES35: 38.95 | ET35: 0 | EU35: 0 | EV35: 0 | EW35: 0 | EX35: 0 | EY35: 0 | FQ35: 0 | FR35: =ROUND(IF(AND(BH35=3,BI35=3),P35,0),2) -> 0 | FS35: 0 | FX35: 0 | FY35: 0 | GD35: 0 | GF35: -1670992072 | GG35: 2 | GH35: 1 | GI35: 2 | GJ35: 0 | GK35: =ROUND(R35*(S12)/100,2) -> 0 | GL35: =ROUND(IF(AND(BH35=3,BI35=3,FS35<>0),P35,0),2) -> 0 | GM35: =ROUND(O35+X35+Y35+GK35,2)+GX35 -> 58611.96 | GN35: =IF(OR(BI35=0,BI35=1),ROUND(O35+X35+Y35+GK35,2),0) -> 58611.96 | GO35: =IF(BI35=2,ROUND(O35+X35+Y35+GK35,2),0) -> 0 | GP35: =IF(BI35=4,ROUND(O35+X35+Y35+GK35,2)+GX35,0) -> 0 | GR35: 0 | GS35: 3 | GT35: 0 | GV35: =ROUND(GT35,6) -> 0 | GW35: 1 | GX35: =ROUND(GV35*GW35*I35,2) -> 0 | HA35: 0 | HB35: 0 | IK35: 0
A36: 17 | B36: 1 | C36: =ROW(SmtRes!A9) -> 9 | D36: =ROW(EtalonRes!A18) -> 18 | E36: 5 | F36: 3.16-6-2 | G36: Прокладка трубопроводов отопления из стальных водогазопроводных неоцинкованных труб диаметром 20 мм | H36: 100 м трубопровода | I36: 4.4 | J36: 0 | O36: =ROUND(CP36,2) -> 2194.16 | P36: =ROUND(CQ36*I36,2) -> 79.77 | Q36: =ROUND(CR36*I36,2) -> 237.38 | R36: =ROUND(CS36*I36,2) -> 47.25 | S36: =ROUND(CT36*I36,2) -> 1877.01 | T36: =ROUND(CU36*I36,2) -> 0 | U36: =CV36*I36 -> 150.282 | V36: =CW36*I36 -> 0 | W36: =ROUND(CX36*I36,2) -> 0 | X36: =ROUND(CY36,2) -> 2139.79 | Y36: =ROUND(CZ36,2) -> 1257.6 | AA36: 42559021 | AB36: =ROUND((AC36+AD36+AF36),6) -> 498.6725 | AC36: =ROUND((ES36),6) -> 18.13 | AD36: =ROUND(((ET36*1.25)),6) -> 53.95 | AE36: =ROUND(((EU36*1.25)),6) -> 10.7375 | AF36: =ROUND(((EV36*1.15)),6) -> 426.5925 | AG36: =ROUND((AP36),6) -> 0 | AH36: =((EW36*1.15)) -> 34.155 | AI36: =((EX36*1.25)) -> 0 | AJ36: =ROUND((AS36),6) -> 0 | AK36: 432.24 | AL36: 18.13 | AM36: 43.16 | AN36: 8.59 | AO36: 370.95 | AP36: 0 | AQ36: 29.7 | AR36: 0 | AS36: 0 | AT36: 114 | AU36: 67 | AV36: 1 | AW36: 1 | AZ36: 1 | BA36: 1 | BB36: 1 | BC36: 1 | BH36: 0 | BI36: 1 | BJ36: ТСН-2001.3. Доп. 1-42. Сб. 16, т. 6, поз. 2 | BM36: 132 | BN36: 0 | BP36: 0 | BQ36: 30 | BR36: 0 | BS36: 1 | BT36: 1 | BU36: 1 | BV36: 1 | BW36: 1 | BX36: 1 | BZ36: 114 | CA36: 67 | CF36: 0 | CG36: 0 | CM36: 0 | CN36: Поправка: ТСН-2001.О.П. п.3.4. 6 Наименование: Выполняемые при ремонте и реконструкции работы аналогичные технологическим процессам, характерным для нового строительства и отсутствующим в сборниках на ремонтно-строительные работы | CO36: 0 | CP36: =(P36+Q36+S36) -> 2194.16 | CQ36: =(AC36*BC36*AW36) -> 18.13 | CR36: =(AD36*BB36*AV36) -> 53.95 | CS36: =(AE36*BS36*AV36) -> 10.7375 | CT36: =(AF36*BA36*AV36) -> 426.5925 | CU36: =AG36 -> 0 | CV36: =(AH36*AV36) -> 34.155 | CW36: =AI36 -> 0 | CX36: =AJ36 -> 0 | CY36: =((S36*BZ36)/100) -> 2139.7914 | CZ36: =((S36*CA36)/100) -> 1257.5967 | DE36: )*1,25 | DF36: )*1,25 | DG36: )*1,15 | DI36: )*1,15 | DJ36: )*1,25 | DN36: 0 | DO36: 0 | DP36: 1.067 | DQ36: 1 | DU36: 1013 | DV36: 100 м трубопровода | DW36: 100 м трубопровода | DX36: 1 | EE36: 42145139 | EF36: 30 | EG36: Строительные работы | EH36: 0 | EJ36: 1 | EK36: 132 | EL36: ТСН-2001.3-16. 16-5...16-14 | EM36: ТСН-2001.3-16-4 | EO36: Поправка: ТСН-2001.О.П. п.3.4. 6 | EQ36: 512 | ER36: 432.24 | ES36: 18.13 | ET36: 43.16 | EU36: 8.59 | EV36: 370.95 | EW36: 29.7 | EX36: 0 | EY36: 0 | FQ36: 0 | FR36: =ROUND(IF(AND(BH36=3,BI36=3),P36,0),2) -> 0 | FS36: 0 | FX36: 114 | FY36: 67 | GD36: 0 | GF36: 118129553 | GG36: 2 | GH36: 1 | GI36: -2 | GJ36: 0 | GK36: =ROUND(R36*(R12)/100,2) -> 82.69 | GL36: =ROUND(IF(AND(BH36=3,BI36=3,FS36<>0),P36,0),2) -> 0 | GM36: =ROUND(O36+X36+Y36+GK36,2)+GX36 -> 5674.24 | GN36: =IF(OR(BI36=0,BI36=1),ROUND(O36+X36+Y36+GK36,2),0) -> 5674.24 | GO36: =IF(BI36=2,ROUND(O36+X36+Y36+GK36,2),0) -> 0 | GP36: =IF(BI36=4,ROUND(O36+X36+Y36+GK36,2)+GX36,0) -> 0 | GR36: 0 | GS36: 3 | GT36: 0 | GV36: =ROUND(GT36,6) -> 0 | GW36: 1 | GX36: =ROUND(GV36*GW36*I36,2) -> 0 | HA36: 0 | HB36: 0 | IK36: 0
A37: 17 | B37: 1 | C37: =ROW(SmtRes!A12) -> 12 | D37: =ROW(EtalonRes!A24) -> 24 | E37: 5 | F37: 3.16-6-2 | G37: Прокладка трубопроводов отопления из стальных водогазопроводных неоцинкованных труб диаметром 20 мм | H37: 100 м трубопровода | I37: 4.4 | J37: 0 | O37: =ROUND(CP37,2) -> 40699.77 | P37: =ROUND(CQ37*I37,2) -> 417.21 | Q37: =ROUND(CR37*I37,2) -> 1991.62 | R37: =ROUND(CS37*I37,2) -> 963.8 | S37: =ROUND(CT37*I37,2) -> 38290.94 | T37: =ROUND(CU37*I37,2) -> 0 | U37: =CV37*I37 -> 150.282 | V37: =CW37*I37 -> 0 | W37: =ROUND(CX37*I37,2) -> 0 | X37: =ROUND(CY37,2) -> 33696.03 | Y37: =ROUND(CZ37,2) -> 15699.29 | AA37: 42559019 | AB37: =ROUND((AC37+AD37+AF37),6) -> 498.6725 | AC37: =ROUND((ES37),6) -> 18.13 | AD37: =ROUND(((ET37*1.25)),6) -> 53.95 | AE37: =ROUND(((EU37*1.25)),6) -> 10.7375 | AF37: =ROUND(((EV37*1.15)),6) -> 426.5925 | AG37: =ROUND((AP37),6) -> 0 | AH37: =((EW37*1.15)) -> 34.155 | AI37: =((EX37*1.25)) -> 0 | AJ37: =ROUND((AS37),6) -> 0 | AK37: 432.24 | AL37: 18.13 | AM37: 43.16 | AN37: 8.59 | AO37: 370.95 | AP37: 0 | AQ37: 29.7 | AR37: 0 | AS37: 0 | AT37: 88 | AU37: 41 | AV37: 1 | AW37: 1 | AZ37: 1 | BA37: 20.4 | BB37: 8.39 | BC37: 5.23 | BH37: 0 | BI37: 1 | BJ37: ТСН-2001.3. Доп. 1-42. Сб. 16, т. 6, поз. 2 | BM37: 132 | BN37: 0 | BO37: 3.16-6-2 | BP37: 1 | BQ37: 30 | BR37: 0 | BS37: 20.4 | BT37: 1 | BU37: 1 | BV37: 1 | BW37: 1 | BX37: 1 | BZ37: 88 | CA37: 41 | CF37: 0 | CG37: 0 | CM37: 0 | CN37: Поправка: ТСН-2001.О.П. п.3.4. 6 Наименование: Выполняемые при ремонте и реконструкции работы аналогичные технологическим процессам, характерным для нового строительства и отсутствующим в сборниках на ремонтно-строительные работы | CO37: 0 | CP37: =(P37+Q37+S37) -> 40699.77 | CQ37: =(AC37*BC37*AW37) -> 94.8199 | CR37: =(AD37*BB37*AV37) -> 452.6405 | CS37: =(AE37*BS37*AV37) -> 219.045 | CT37: =(AF37*BA37*AV37) -> 8702.487 | CU37: =AG37 -> 0 | CV37: =(AH37*AV37) -> 34.155 | CW37: =AI37 -> 0 | CX37: =AJ37 -> 0 | CY37: =S37*(BZ37/100) -> 33696.027 | CZ37: =S37*(CA37/100) -> 15699.285 | DE37: )*1,25 | DF37: )*1,25 | DG37: )*1,15 | DI37: )*1,15 | DJ37: )*1,25 | DN37: 114 | DO37: 67 | DP37: 1.067 | DQ37: 1 | DU37: 1013 | DV37: 100 м трубопровода | DW37: 100 м трубопровода | DX37: 1 | EE37: 42145139 | EF37: 30 | EG37: Строительные работы | EH37: 0 | EJ37: 1 | EK37: 132 | EL37: ТСН-2001.3-16. 16-5...16-14 | EM37: ТСН-2001.3-16-4 | EO37: Поправка: ТСН-2001.О.П. п.3.4. 6 | EQ37: 512 | ER37: 432.24 | ES37: 18.13 | ET37: 43.16 | EU37: 8.59 | EV37: 370.95 | EW37: 29.7 | EX37: 0 | EY37: 0 | FQ37: 0 | FR37: =ROUND(IF(AND(BH37=3,BI37=3),P37,0),2) -> 0 | FS37: 0 | FX37: 114 | FY37: 67 | GD37: 0 | GF37: 118129553 | GG37: 2 | GH37: 1 | GI37: 2 | GJ37: 0 | GK37: =ROUND(R37*(S12)/100,2) -> 1513.17 | GL37: =ROUND(IF(AND(BH37=3,BI37=3,FS37<>0),P37,0),2) -> 0 | GM37: =ROUND(O37+X37+Y37+GK37,2)+GX37 -> 91608.26 | GN37: =IF(OR(BI37=0,BI37=1),ROUND(O37+X37+Y37+GK37,2),0) -> 91608.26 | GO37: =IF(BI37=2,ROUND(O37+X37+Y37+GK37,2),0) -> 0 | GP37: =IF(BI37=4,ROUND(O37+X37+Y37+GK37,2)+GX37,0) -> 0 | GR37: 0 | GS37: 3 | GT37: 0 | GV37: =ROUND(GT37,6) -> 0 | GW37: 1 | GX37: =ROUND(GV37*GW37*I37,2) -> 0 | HA37: 0 | HB37: 0 | IK37: 0
A38: 17 | B38: 1 | E38: 6 | F38: 1.12-10-24 | G38: Средства для крепления радиаторов на кирпичных и бетонных стенах, крючки для труб, диаметр труб 50 мм | H38: 1000 шт. | I38: 0.22 | J38: 0 | O38: =ROUND(CP38,2) -> 1701.13 | P38: =ROUND(CQ38*I38,2) -> 1701.13 | Q38: =ROUND(CR38*I38,2) -> 0 | R38: =ROUND(CS38*I38,2) -> 0 | S38: =ROUND(CT38*I38,2) -> 0 | T38: =ROUND(CU38*I38,2) -> 0 | U38: =CV38*I38 -> 0 | V38: =CW38*I38 -> 0 | W38: =ROUND(CX38*I38,2) -> 0 | X38: =ROUND(CY38,2) -> 0 | Y38: =ROUND(CZ38,2) -> 0 | AA38: 42559021 | AB38: =ROUND((AC38+AD38+AF38),6) -> 7732.42 | AC38: =ROUND((ES38),6) -> 7732.42 | AD38: =ROUND((ET38),6) -> 0 | AE38: =ROUND((EU38),6) -> 0 | AF38: =ROUND((EV38),6) -> 0 | AG38: =ROUND((AP38),6) -> 0 | AH38: =(EW38) -> 0 | AI38: =(EX38) -> 0 | AJ38: =ROUND((AS38),6) -> 0 | AK38: 7732.42 | AL38: 7732.42 | AM38: 0 | AN38: 0 | AO38: 0 | AP38: 0 | AQ38: 0 | AR38: 0 | AS38: 0 | AT38: 0 | AU38: 0 | AV38: 1 | AW38: 1 | AZ38: 1 | BA38: 1 | BB38: 1 | BC38: 1 | BH38: 3 | BI38: 1 | BJ38: ТСН-2001.1. Доп. 1-42. Р. 12, о. 10, поз. 24 | BM38: 1617 | BN38: 0 | BP38: 0 | BQ38: 200 | BR38: 0 | BS38: 1 | BT38: 1 | BU38: 1 | BV38: 1 | BW38: 1 | BX38: 1 | BZ38: 0 | CA38: 0 | CF38: 0 | CG38: 0 | CM38: 0 | CO38: 0 | CP38: =(P38+Q38+S38) -> 1701.13 | CQ38: =(AC38*BC38*AW38) -> 7732.42 | CR38: =(AD38*BB38*AV38) -> 0 | CS38: =(AE38*BS38*AV38) -> 0 | CT38: =(AF38*BA38*AV38) -> 0 | CU38: =AG38 -> 0 | CV38: =(AH38*AV38) -> 0 | CW38: =AI38 -> 0 | CX38: =AJ38 -> 0 | CY38: =((S38*BZ38)/100) -> 0 | CZ38: =((S38*CA38)/100) -> 0 | DN38: 0 | DO38: 0 | DP38: 1 | DQ38: 1 | DU38: 1010 | DV38: 1000 шт. | DW38: 1000 шт. | DX38: 1000 | EE38: 42146624 | EF38: 200 | EG38: Материалы строительные | EH38: 0 | EJ38: 1 | EK38: 1617 | EL38: ТСН-2001.1 Материалы строительные | EM38: ТСН-2001.1-1 | EQ38: 512 | ER38: 7732.42 | ES38: 7732.42 | ET38: 0 | EU38: 0 | EV38: 0 | EW38: 0 | EX38: 0 | EY38: 0 | FQ38: 0 | FR38: =ROUND(IF(AND(BH38=3,BI38=3),P38,0),2) -> 0 | FS38: 0 | FX38: 0 | FY38: 0 | GD38: 0 | GF38: 76125446 | GG38: 2 | GH38: 1 | GI38: -2 | GJ38: 0 | GK38: =ROUND(R38*(R12)/100,2) -> 0 | GL38: =ROUND(IF(AND(BH38=3,BI38=3,FS38<>0),P38,0),2) -> 0 | GM38: =ROUND(O38+X38+Y38+GK38,2)+GX38 -> 1701.13 | GN38: =IF(OR(BI38=0,BI38=1),ROUND(O38+X38+Y38+GK38,2),0) -> 1701.13 | GO38: =IF(BI38=2,ROUND(O38+X38+Y38+GK38,2),0) -> 0 | GP38: =IF(BI38=4,ROUND(O38+X38+Y38+GK38,2)+GX38,0) -> 0 | GR38: 0 | GS38: 3 | GT38: 0 | GV38: =ROUND(GT38,6) -> 0 | GW38: 1 | GX38: =ROUND(GV38*GW38*I38,2) -> 0 | HA38: 0 | HB38: 0 | IK38: 0
A39: 17 | B39: 1 | E39: 6 | F39: 1.12-10-24 | G39: Средства для крепления радиаторов на кирпичных и бетонных стенах, крючки для труб, диаметр труб 50 мм | H39: 1000 шт. | I39: 0.22 | J39: 0 | O39: =ROUND(CP39,2) -> 7995.32 | P39: =ROUND(CQ39*I39,2) -> 7995.32 | Q39: =ROUND(CR39*I39,2) -> 0 | R39: =ROUND(CS39*I39,2) -> 0 | S39: =ROUND(CT39*I39,2) -> 0 | T39: =ROUND(CU39*I39,2) -> 0 | U39: =CV39*I39 -> 0 | V39: =CW39*I39 -> 0 | W39: =ROUND(CX39*I39,2) -> 0 | X39: =ROUND(CY39,2) -> 0 | Y39: =ROUND(CZ39,2) -> 0 | AA39: 42559019 | AB39: =ROUND((AC39+AD39+AF39),6) -> 7732.42 | AC39: =ROUND((ES39),6) -> 7732.42 | AD39: =ROUND((ET39),6) -> 0 | AE39: =ROUND((EU39),6) -> 0 | AF39: =ROUND((EV39),6) -> 0 | AG39: =ROUND((AP39),6) -> 0 | AH39: =(EW39) -> 0 | AI39: =(EX39) -> 0 | AJ39: =ROUND((AS39),6) -> 0 | AK39: 7732.42 | AL39: 7732.42 | AM39: 0 | AN39: 0 | AO39: 0 | AP39: 0 | AQ39: 0 | AR39: 0 | AS39: 0 | AT39: 0 | AU39: 0 | AV39: 1 | AW39: 1 | AZ39: 1 | BA39: 1 | BB39: 1 | BC39: 4.7 | BH39: 3 | BI39: 1 | BJ39: ТСН-2001.1. Доп. 1-42. Р. 12, о. 10, поз. 24 | BM39: 1617 | BN39: 0 | BO39: 1.12-10-24 | BP39: 1 | BQ39: 200 | BR39: 0 | BS39: 1 | BT39: 1 | BU39: 1 | BV39: 1 | BW39: 1 | BX39: 1 | BZ39: 0 | CA39: 0 | CF39: 0 | CG39: 0 | CM39: 0 | CO39: 0 | CP39: =(P39+Q39+S39) -> 7995.32 | CQ39: =(AC39*BC39*AW39) -> 36342.374 | CR39: =(AD39*BB39*AV39) -> 0 | CS39: =(AE39*BS39*AV39) -> 0 | CT39: =(AF39*BA39*AV39) -> 0 | CU39: =AG39 -> 0 | CV39: =(AH39*AV39) -> 0 | CW39: =AI39 -> 0 | CX39: =AJ39 -> 0 | CY39: =S39*(BZ39/100) -> 0 | CZ39: =S39*(CA39/100) -> 0 | DN39: 0 | DO39: 0 | DP39: 1 | DQ39: 1 | DU39: 1010 | DV39: 1000 шт. | DW39: 1000 шт. | DX39: 1000 | EE39: 42146624 | EF39: 200 | EG39: Материалы строительные | EH39: 0 | EJ39: 1 | EK39: 1617 | EL39: ТСН-2001.1 Материалы строительные | EM39: ТСН-2001.1-1 | EQ39: 512 | ER39: 7732.42 | ES39: 7732.42 | ET39: 0 | EU39: 0 | EV39: 0 | EW39: 0 | EX39: 0 | EY39: 0 | FQ39: 0 | FR39: =ROUND(IF(AND(BH39=3,BI39=3),P39,0),2) -> 0 | FS39: 0 | FX39: 0 | FY39: 0 | GD39: 0 | GF39: 76125446 | GG39: 2 | GH39: 1 | GI39: 2 | GJ39: 0 | GK39: =ROUND(R39*(S12)/100,2) -> 0 | GL39: =ROUND(IF(AND(BH39=3,BI39=3,FS39<>0),P39,0),2) -> 0 | GM39: =ROUND(O39+X39+Y39+GK39,2)+GX39 -> 7995.32 | GN39: =IF(OR(BI39=0,BI39=1),ROUND(O39+X39+Y39+GK39,2),0) -> 7995.32 | GO39: =IF(BI39=2,ROUND(O39+X39+Y39+GK39,2),0) -> 0 | GP39: =IF(BI39=4,ROUND(O39+X39+Y39+GK39,2)+GX39,0) -> 0 | GR39: 0 | GS39: 3 | GT39: 0 | GV39: =ROUND(GT39,6) -> 0 | GW39: 1 | GX39: =ROUND(GV39*GW39*I39,2) -> 0 | HA39: 0 | HB39: 0 | IK39: 0
A40: 17 | B40: 1 | E40: 7 | F40: 1.12-1-41 | G40: Узлы трубопроводов из стальных водогазопроводных неоцинкованных труб с гильзами для систем отопления, диаметр условного прохода 20 мм | H40: м | I40: 440 | J40: 0 | O40: =ROUND(CP40,2) -> 13780.8 | P40: =ROUND(CQ40*I40,2) -> 13780.8 | Q40: =ROUND(CR40*I40,2) -> 0 | R40: =ROUND(CS40*I40,2) -> 0 | S40: =ROUND(CT40*I40,2) -> 0 | T40: =ROUND(CU40*I40,2) -> 0 | U40: =CV40*I40 -> 0 | V40: =CW40*I40 -> 0 | W40: =ROUND(CX40*I40,2) -> 0 | X40: =ROUND(CY40,2) -> 0 | Y40: =ROUND(CZ40,2) -> 0 | AA40: 42559021 | AB40: =ROUND((AC40+AD40+AF40),6) -> 31.32 | AC40: =ROUND((ES40),6) -> 31.32 | AD40: =ROUND((ET40),6) -> 0 | AE40: =ROUND((EU40),6) -> 0 | AF40: =ROUND((EV40),6) -> 0 | AG40: =ROUND((AP40),6) -> 0 | AH40: =(EW40) -> 0 | AI40: =(EX40) -> 0 | AJ40: =ROUND((AS40),6) -> 0 | AK40: 31.32 | AL40: 31.32 | AM40: 0 | AN40: 0 | AO40: 0 | AP40: 0 | AQ40: 0 | AR40: 0 | AS40: 0 | AT40: 0 | AU40: 0 | AV40: 1 | AW40: 1 | AZ40: 1 | BA40: 1 | BB40: 1 | BC40: 1 | BH40: 3 | BI40: 1 | BJ40: ТСН-2001.1. Доп. 1-42. Р. 12, о. 1, поз. 41 | BM40: 1617 | BN40: 0 | BP40: 0 | BQ40: 200 | BR40: 0 | BS40: 1 | BT40: 1 | BU40: 1 | BV40: 1 | BW40: 1 | BX40: 1 | BZ40: 0 | CA40: 0 | CF40: 0 | CG40: 0 | CM40: 0 | CO40: 0 | CP40: =(P40+Q40+S40) -> 13780.8 | CQ40: =(AC40*BC40*AW40) -> 31.32 | CR40: =(AD40*BB40*AV40) -> 0 | CS40: =(AE40*BS40*AV40) -> 0 | CT40: =(AF40*BA40*AV40) -> 0 | CU40: =AG40 -> 0 | CV40: =(AH40*AV40) -> 0 | CW40: =AI40 -> 0 | CX40: =AJ40 -> 0 | CY40: =((S40*BZ40)/100) -> 0 | CZ40: =((S40*CA40)/100) -> 0 | DN40: 0 | DO40: 0 | DP40: 1 | DQ40: 1 | DU40: 1003 | DV40: м | DW40: м | DX40: 1 | EE40: 42146624 | EF40: 200 | EG40: Материалы строительные | EH40: 0 | EJ40: 1 | EK40: 1617 | EL40: ТСН-2001.1 Материалы строительные | EM40: ТСН-2001.1-1 | EQ40: 512 | ER40: 31.32 | ES40: 31.32 | ET40: 0 | EU40: 0 | EV40: 0 | EW40: 0 | EX40: 0 | EY40: 0 | FQ40: 0 | FR40: =ROUND(IF(AND(BH40=3,BI40=3),P40,0),2) -> 0 | FS40: 0 | FX40: 0 | FY40: 0 | GD40: 0 | GF40: 487311605 | GG40: 2 | GH40: 1 | GI40: -2 | GJ40: 0 | GK40: =ROUND(R40*(R12)/100,2) -> 0 | GL40: =ROUND(IF(AND(BH40=3,BI40=3,FS40<>0),P40,0),2) -> 0 | GM40: =ROUND(O40+X40+Y40+GK40,2)+GX40 -> 13780.8 | GN40: =IF(OR(BI40=0,BI40=1),ROUND(O40+X40+Y40+GK40,2),0) -> 13780.8 | GO40: =IF(BI40=2,ROUND(O40+X40+Y40+GK40,2),0) -> 0 | GP40: =IF(BI40=4,ROUND(O40+X40+Y40+GK40,2)+GX40,0) -> 0 | GR40: 0 | GS40: 3 | GT40: 0 | GV40: =ROUND(GT40,6) -> 0 | GW40: 1 | GX40: =ROUND(GV40*GW40*I40,2) -> 0 | HA40: 0 | HB40: 0 | IK40: 0
A41: 17 | B41: 1 | E41: 7 | F41: 1.12-1-41 | G41: Узлы трубопроводов из стальных водогазопроводных неоцинкованных труб с гильзами для систем отопления, диаметр условного прохода 20 мм | H41: м | I41: 440 | J41: 0 | O41: =ROUND(CP41,2) -> 77448.1 | P41: =ROUND(CQ41*I41,2) -> 77448.1 | Q41: =ROUND(CR41*I41,2) -> 0 | R41: =ROUND(CS41*I41,2) -> 0 | S41: =ROUND(CT41*I41,2) -> 0 | T41: =ROUND(CU41*I41,2) -> 0 | U41: =CV41*I41 -> 0 | V41: =CW41*I41 -> 0 | W41: =ROUND(CX41*I41,2) -> 0 | X41: =ROUND(CY41,2) -> 0 | Y41: =ROUND(CZ41,2) -> 0 | AA41: 42559019 | AB41: =ROUND((AC41+AD41+AF41),6) -> 31.32 | AC41: =ROUND((ES41),6) -> 31.32 | AD41: =ROUND((ET41),6) -> 0 | AE41: =ROUND((EU41),6) -> 0 | AF41: =ROUND((EV41),6) -> 0 | AG41: =ROUND((AP41),6) -> 0 | AH41: =(EW41) -> 0 | AI41: =(EX41) -> 0 | AJ41: =ROUND((AS41),6) -> 0 | AK41: 31.32 | AL41: 31.32 | AM41: 0 | AN41: 0 | AO41: 0 | AP41: 0 | AQ41: 0 | AR41: 0 | AS41: 0 | AT41: 0 | AU41: 0 | AV41: 1 | AW41: 1 | AZ41: 1 | BA41: 1 | BB41: 1 | BC41: 5.62 | BH41: 3 | BI41: 1 | BJ41: ТСН-2001.1. Доп. 1-42. Р. 12, о. 1, поз. 41 | BM41: 1617 | BN41: 0 | BO41: 1.12-1-41 | BP41: 1 | BQ41: 200 | BR41: 0 | BS41: 1 | BT41: 1 | BU41: 1 | BV41: 1 | BW41: 1 | BX41: 1 | BZ41: 0 | CA41: 0 | CF41: 0 | CG41: 0 | CM41: 0 | CO41: 0 | CP41: =(P41+Q41+S41) -> 77448.1 | CQ41: =(AC41*BC41*AW41) -> 176.0184 | CR41: =(AD41*BB41*AV41) -> 0 | CS41: =(AE41*BS41*AV41) -> 0 | CT41: =(AF41*BA41*AV41) -> 0 | CU41: =AG41 -> 0 | CV41: =(AH41*AV41) -> 0 | CW41: =AI41 -> 0 | CX41: =AJ41 -> 0 | CY41: =S41*(BZ41/100) -> 0 | CZ41: =S41*(CA41/100) -> 0 | DN41: 0 | DO41: 0 | DP41: 1 | DQ41: 1 | DU41: 1003 | DV41: м | DW41: м | DX41: 1 | EE41: 42146624 | EF41: 200 | EG41: Материалы строительные | EH41: 0 | EJ41: 1 | EK41: 1617 | EL41: ТСН-2001.1 Материалы строительные | EM41: ТСН-2001.1-1 | EQ41: 512 | ER41: 31.32 | ES41: 31.32 | ET41: 0 | EU41: 0 | EV41: 0 | EW41: 0 | EX41: 0 | EY41: 0 | FQ41: 0 | FR41: =ROUND(IF(AND(BH41=3,BI41=3),P41,0),2) -> 0 | FS41: 0 | FX41: 0 | FY41: 0 | GD41: 0 | GF41: 487311605 | GG41: 2 | GH41: 1 | GI41: 2 | GJ41: 0 | GK41: =ROUND(R41*(S12)/100,2) -> 0 | GL41: =ROUND(IF(AND(BH41=3,BI41=3,FS41<>0),P41,0),2) -> 0 | GM41: =ROUND(O41+X41+Y41+GK41,2)+GX41 -> 77448.1 | GN41: =IF(OR(BI41=0,BI41=1),ROUND(O41+X41+Y41+GK41,2),0) -> 77448.1 | GO41: =IF(BI41=2,ROUND(O41+X41+Y41+GK41,2),0) -> 0 | GP41: =IF(BI41=4,ROUND(O41+X41+Y41+GK41,2)+GX41,0) -> 0 | GR41: 0 | GS41: 3 | GT41: 0 | GV41: =ROUND(GT41,6) -> 0 | GW41: 1 | GX41: =ROUND(GV41*GW41*I41,2) -> 0 | HA41: 0 | HB41: 0 | IK41: 0
A42: 17 | B42: 1 | E42: 8 | F42: 1.13-4-72 | G42: Кран шаровой латунный полнопроходной, со спускным элементом и заглушкой, Techno-C (аналог V3000В),Tmax=120°С, Р=2,5 МПа, диаметр 20 мм | H42: шт. | I42: 10 | J42: 0 | O42: =ROUND(CP42,2) -> 566.7 | P42: =ROUND(CQ42*I42,2) -> 566.7 | Q42: =ROUND(CR42*I42,2) -> 0 | R42: =ROUND(CS42*I42,2) -> 0 | S42: =ROUND(CT42*I42,2) -> 0 | T42: =ROUND(CU42*I42,2) -> 0 | U42: =CV42*I42 -> 0 | V42: =CW42*I42 -> 0 | W42: =ROUND(CX42*I42,2) -> 0 | X42: =ROUND(CY42,2) -> 0 | Y42: =ROUND(CZ42,2) -> 0 | AA42: 42559021 | AB42: =ROUND((AC42+AD42+AF42),6) -> 56.67 | AC42: =ROUND((ES42),6) -> 56.67 | AD42: =ROUND((ET42),6) -> 0 | AE42: =ROUND((EU42),6) -> 0 | AF42: =ROUND((EV42),6) -> 0 | AG42: =ROUND((AP42),6) -> 0 | AH42: =(EW42) -> 0 | AI42: =(EX42) -> 0 | AJ42: =ROUND((AS42),6) -> 0 | AK42: 56.67 | AL42: 56.67 | AM42: 0 | AN42: 0 | AO42: 0 | AP42: 0 | AQ42: 0 | AR42: 0 | AS42: 0 | AT42: 0 | AU42: 0 | AV42: 1 | AW42: 1 | AZ42: 1 | BA42: 1 | BB42: 1 | BC42: 1 | BH42: 3 | BI42: 1 | BJ42: ТСН-2001.1. Доп. 1-42. Р. 13, о. 4, поз. 72 | BM42: 1617 | BN42: 0 | BP42: 0 | BQ42: 200 | BR42: 0 | BS42: 1 | BT42: 1 | BU42: 1 | BV42: 1 | BW42: 1 | BX42: 1 | BZ42: 0 | CA42: 0 | CF42: 0 | CG42: 0 | CM42: 0 | CO42: 0 | CP42: =(P42+Q42+S42) -> 566.7 | CQ42: =(AC42*BC42*AW42) -> 56.67 | CR42: =(AD42*BB42*AV42) -> 0 | CS42: =(AE42*BS42*AV42) -> 0 | CT42: =(AF42*BA42*AV42) -> 0 | CU42: =AG42 -> 0 | CV42: =(AH42*AV42) -> 0 | CW42: =AI42 -> 0 | CX42: =AJ42 -> 0 | CY42: =((S42*BZ42)/100) -> 0 | CZ42: =((S42*CA42)/100) -> 0 | DN42: 0 | DO42: 0 | DP42: 1 | DQ42: 1 | DU42: 1010 | DV42: шт. | DW42: шт. | DX42: 1 | EE42: 42146624 | EF42: 200 | EG42: Материалы строительные | EH42: 0 | EJ42: 1 | EK42: 1617 | EL42: ТСН-2001.1 Материалы строительные | EM42: ТСН-2001.1-1 | EQ42: 512 | ER42: 56.67 | ES42: 56.67 | ET42: 0 | EU42: 0 | EV42: 0 | EW42: 0 | EX42: 0 | EY42: 0 | FQ42: 0 | FR42: =ROUND(IF(AND(BH42=3,BI42=3),P42,0),2) -> 0 | FS42: 0 | FX42: 0 | FY42: 0 | GD42: 0 | GF42: -177170217 | GG42: 2 | GH42: 1 | GI42: -2 | GJ42: 0 | GK42: =ROUND(R42*(R12)/100,2) -> 0 | GL42: =ROUND(IF(AND(BH42=3,BI42=3,FS42<>0),P42,0),2) -> 0 | GM42: =ROUND(O42+X42+Y42+GK42,2)+GX42 -> 566.7 | GN42: =IF(OR(BI42=0,BI42=1),ROUND(O42+X42+Y42+GK42,2),0) -> 566.7 | GO42: =IF(BI42=2,ROUND(O42+X42+Y42+GK42,2),0) -> 0 | GP42: =IF(BI42=4,ROUND(O42+X42+Y42+GK42,2)+GX42,0) -> 0 | GR42: 0 | GS42: 3 | GT42: 0 | GV42: =ROUND(GT42,6) -> 0 | GW42: 1 | GX42: =ROUND(GV42*GW42*I42,2) -> 0 | HA42: 0 | HB42: 0 | IK42: 0
A43: 17 | B43: 1 | E43: 8 | F43: 1.13-4-72 | G43: Кран шаровой латунный полнопроходной, со спускным элементом и заглушкой, Techno-C (аналог V3000В),Tmax=120°С, Р=2,5 МПа, диаметр 20 мм | H43: шт. | I43: 10 | J43: 0 | O43: =ROUND(CP43,2) -> 7990.47 | P43: =ROUND(CQ43*I43,2) -> 7990.47 | Q43: =ROUND(CR43*I43,2) -> 0 | R43: =ROUND(CS43*I43,2) -> 0 | S43: =ROUND(CT43*I43,2) -> 0 | T43: =ROUND(CU43*I43,2) -> 0 | U43: =CV43*I43 -> 0 | V43: =CW43*I43 -> 0 | W43: =ROUND(CX43*I43,2) -> 0 | X43: =ROUND(CY43,2) -> 0 | Y43: =ROUND(CZ43,2) -> 0 | AA43: 42559019 | AB43: =ROUND((AC43+AD43+AF43),6) -> 56.67 | AC43: =ROUND((ES43),6) -> 56.67 | AD43: =ROUND((ET43),6) -> 0 | AE43: =ROUND((EU43),6) -> 0 | AF43: =ROUND((EV43),6) -> 0 | AG43: =ROUND((AP43),6) -> 0 | AH43: =(EW43) -> 0 | AI43: =(EX43) -> 0 | AJ43: =ROUND((AS43),6) -> 0 | AK43: 56.67 | AL43: 56.67 | AM43: 0 | AN43: 0 | AO43: 0 | AP43: 0 | AQ43: 0 | AR43: 0 | AS43: 0 | AT43: 0 | AU43: 0 | AV43: 1 | AW43: 1 | AZ43: 1 | BA43: 1 | BB43: 1 | BC43: 14.1 | BH43: 3 | BI43: 1 | BJ43: ТСН-2001.1. Доп. 1-42. Р. 13, о. 4, поз. 72 | BM43: 1617 | BN43: 0 | BO43: 1.13-4-72 | BP43: 1 | BQ43: 200 | BR43: 0 | BS43: 1 | BT43: 1 | BU43: 1 | BV43: 1 | BW43: 1 | BX43: 1 | BZ43: 0 | CA43: 0 | CF43: 0 | CG43: 0 | CM43: 0 | CO43: 0 | CP43: =(P43+Q43+S43) -> 7990.47 | CQ43: =(AC43*BC43*AW43) -> 799.047 | CR43: =(AD43*BB43*AV43) -> 0 | CS43: =(AE43*BS43*AV43) -> 0 | CT43: =(AF43*BA43*AV43) -> 0 | CU43: =AG43 -> 0 | CV43: =(AH43*AV43) -> 0 | CW43: =AI43 -> 0 | CX43: =AJ43 -> 0 | CY43: =S43*(BZ43/100) -> 0 | CZ43: =S43*(CA43/100) -> 0 | DN43: 0 | DO43: 0 | DP43: 1 | DQ43: 1 | DU43: 1010 | DV43: шт. | DW43: шт. | DX43: 1 | EE43: 42146624 | EF43: 200 | EG43: Материалы строительные | EH43: 0 | EJ43: 1 | EK43: 1617 | EL43: ТСН-2001.1 Материалы строительные | EM43: ТСН-2001.1-1 | EQ43: 512 | ER43: 56.67 | ES43: 56.67 | ET43: 0 | EU43: 0 | EV43: 0 | EW43: 0 | EX43: 0 | EY43: 0 | FQ43: 0 | FR43: =ROUND(IF(AND(BH43=3,BI43=3),P43,0),2) -> 0 | FS43: 0 | FX43: 0 | FY43: 0 | GD43: 0 | GF43: -177170217 | GG43: 2 | GH43: 1 | GI43: 2 | GJ43: 0 | GK43: =ROUND(R43*(S12)/100,2) -> 0 | GL43: =ROUND(IF(AND(BH43=3,BI43=3,FS43<>0),P43,0),2) -> 0 | GM43: =ROUND(O43+X43+Y43+GK43,2)+GX43 -> 7990.47 | GN43: =IF(OR(BI43=0,BI43=1),ROUND(O43+X43+Y43+GK43,2),0) -> 7990.47 | GO43: =IF(BI43=2,ROUND(O43+X43+Y43+GK43,2),0) -> 0 | GP43: =IF(BI43=4,ROUND(O43+X43+Y43+GK43,2)+GX43,0) -> 0 | GR43: 0 | GS43: 3 | GT43: 0 | GV43: =ROUND(GT43,6) -> 0 | GW43: 1 | GX43: =ROUND(GV43*GW43*I43,2) -> 0 | HA43: 0 | HB43: 0 | IK43: 0
A44: 17 | B44: 1 | C44: =ROW(SmtRes!A15) -> 15 | D44: =ROW(EtalonRes!A30) -> 30 | E44: 9 | F44: 3.16-6-3 | G44: Прокладка трубопроводов отопления из стальных водогазопроводных неоцинкованных труб диаметром 25 мм | H44: 100 м трубопровода | I44: 3.9 | J44: 0 | O44: =ROUND(CP44,2) -> 1944.83 | P44: =ROUND(CQ44*I44,2) -> 70.71 | Q44: =ROUND(CR44*I44,2) -> 210.41 | R44: =ROUND(CS44*I44,2) -> 41.88 | S44: =ROUND(CT44*I44,2) -> 1663.71 | T44: =ROUND(CU44*I44,2) -> 0 | U44: =CV44*I44 -> 133.2045 | V44: =CW44*I44 -> 0 | W44: =ROUND(CX44*I44,2) -> 0 | X44: =ROUND(CY44,2) -> 1896.63 | Y44: =ROUND(CZ44,2) -> 1114.69 | AA44: 42559021 | AB44: =ROUND((AC44+AD44+AF44),6) -> 498.6725 | AC44: =ROUND((ES44),6) -> 18.13 | AD44: =ROUND(((ET44*1.25)),6) -> 53.95 | AE44: =ROUND(((EU44*1.25)),6) -> 10.7375 | AF44: =ROUND(((EV44*1.15)),6) -> 426.5925 | AG44: =ROUND((AP44),6) -> 0 | AH44: =((EW44*1.15)) -> 34.155 | AI44: =((EX44*1.25)) -> 0 | AJ44: =ROUND((AS44),6) -> 0 | AK44: 432.24 | AL44: 18.13 | AM44: 43.16 | AN44: 8.59 | AO44: 370.95 | AP44: 0 | AQ44: 29.7 | AR44: 0 | AS44: 0 | AT44: 114 | AU44: 67 | AV44: 1 | AW44: 1 | AZ44: 1 | BA44: 1 | BB44: 1 | BC44: 1 | BH44: 0 | BI44: 1 | BJ44: ТСН-2001.3. Доп. 1-42. Сб. 16, т. 6, поз. 3 | BM44: 132 | BN44: 0 | BP44: 0 | BQ44: 30 | BR44: 0 | BS44: 1 | BT44: 1 | BU44: 1 | BV44: 1 | BW44: 1 | BX44: 1 | BZ44: 114 | CA44: 67 | CF44: 0 | CG44: 0 | CM44: 0 | CN44: Поправка: ТСН-2001.О.П. п.3.4. 6 Наименование: Выполняемые при ремонте и реконструкции работы аналогичные технологическим процессам, характерным для нового строительства и отсутствующим в сборниках на ремонтно-строительные работы | CO44: 0 | CP44: =(P44+Q44+S44) -> 1944.83 | CQ44: =(AC44*BC44*AW44) -> 18.13 | CR44: =(AD44*BB44*AV44) -> 53.95 | CS44: =(AE44*BS44*AV44) -> 10.7375 | CT44: =(AF44*BA44*AV44) -> 426.5925 | CU44: =AG44 -> 0 | CV44: =(AH44*AV44) -> 34.155 | CW44: =AI44 -> 0 | CX44: =AJ44 -> 0 | CY44: =((S44*BZ44)/100) -> 1896.6294 | CZ44: =((S44*CA44)/100) -> 1114.6857 | DE44: )*1,25 | DF44: )*1,25 | DG44: )*1,15 | DI44: )*1,15 | DJ44: )*1,25 | DN44: 0 | DO44: 0 | DP44: 1.067 | DQ44: 1 | DU44: 1013 | DV44: 100 м трубопровода | DW44: 100 м трубопровода | DX44: 1 | EE44: 42145139 | EF44: 30 | EG44: Строительные работы | EH44: 0 | EJ44: 1 | EK44: 132 | EL44: ТСН-2001.3-16. 16-5...16-14 | EM44: ТСН-2001.3-16-4 | EO44: Поправка: ТСН-2001.О.П. п.3.4. 6 | EQ44: 512 | ER44: 432.24 | ES44: 18.13 | ET44: 43.16 | EU44: 8.59 | EV44: 370.95 | EW44: 29.7 | EX44: 0 | EY44: 0 | FQ44: 0 | FR44: =ROUND(IF(AND(BH44=3,BI44=3),P44,0),2) -> 0 | FS44: 0 | FX44: 114 | FY44: 67 | GD44: 0 | GF44: -886383823 | GG44: 2 | GH44: 1 | GI44: -2 | GJ44: 0 | GK44: =ROUND(R44*(R12)/100,2) -> 73.29 | GL44: =ROUND(IF(AND(BH44=3,BI44=3,FS44<>0),P44,0),2) -> 0 | GM44: =ROUND(O44+X44+Y44+GK44,2)+GX44 -> 5029.44 | GN44: =IF(OR(BI44=0,BI44=1),ROUND(O44+X44+Y44+GK44,2),0) -> 5029.44 | GO44: =IF(BI44=2,ROUND(O44+X44+Y44+GK44,2),0) -> 0 | GP44: =IF(BI44=4,ROUND(O44+X44+Y44+GK44,2)+GX44,0) -> 0 | GR44: 0 | GS44: 3 | GT44: 0 | GV44: =ROUND(GT44,6) -> 0 | GW44: 1 | GX44: =ROUND(GV44*GW44*I44,2) -> 0 | HA44: 0 | HB44: 0 | IK44: 0
A45: 17 | B45: 1 | C45: =ROW(SmtRes!A18) -> 18 | D45: =ROW(EtalonRes!A36) -> 36 | E45: 9 | F45: 3.16-6-3 | G45: Прокладка трубопроводов отопления из стальных водогазопроводных неоцинкованных труб диаметром 25 мм | H45: 100 м трубопровода | I45: 3.9 | J45: 0 | O45: =ROUND(CP45,2) -> 36074.8 | P45: =ROUND(CQ45*I45,2) -> 369.8 | Q45: =ROUND(CR45*I45,2) -> 1765.3 | R45: =ROUND(CS45*I45,2) -> 854.28 | S45: =ROUND(CT45*I45,2) -> 33939.7 | T45: =ROUND(CU45*I45,2) -> 0 | U45: =CV45*I45 -> 133.2045 | V45: =CW45*I45 -> 0 | W45: =ROUND(CX45*I45,2) -> 0 | X45: =ROUND(CY45,2) -> 29866.94 | Y45: =ROUND(CZ45,2) -> 13915.28 | AA45: 42559019 | AB45: =ROUND((AC45+AD45+AF45),6) -> 498.6725 | AC45: =ROUND((ES45),6) -> 18.13 | AD45: =ROUND(((ET45*1.25)),6) -> 53.95 | AE45: =ROUND(((EU45*1.25)),6) -> 10.7375 | AF45: =ROUND(((EV45*1.15)),6) -> 426.5925 | AG45: =ROUND((AP45),6) -> 0 | AH45: =((EW45*1.15)) -> 34.155 | AI45: =((EX45*1.25)) -> 0 | AJ45: =ROUND((AS45),6) -> 0 | AK45: 432.24 | AL45: 18.13 | AM45: 43.16 | AN45: 8.59 | AO45: 370.95 | AP45: 0 | AQ45: 29.7 | AR45: 0 | AS45: 0 | AT45: 88 | AU45: 41 | AV45: 1 | AW45: 1 | AZ45: 1 | BA45: 20.4 | BB45: 8.39 | BC45: 5.23 | BH45: 0 | BI45: 1 | BJ45: ТСН-2001.3. Доп. 1-42. Сб. 16, т. 6, поз. 3 | BM45: 132 | BN45: 0 | BO45: 3.16-6-3 | BP45: 1 | BQ45: 30 | BR45: 0 | BS45: 20.4 | BT45: 1 | BU45: 1 | BV45: 1 | BW45: 1 | BX45: 1 | BZ45: 88 | CA45: 41 | CF45: 0 | CG45: 0 | CM45: 0 | CN45: Поправка: ТСН-2001.О.П. п.3.4. 6 Наименование: Выполняемые при ремонте и реконструкции работы аналогичные технологическим процессам, характерным для нового строительства и отсутствующим в сборниках на ремонтно-строительные работы | CO45: 0 | CP45: =(P45+Q45+S45) -> 36074.8 | CQ45: =(AC45*BC45*AW45) -> 94.8199 | CR45: =(AD45*BB45*AV45) -> 452.6405 | CS45: =(AE45*BS45*AV45) -> 219.045 | CT45: =(AF45*BA45*AV45) -> 8702.487 | CU45: =AG45 -> 0 | CV45: =(AH45*AV45) -> 34.155 | CW45: =AI45 -> 0 | CX45: =AJ45 -> 0 | CY45: =S45*(BZ45/100) -> 29866.936 | CZ45: =S45*(CA45/100) -> 13915.277 | DE45: )*1,25 | DF45: )*1,25 | DG45: )*1,15 | DI45: )*1,15 | DJ45: )*1,25 | DN45: 114 | DO45: 67 | DP45: 1.067 | DQ45: 1 | DU45: 1013 | DV45: 100 м трубопровода | DW45: 100 м трубопровода | DX45: 1 | EE45: 42145139 | EF45: 30 | EG45: Строительные работы | EH45: 0 | EJ45: 1 | EK45: 132 | EL45: ТСН-2001.3-16. 16-5...16-14 | EM45: ТСН-2001.3-16-4 | EO45: Поправка: ТСН-2001.О.П. п.3.4. 6 | EQ45: 512 | ER45: 432.24 | ES45: 18.13 | ET45: 43.16 | EU45: 8.59 | EV45: 370.95 | EW45: 29.7 | EX45: 0 | EY45: 0 | FQ45: 0 | FR45: =ROUND(IF(AND(BH45=3,BI45=3),P45,0),2) -> 0 | FS45: 0 | FX45: 114 | FY45: 67 | GD45: 0 | GF45: -886383823 | GG45: 2 | GH45: 1 | GI45: 2 | GJ45: 0 | GK45: =ROUND(R45*(S12)/100,2) -> 1341.22 | GL45: =ROUND(IF(AND(BH45=3,BI45=3,FS45<>0),P45,0),2) -> 0 | GM45: =ROUND(O45+X45+Y45+GK45,2)+GX45 -> 81198.24 | GN45: =IF(OR(BI45=0,BI45=1),ROUND(O45+X45+Y45+GK45,2),0) -> 81198.24 | GO45: =IF(BI45=2,ROUND(O45+X45+Y45+GK45,2),0) -> 0 | GP45: =IF(BI45=4,ROUND(O45+X45+Y45+GK45,2)+GX45,0) -> 0 | GR45: 0 | GS45: 3 | GT45: 0 | GV45: =ROUND(GT45,6) -> 0 | GW45: 1 | GX45: =ROUND(GV45*GW45*I45,2) -> 0 | HA45: 0 | HB45: 0 | IK45: 0
A46: 17 | B46: 1 | E46: 10 | F46: 1.12-10-24 | G46: Средства для крепления радиаторов на кирпичных и бетонных стенах, крючки для труб, диаметр труб 50 мм | H46: 1000 шт. | I46: 0.195 | J46: 0 | O46: =ROUND(CP46,2) -> 1507.82 | P46: =ROUND(CQ46*I46,2) -> 1507.82 | Q46: =ROUND(CR46*I46,2) -> 0 | R46: =ROUND(CS46*I46,2) -> 0 | S46: =ROUND(CT46*I46,2) -> 0 | T46: =ROUND(CU46*I46,2) -> 0 | U46: =CV46*I46 -> 0 | V46: =CW46*I46 -> 0 | W46: =ROUND(CX46*I46,2) -> 0 | X46: =ROUND(CY46,2) -> 0 | Y46: =ROUND(CZ46,2) -> 0 | AA46: 42559021 | AB46: =ROUND((AC46+AD46+AF46),6) -> 7732.42 | AC46: =ROUND((ES46),6) -> 7732.42 | AD46: =ROUND((ET46),6) -> 0 | AE46: =ROUND((EU46),6) -> 0 | AF46: =ROUND((EV46),6) -> 0 | AG46: =ROUND((AP46),6) -> 0 | AH46: =(EW46) -> 0 | AI46: =(EX46) -> 0 | AJ46: =ROUND((AS46),6) -> 0 | AK46: 7732.42 | AL46: 7732.42 | AM46: 0 | AN46: 0 | AO46: 0 | AP46: 0 | AQ46: 0 | AR46: 0 | AS46: 0 | AT46: 0 | AU46: 0 | AV46: 1 | AW46: 1 | AZ46: 1 | BA46: 1 | BB46: 1 | BC46: 1 | BH46: 3 | BI46: 1 | BJ46: ТСН-2001.1. Доп. 1-42. Р. 12, о. 10, поз. 24 | BM46: 1617 | BN46: 0 | BP46: 0 | BQ46: 200 | BR46: 0 | BS46: 1 | BT46: 1 | BU46: 1 | BV46: 1 | BW46: 1 | BX46: 1 | BZ46: 0 | CA46: 0 | CF46: 0 | CG46: 0 | CM46: 0 | CO46: 0 | CP46: =(P46+Q46+S46) -> 1507.82 | CQ46: =(AC46*BC46*AW46) -> 7732.42 | CR46: =(AD46*BB46*AV46) -> 0 | CS46: =(AE46*BS46*AV46) -> 0 | CT46: =(AF46*BA46*AV46) -> 0 | CU46: =AG46 -> 0 | CV46: =(AH46*AV46) -> 0 | CW46: =AI46 -> 0 | CX46: =AJ46 -> 0 | CY46: =((S46*BZ46)/100) -> 0 | CZ46: =((S46*CA46)/100) -> 0 | DN46: 0 | DO46: 0 | DP46: 1 | DQ46: 1 | DU46: 1010 | DV46: 1000 шт. | DW46: 1000 шт. | DX46: 1000 | EE46: 42146624 | EF46: 200 | EG46: Материалы строительные | EH46: 0 | EJ46: 1 | EK46: 1617 | EL46: ТСН-2001.1 Материалы строительные | EM46: ТСН-2001.1-1 | EQ46: 512 | ER46: 7732.42 | ES46: 7732.42 | ET46: 0 | EU46: 0 | EV46: 0 | EW46: 0 | EX46: 0 | EY46: 0 | FQ46: 0 | FR46: =ROUND(IF(AND(BH46=3,BI46=3),P46,0),2) -> 0 | FS46: 0 | FX46: 0 | FY46: 0 | GD46: 0 | GF46: 76125446 | GG46: 2 | GH46: 1 | GI46: -2 | GJ46: 0 | GK46: =ROUND(R46*(R12)/100,2) -> 0 | GL46: =ROUND(IF(AND(BH46=3,BI46=3,FS46<>0),P46,0),2) -> 0 | GM46: =ROUND(O46+X46+Y46+GK46,2)+GX46 -> 1507.82 | GN46: =IF(OR(BI46=0,BI46=1),ROUND(O46+X46+Y46+GK46,2),0) -> 1507.82 | GO46: =IF(BI46=2,ROUND(O46+X46+Y46+GK46,2),0) -> 0 | GP46: =IF(BI46=4,ROUND(O46+X46+Y46+GK46,2)+GX46,0) -> 0 | GR46: 0 | GS46: 3 | GT46: 0 | GV46: =ROUND(GT46,6) -> 0 | GW46: 1 | GX46: =ROUND(GV46*GW46*I46,2) -> 0 | HA46: 0 | HB46: 0 | IK46: 0
A47: 17 | B47: 1 | E47: 10 | F47: 1.12-10-24 | G47: Средства для крепления радиаторов на кирпичных и бетонных стенах, крючки для труб, диаметр труб 50 мм | H47: 1000 шт. | I47: 0.195 | J47: 0 | O47: =ROUND(CP47,2) -> 7086.76 | P47: =ROUND(CQ47*I47,2) -> 7086.76 | Q47: =ROUND(CR47*I47,2) -> 0 | R47: =ROUND(CS47*I47,2) -> 0 | S47: =ROUND(CT47*I47,2) -> 0 | T47: =ROUND(CU47*I47,2) -> 0 | U47: =CV47*I47 -> 0 | V47: =CW47*I47 -> 0 | W47: =ROUND(CX47*I47,2) -> 0 | X47: =ROUND(CY47,2) -> 0 | Y47: =ROUND(CZ47,2) -> 0 | AA47: 42559019 | AB47: =ROUND((AC47+AD47+AF47),6) -> 7732.42 | AC47: =ROUND((ES47),6) -> 7732.42 | AD47: =ROUND((ET47),6) -> 0 | AE47: =ROUND((EU47),6) -> 0 | AF47: =ROUND((EV47),6) -> 0 | AG47: =ROUND((AP47),6) -> 0 | AH47: =(EW47) -> 0 | AI47: =(EX47) -> 0 | AJ47: =ROUND((AS47),6) -> 0 | AK47: 7732.42 | AL47: 7732.42 | AM47: 0 | AN47: 0 | AO47: 0 | AP47: 0 | AQ47: 0 | AR47: 0 | AS47: 0 | AT47: 0 | AU47: 0 | AV47: 1 | AW47: 1 | AZ47: 1 | BA47: 1 | BB47: 1 | BC47: 4.7 | BH47: 3 | BI47: 1 | BJ47: ТСН-2001.1. Доп. 1-42. Р. 12, о. 10, поз. 24 | BM47: 1617 | BN47: 0 | BO47: 1.12-10-24 | BP47: 1 | BQ47: 200 | BR47: 0 | BS47: 1 | BT47: 1 | BU47: 1 | BV47: 1 | BW47: 1 | BX47: 1 | BZ47: 0 | CA47: 0 | CF47: 0 | CG47: 0 | CM47: 0 | CO47: 0 | CP47: =(P47+Q47+S47) -> 7086.76 | CQ47: =(AC47*BC47*AW47) -> 36342.374 | CR47: =(AD47*BB47*AV47) -> 0 | CS47: =(AE47*BS47*AV47) -> 0 | CT47: =(AF47*BA47*AV47) -> 0 | CU47: =AG47 -> 0 | CV47: =(AH47*AV47) -> 0 | CW47: =AI47 -> 0 | CX47: =AJ47 -> 0 | CY47: =S47*(BZ47/100) -> 0 | CZ47: =S47*(CA47/100) -> 0 | DN47: 0 | DO47: 0 | DP47: 1 | DQ47: 1 | DU47: 1010 | DV47: 1000 шт. | DW47: 1000 шт. | DX47: 1000 | EE47: 42146624 | EF47: 200 | EG47: Материалы строительные | EH47: 0 | EJ47: 1 | EK47: 1617 | EL47: ТСН-2001.1 Материалы строительные | EM47: ТСН-2001.1-1 | EQ47: 512 | ER47: 7732.42 | ES47: 7732.42 | ET47: 0 | EU47: 0 | EV47: 0 | EW47: 0 | EX47: 0 | EY47: 0 | FQ47: 0 | FR47: =ROUND(IF(AND(BH47=3,BI47=3),P47,0),2) -> 0 | FS47: 0 | FX47: 0 | FY47: 0 | GD47: 0 | GF47: 76125446 | GG47: 2 | GH47: 1 | GI47: 2 | GJ47: 0 | GK47: =ROUND(R47*(S12)/100,2) -> 0 | GL47: =ROUND(IF(AND(BH47=3,BI47=3,FS47<>0),P47,0),2) -> 0 | GM47: =ROUND(O47+X47+Y47+GK47,2)+GX47 -> 7086.76 | GN47: =IF(OR(BI47=0,BI47=1),ROUND(O47+X47+Y47+GK47,2),0) -> 7086.76 | GO47: =IF(BI47=2,ROUND(O47+X47+Y47+GK47,2),0) -> 0 | GP47: =IF(BI47=4,ROUND(O47+X47+Y47+GK47,2)+GX47,0) -> 0 | GR47: 0 | GS47: 3 | GT47: 0 | GV47: =ROUND(GT47,6) -> 0 | GW47: 1 | GX47: =ROUND(GV47*GW47*I47,2) -> 0 | HA47: 0 | HB47: 0 | IK47: 0
A48: 17 | B48: 1 | E48: 11 | F48: 1.12-1-42 | G48: Узлы трубопроводов из стальных водогазопроводных неоцинкованных труб с гильзами для систем отопления, диаметр условного прохода 25 мм | H48: м | I48: 390 | J48: 0 | O48: =ROUND(CP48,2) -> 12382.5 | P48: =ROUND(CQ48*I48,2) -> 12382.5 | Q48: =ROUND(CR48*I48,2) -> 0 | R48: =ROUND(CS48*I48,2) -> 0 | S48: =ROUND(CT48*I48,2) -> 0 | T48: =ROUND(CU48*I48,2) -> 0 | U48: =CV48*I48 -> 0 | V48: =CW48*I48 -> 0 | W48: =ROUND(CX48*I48,2) -> 0 | X48: =ROUND(CY48,2) -> 0 | Y48: =ROUND(CZ48,2) -> 0 | AA48: 42559021 | AB48: =ROUND((AC48+AD48+AF48),6) -> 31.75 | AC48: =ROUND((ES48),6) -> 31.75 | AD48: =ROUND((ET48),6) -> 0 | AE48: =ROUND((EU48),6) -> 0 | AF48: =ROUND((EV48),6) -> 0 | AG48: =ROUND((AP48),6) -> 0 | AH48: =(EW48) -> 0 | AI48: =(EX48) -> 0 | AJ48: =ROUND((AS48),6) -> 0 | AK48: 31.75 | AL48: 31.75 | AM48: 0 | AN48: 0 | AO48: 0 | AP48: 0 | AQ48: 0 | AR48: 0 | AS48: 0 | AT48: 0 | AU48: 0 | AV48: 1 | AW48: 1 | AZ48: 1 | BA48: 1 | BB48: 1 | BC48: 1 | BH48: 3 | BI48: 1 | BJ48: ТСН-2001.1. Доп. 1-42. Р. 12, о. 1, поз. 42 | BM48: 1617 | BN48: 0 | BP48: 0 | BQ48: 200 | BR48: 0 | BS48: 1 | BT48: 1 | BU48: 1 | BV48: 1 | BW48: 1 | BX48: 1 | BZ48: 0 | CA48: 0 | CF48: 0 | CG48: 0 | CM48: 0 | CO48: 0 | CP48: =(P48+Q48+S48) -> 12382.5 | CQ48: =(AC48*BC48*AW48) -> 31.75 | CR48: =(AD48*BB48*AV48) -> 0 | CS48: =(AE48*BS48*AV48) -> 0 | CT48: =(AF48*BA48*AV48) -> 0 | CU48: =AG48 -> 0 | CV48: =(AH48*AV48) -> 0 | CW48: =AI48 -> 0 | CX48: =AJ48 -> 0 | CY48: =((S48*BZ48)/100) -> 0 | CZ48: =((S48*CA48)/100) -> 0 | DN48: 0 | DO48: 0 | DP48: 1 | DQ48: 1 | DU48: 1003 | DV48: м | DW48: м | DX48: 1 | EE48: 42146624 | EF48: 200 | EG48: Материалы строительные | EH48: 0 | EJ48: 1 | EK48: 1617 | EL48: ТСН-2001.1 Материалы строительные | EM48: ТСН-2001.1-1 | EQ48: 512 | ER48: 31.75 | ES48: 31.75 | ET48: 0 | EU48: 0 | EV48: 0 | EW48: 0 | EX48: 0 | EY48: 0 | FQ48: 0 | FR48: =ROUND(IF(AND(BH48=3,BI48=3),P48,0),2) -> 0 | FS48: 0 | FX48: 0 | FY48: 0 | GD48: 0 | GF48: -1840500772 | GG48: 2 | GH48: 1 | GI48: -2 | GJ48: 0 | GK48: =ROUND(R48*(R12)/100,2) -> 0 | GL48: =ROUND(IF(AND(BH48=3,BI48=3,FS48<>0),P48,0),2) -> 0 | GM48: =ROUND(O48+X48+Y48+GK48,2)+GX48 -> 12382.5 | GN48: =IF(OR(BI48=0,BI48=1),ROUND(O48+X48+Y48+GK48,2),0) -> 12382.5 | GO48: =IF(BI48=2,ROUND(O48+X48+Y48+GK48,2),0) -> 0 | GP48: =IF(BI48=4,ROUND(O48+X48+Y48+GK48,2)+GX48,0) -> 0 | GR48: 0 | GS48: 3 | GT48: 0 | GV48: =ROUND(GT48,6) -> 0 | GW48: 1 | GX48: =ROUND(GV48*GW48*I48,2) -> 0 | HA48: 0 | HB48: 0 | IK48: 0
A49: 17 | B49: 1 | E49: 11 | F49: 1.12-1-42 | G49: Узлы трубопроводов из стальных водогазопроводных неоцинкованных труб с гильзами для систем отопления, диаметр условного прохода 25 мм | H49: м | I49: 390 | J49: 0 | O49: =ROUND(CP49,2) -> 91382.85 | P49: =ROUND(CQ49*I49,2) -> 91382.85 | Q49: =ROUND(CR49*I49,2) -> 0 | R49: =ROUND(CS49*I49,2) -> 0 | S49: =ROUND(CT49*I49,2) -> 0 | T49: =ROUND(CU49*I49,2) -> 0 | U49: =CV49*I49 -> 0 | V49: =CW49*I49 -> 0 | W49: =ROUND(CX49*I49,2) -> 0 | X49: =ROUND(CY49,2) -> 0 | Y49: =ROUND(CZ49,2) -> 0 | AA49: 42559019 | AB49: =ROUND((AC49+AD49+AF49),6) -> 31.75 | AC49: =ROUND((ES49),6) -> 31.75 | AD49: =ROUND((ET49),6) -> 0 | AE49: =ROUND((EU49),6) -> 0 | AF49: =ROUND((EV49),6) -> 0 | AG49: =ROUND((AP49),6) -> 0 | AH49: =(EW49) -> 0 | AI49: =(EX49) -> 0 | AJ49: =ROUND((AS49),6) -> 0 | AK49: 31.75 | AL49: 31.75 | AM49: 0 | AN49: 0 | AO49: 0 | AP49: 0 | AQ49: 0 | AR49: 0 | AS49: 0 | AT49: 0 | AU49: 0 | AV49: 1 | AW49: 1 | AZ49: 1 | BA49: 1 | BB49: 1 | BC49: 7.38 | BH49: 3 | BI49: 1 | BJ49: ТСН-2001.1. Доп. 1-42. Р. 12, о. 1, поз. 42 | BM49: 1617 | BN49: 0 | BO49: 1.12-1-42 | BP49: 1 | BQ49: 200 | BR49: 0 | BS49: 1 | BT49: 1 | BU49: 1 | BV49: 1 | BW49: 1 | BX49: 1 | BZ49: 0 | CA49: 0 | CF49: 0 | CG49: 0 | CM49: 0 | CO49: 0 | CP49: =(P49+Q49+S49) -> 91382.85 | CQ49: =(AC49*BC49*AW49) -> 234.315 | CR49: =(AD49*BB49*AV49) -> 0 | CS49: =(AE49*BS49*AV49) -> 0 | CT49: =(AF49*BA49*AV49) -> 0 | CU49: =AG49 -> 0 | CV49: =(AH49*AV49) -> 0 | CW49: =AI49 -> 0 | CX49: =AJ49 -> 0 | CY49: =S49*(BZ49/100) -> 0 | CZ49: =S49*(CA49/100) -> 0 | DN49: 0 | DO49: 0 | DP49: 1 | DQ49: 1 | DU49: 1003 | DV49: м | DW49: м | DX49: 1 | EE49: 42146624 | EF49: 200 | EG49: Материалы строительные | EH49: 0 | EJ49: 1 | EK49: 1617 | EL49: ТСН-2001.1 Материалы строительные | EM49: ТСН-2001.1-1 | EQ49: 512 | ER49: 31.75 | ES49: 31.75 | ET49: 0 | EU49: 0 | EV49: 0 | EW49: 0 | EX49: 0 | EY49: 0 | FQ49: 0 | FR49: =ROUND(IF(AND(BH49=3,BI49=3),P49,0),2) -> 0 | FS49: 0 | FX49: 0 | FY49: 0 | GD49: 0 | GF49: -1840500772 | GG49: 2 | GH49: 1 | GI49: 2 | GJ49: 0 | GK49: =ROUND(R49*(S12)/100,2) -> 0 | GL49: =ROUND(IF(AND(BH49=3,BI49=3,FS49<>0),P49,0),2) -> 0 | GM49: =ROUND(O49+X49+Y49+GK49,2)+GX49 -> 91382.85 | GN49: =IF(OR(BI49=0,BI49=1),ROUND(O49+X49+Y49+GK49,2),0) -> 91382.85 | GO49: =IF(BI49=2,ROUND(O49+X49+Y49+GK49,2),0) -> 0 | GP49: =IF(BI49=4,ROUND(O49+X49+Y49+GK49,2)+GX49,0) -> 0 | GR49: 0 | GS49: 3 | GT49: 0 | GV49: =ROUND(GT49,6) -> 0 | GW49: 1 | GX49: =ROUND(GV49*GW49*I49,2) -> 0 | HA49: 0 | HB49: 0 | IK49: 0
A50: 17 | B50: 1 | E50: 12 | F50: 1.13-4-73 | G50: Кран шаровой латунный полнопроходной, со спускным элементом и заглушкой, Techno-C (аналог V3000В),Tmax=120°С, Р=2,5 МПа, диаметр 25 мм | H50: шт. | I50: 12 | J50: 0 | O50: =ROUND(CP50,2) -> 1062.48 | P50: =ROUND(CQ50*I50,2) -> 1062.48 | Q50: =ROUND(CR50*I50,2) -> 0 | R50: =ROUND(CS50*I50,2) -> 0 | S50: =ROUND(CT50*I50,2) -> 0 | T50: =ROUND(CU50*I50,2) -> 0 | U50: =CV50*I50 -> 0 | V50: =CW50*I50 -> 0 | W50: =ROUND(CX50*I50,2) -> 0 | X50: =ROUND(CY50,2) -> 0 | Y50: =ROUND(CZ50,2) -> 0 | AA50: 42559021 | AB50: =ROUND((AC50+AD50+AF50),6) -> 88.54 | AC50: =ROUND((ES50),6) -> 88.54 | AD50: =ROUND((ET50),6) -> 0 | AE50: =ROUND((EU50),6) -> 0 | AF50: =ROUND((EV50),6) -> 0 | AG50: =ROUND((AP50),6) -> 0 | AH50: =(EW50) -> 0 | AI50: =(EX50) -> 0 | AJ50: =ROUND((AS50),6) -> 0 | AK50: 88.54 | AL50: 88.54 | AM50: 0 | AN50: 0 | AO50: 0 | AP50: 0 | AQ50: 0 | AR50: 0 | AS50: 0 | AT50: 0 | AU50: 0 | AV50: 1 | AW50: 1 | AZ50: 1 | BA50: 1 | BB50: 1 | BC50: 1 | BH50: 3 | BI50: 1 | BJ50: ТСН-2001.1. Доп. 1-42. Р. 13, о. 4, поз. 73 | BM50: 1617 | BN50: 0 | BP50: 0 | BQ50: 200 | BR50: 0 | BS50: 1 | BT50: 1 | BU50: 1 | BV50: 1 | BW50: 1 | BX50: 1 | BZ50: 0 | CA50: 0 | CF50: 0 | CG50: 0 | CM50: 0 | CO50: 0 | CP50: =(P50+Q50+S50) -> 1062.48 | CQ50: =(AC50*BC50*AW50) -> 88.54 | CR50: =(AD50*BB50*AV50) -> 0 | CS50: =(AE50*BS50*AV50) -> 0 | CT50: =(AF50*BA50*AV50) -> 0 | CU50: =AG50 -> 0 | CV50: =(AH50*AV50) -> 0 | CW50: =AI50 -> 0 | CX50: =AJ50 -> 0 | CY50: =((S50*BZ50)/100) -> 0 | CZ50: =((S50*CA50)/100) -> 0 | DN50: 0 | DO50: 0 | DP50: 1 | DQ50: 1 | DU50: 1010 | DV50: шт. | DW50: шт. | DX50: 1 | EE50: 42146624 | EF50: 200 | EG50: Материалы строительные | EH50: 0 | EJ50: 1 | EK50: 1617 | EL50: ТСН-2001.1 Материалы строительные | EM50: ТСН-2001.1-1 | EQ50: 512 | ER50: 88.54 | ES50: 88.54 | ET50: 0 | EU50: 0 | EV50: 0 | EW50: 0 | EX50: 0 | EY50: 0 | FQ50: 0 | FR50: =ROUND(IF(AND(BH50=3,BI50=3),P50,0),2) -> 0 | FS50: 0 | FX50: 0 | FY50: 0 | GD50: 0 | GF50: 1750190457 | GG50: 2 | GH50: 1 | GI50: -2 | GJ50: 0 | GK50: =ROUND(R50*(R12)/100,2) -> 0 | GL50: =ROUND(IF(AND(BH50=3,BI50=3,FS50<>0),P50,0),2) -> 0 | GM50: =ROUND(O50+X50+Y50+GK50,2)+GX50 -> 1062.48 | GN50: =IF(OR(BI50=0,BI50=1),ROUND(O50+X50+Y50+GK50,2),0) -> 1062.48 | GO50: =IF(BI50=2,ROUND(O50+X50+Y50+GK50,2),0) -> 0 | GP50: =IF(BI50=4,ROUND(O50+X50+Y50+GK50,2)+GX50,0) -> 0 | GR50: 0 | GS50: 3 | GT50: 0 | GV50: =ROUND(GT50,6) -> 0 | GW50: 1 | GX50: =ROUND(GV50*GW50*I50,2) -> 0 | HA50: 0 | HB50: 0 | IK50: 0
A51: 17 | B51: 1 | E51: 12 | F51: 1.13-4-73 | G51: Кран шаровой латунный полнопроходной, со спускным элементом и заглушкой, Techno-C (аналог V3000В),Tmax=120°С, Р=2,5 МПа, диаметр 25 мм | H51: шт. | I51: 12 | J51: 0 | O51: =ROUND(CP51,2) -> 12282.27 | P51: =ROUND(CQ51*I51,2) -> 12282.27 | Q51: =ROUND(CR51*I51,2) -> 0 | R51: =ROUND(CS51*I51,2) -> 0 | S51: =ROUND(CT51*I51,2) -> 0 | T51: =ROUND(CU51*I51,2) -> 0 | U51: =CV51*I51 -> 0 | V51: =CW51*I51 -> 0 | W51: =ROUND(CX51*I51,2) -> 0 | X51: =ROUND(CY51,2) -> 0 | Y51: =ROUND(CZ51,2) -> 0 | AA51: 42559019 | AB51: =ROUND((AC51+AD51+AF51),6) -> 88.54 | AC51: =ROUND((ES51),6) -> 88.54 | AD51: =ROUND((ET51),6) -> 0 | AE51: =ROUND((EU51),6) -> 0 | AF51: =ROUND((EV51),6) -> 0 | AG51: =ROUND((AP51),6) -> 0 | AH51: =(EW51) -> 0 | AI51: =(EX51) -> 0 | AJ51: =ROUND((AS51),6) -> 0 | AK51: 88.54 | AL51: 88.54 | AM51: 0 | AN51: 0 | AO51: 0 | AP51: 0 | AQ51: 0 | AR51: 0 | AS51: 0 | AT51: 0 | AU51: 0 | AV51: 1 | AW51: 1 | AZ51: 1 | BA51: 1 | BB51: 1 | BC51: 11.56 | BH51: 3 | BI51: 1 | BJ51: ТСН-2001.1. Доп. 1-42. Р. 13, о. 4, поз. 73 | BM51: 1617 | BN51: 0 | BO51: 1.13-4-73 | BP51: 1 | BQ51: 200 | BR51: 0 | BS51: 1 | BT51: 1 | BU51: 1 | BV51: 1 | BW51: 1 | BX51: 1 | BZ51: 0 | CA51: 0 | CF51: 0 | CG51: 0 | CM51: 0 | CO51: 0 | CP51: =(P51+Q51+S51) -> 12282.27 | CQ51: =(AC51*BC51*AW51) -> 1023.5224 | CR51: =(AD51*BB51*AV51) -> 0 | CS51: =(AE51*BS51*AV51) -> 0 | CT51: =(AF51*BA51*AV51) -> 0 | CU51: =AG51 -> 0 | CV51: =(AH51*AV51) -> 0 | CW51: =AI51 -> 0 | CX51: =AJ51 -> 0 | CY51: =S51*(BZ51/100) -> 0 | CZ51: =S51*(CA51/100) -> 0 | DN51: 0 | DO51: 0 | DP51: 1 | DQ51: 1 | DU51: 1010 | DV51: шт. | DW51: шт. | DX51: 1 | EE51: 42146624 | EF51: 200 | EG51: Материалы строительные | EH51: 0 | EJ51: 1 | EK51: 1617 | EL51: ТСН-2001.1 Материалы строительные | EM51: ТСН-2001.1-1 | EQ51: 512 | ER51: 88.54 | ES51: 88.54 | ET51: 0 | EU51: 0 | EV51: 0 | EW51: 0 | EX51: 0 | EY51: 0 | FQ51: 0 | FR51: =ROUND(IF(AND(BH51=3,BI51=3),P51,0),2) -> 0 | FS51: 0 | FX51: 0 | FY51: 0 | GD51: 0 | GF51: 1750190457 | GG51: 2 | GH51: 1 | GI51: 2 | GJ51: 0 | GK51: =ROUND(R51*(S12)/100,2) -> 0 | GL51: =ROUND(IF(AND(BH51=3,BI51=3,FS51<>0),P51,0),2) -> 0 | GM51: =ROUND(O51+X51+Y51+GK51,2)+GX51 -> 12282.27 | GN51: =IF(OR(BI51=0,BI51=1),ROUND(O51+X51+Y51+GK51,2),0) -> 12282.27 | GO51: =IF(BI51=2,ROUND(O51+X51+Y51+GK51,2),0) -> 0 | GP51: =IF(BI51=4,ROUND(O51+X51+Y51+GK51,2)+GX51,0) -> 0 | GR51: 0 | GS51: 3 | GT51: 0 | GV51: =ROUND(GT51,6) -> 0 | GW51: 1 | GX51: =ROUND(GV51*GW51*I51,2) -> 0 | HA51: 0 | HB51: 0 | IK51: 0
A52: 17 | B52: 1 | C52: =ROW(SmtRes!A21) -> 21 | D52: =ROW(EtalonRes!A42) -> 42 | E52: 13 | F52: 3.16-6-4 | G52: Прокладка трубопроводов отопления из стальных водогазопроводных неоцинкованных труб диаметром 32 мм | H52: 100 м трубопровода | I52: 3.3 | J52: 0 | O52: =ROUND(CP52,2) -> 1645.63 | P52: =ROUND(CQ52*I52,2) -> 59.83 | Q52: =ROUND(CR52*I52,2) -> 178.04 | R52: =ROUND(CS52*I52,2) -> 35.43 | S52: =ROUND(CT52*I52,2) -> 1407.76 | T52: =ROUND(CU52*I52,2) -> 0 | U52: =CV52*I52 -> 112.7115 | V52: =CW52*I52 -> 0 | W52: =ROUND(CX52*I52,2) -> 0 | X52: =ROUND(CY52,2) -> 1604.85 | Y52: =ROUND(CZ52,2) -> 943.2 | AA52: 42559021 | AB52: =ROUND((AC52+AD52+AF52),6) -> 498.6725 | AC52: =ROUND((ES52),6) -> 18.13 | AD52: =ROUND(((ET52*1.25)),6) -> 53.95 | AE52: =ROUND(((EU52*1.25)),6) -> 10.7375 | AF52: =ROUND(((EV52*1.15)),6) -> 426.5925 | AG52: =ROUND((AP52),6) -> 0 | AH52: =((EW52*1.15)) -> 34.155 | AI52: =((EX52*1.25)) -> 0 | AJ52: =ROUND((AS52),6) -> 0 | AK52: 432.24 | AL52: 18.13 | AM52: 43.16 | AN52: 8.59 | AO52: 370.95 | AP52: 0 | AQ52: 29.7 | AR52: 0 | AS52: 0 | AT52: 114 | AU52: 67 | AV52: 1 | AW52: 1 | AZ52: 1 | BA52: 1 | BB52: 1 | BC52: 1 | BH52: 0 | BI52: 1 | BJ52: ТСН-2001.3. Доп. 1-42. Сб. 16, т. 6, поз. 4 | BM52: 132 | BN52: 0 | BP52: 0 | BQ52: 30 | BR52: 0 | BS52: 1 | BT52: 1 | BU52: 1 | BV52: 1 | BW52: 1 | BX52: 1 | BZ52: 114 | CA52: 67 | CF52: 0 | CG52: 0 | CM52: 0 | CN52: Поправка: ТСН-2001.О.П. п.3.4. 6 Наименование: Выполняемые при ремонте и реконструкции работы аналогичные технологическим процессам, характерным для нового строительства и отсутствующим в сборниках на ремонтно-строительные работы | CO52: 0 | CP52: =(P52+Q52+S52) -> 1645.63 | CQ52: =(AC52*BC52*AW52) -> 18.13 | CR52: =(AD52*BB52*AV52) -> 53.95 | CS52: =(AE52*BS52*AV52) -> 10.7375 | CT52: =(AF52*BA52*AV52) -> 426.5925 | CU52: =AG52 -> 0 | CV52: =(AH52*AV52) -> 34.155 | CW52: =AI52 -> 0 | CX52: =AJ52 -> 0 | CY52: =((S52*BZ52)/100) -> 1604.8464 | CZ52: =((S52*CA52)/100) -> 943.1992 | DE52: )*1,25 | DF52: )*1,25 | DG52: )*1,15 | DI52: )*1,15 | DJ52: )*1,25 | DN52: 0 | DO52: 0 | DP52: 1.067 | DQ52: 1 | DU52: 1013 | DV52: 100 м трубопровода | DW52: 100 м трубопровода | DX52: 1 | EE52: 42145139 | EF52: 30 | EG52: Строительные работы | EH52: 0 | EJ52: 1 | EK52: 132 | EL52: ТСН-2001.3-16. 16-5...16-14 | EM52: ТСН-2001.3-16-4 | EO52: Поправка: ТСН-2001.О.П. п.3.4. 6 | EQ52: 512 | ER52: 432.24 | ES52: 18.13 | ET52: 43.16 | EU52: 8.59 | EV52: 370.95 | EW52: 29.7 | EX52: 0 | EY52: 0 | FQ52: 0 | FR52: =ROUND(IF(AND(BH52=3,BI52=3),P52,0),2) -> 0 | FS52: 0 | FX52: 114 | FY52: 67 | GD52: 0 | GF52: -1152523100 | GG52: 2 | GH52: 1 | GI52: -2 | GJ52: 0 | GK52: =ROUND(R52*(R12)/100,2) -> 62 | GL52: =ROUND(IF(AND(BH52=3,BI52=3,FS52<>0),P52,0),2) -> 0 | GM52: =ROUND(O52+X52+Y52+GK52,2)+GX52 -> 4255.68 | GN52: =IF(OR(BI52=0,BI52=1),ROUND(O52+X52+Y52+GK52,2),0) -> 4255.68 | GO52: =IF(BI52=2,ROUND(O52+X52+Y52+GK52,2),0) -> 0 | GP52: =IF(BI52=4,ROUND(O52+X52+Y52+GK52,2)+GX52,0) -> 0 | GR52: 0 | GS52: 3 | GT52: 0 | GV52: =ROUND(GT52,6) -> 0 | GW52: 1 | GX52: =ROUND(GV52*GW52*I52,2) -> 0 | HA52: 0 | HB52: 0 | IK52: 0
A53: 17 | B53: 1 | C53: =ROW(SmtRes!A24) -> 24 | D53: =ROW(EtalonRes!A48) -> 48 | E53: 13 | F53: 3.16-6-4 | G53: Прокладка трубопроводов отопления из стальных водогазопроводных неоцинкованных труб диаметром 32 мм | H53: 100 м трубопровода | I53: 3.3 | J53: 0 | O53: =ROUND(CP53,2) -> 30524.83 | P53: =ROUND(CQ53*I53,2) -> 312.91 | Q53: =ROUND(CR53*I53,2) -> 1493.71 | R53: =ROUND(CS53*I53,2) -> 722.85 | S53: =ROUND(CT53*I53,2) -> 28718.21 | T53: =ROUND(CU53*I53,2) -> 0 | U53: =CV53*I53 -> 112.7115 | V53: =CW53*I53 -> 0 | W53: =ROUND(CX53*I53,2) -> 0 | X53: =ROUND(CY53,2) -> 25272.02 | Y53: =ROUND(CZ53,2) -> 11774.47 | AA53: 42559019 | AB53: =ROUND((AC53+AD53+AF53),6) -> 498.6725 | AC53: =ROUND((ES53),6) -> 18.13 | AD53: =ROUND(((ET53*1.25)),6) -> 53.95 | AE53: =ROUND(((EU53*1.25)),6) -> 10.7375 | AF53: =ROUND(((EV53*1.15)),6) -> 426.5925 | AG53: =ROUND((AP53),6) -> 0 | AH53: =((EW53*1.15)) -> 34.155 | AI53: =((EX53*1.25)) -> 0 | AJ53: =ROUND((AS53),6) -> 0 | AK53: 432.24 | AL53: 18.13 | AM53: 43.16 | AN53: 8.59 | AO53: 370.95 | AP53: 0 | AQ53: 29.7 | AR53: 0 | AS53: 0 | AT53: 88 | AU53: 41 | AV53: 1 | AW53: 1 | AZ53: 1 | BA53: 20.4 | BB53: 8.39 | BC53: 5.23 | BH53: 0 | BI53: 1 | BJ53: ТСН-2001.3. Доп. 1-42. Сб. 16, т. 6, поз. 4 | BM53: 132 | BN53: 0 | BO53: 3.16-6-4 | BP53: 1 | BQ53: 30 | BR53: 0 | BS53: 20.4 | BT53: 1 | BU53: 1 | BV53: 1 | BW53: 1 | BX53: 1 | BZ53: 88 | CA53: 41 | CF53: 0 | CG53: 0 | CM53: 0 | CN53: Поправка: ТСН-2001.О.П. п.3.4. 6 Наименование: Выполняемые при ремонте и реконструкции работы аналогичные технологическим процессам, характерным для нового строительства и отсутствующим в сборниках на ремонтно-строительные работы | CO53: 0 | CP53: =(P53+Q53+S53) -> 30524.83 | CQ53: =(AC53*BC53*AW53) -> 94.8199 | CR53: =(AD53*BB53*AV53) -> 452.6405 | CS53: =(AE53*BS53*AV53) -> 219.045 | CT53: =(AF53*BA53*AV53) -> 8702.487 | CU53: =AG53 -> 0 | CV53: =(AH53*AV53) -> 34.155 | CW53: =AI53 -> 0 | CX53: =AJ53 -> 0 | CY53: =S53*(BZ53/100) -> 25272.025 | CZ53: =S53*(CA53/100) -> 11774.466 | DE53: )*1,25 | DF53: )*1,25 | DG53: )*1,15 | DI53: )*1,15 | DJ53: )*1,25 | DN53: 114 | DO53: 67 | DP53: 1.067 | DQ53: 1 | DU53: 1013 | DV53: 100 м трубопровода | DW53: 100 м трубопровода | DX53: 1 | EE53: 42145139 | EF53: 30 | EG53: Строительные работы | EH53: 0 | EJ53: 1 | EK53: 132 | EL53: ТСН-2001.3-16. 16-5...16-14 | EM53: ТСН-2001.3-16-4 | EO53: Поправка: ТСН-2001.О.П. п.3.4. 6 | EQ53: 512 | ER53: 432.24 | ES53: 18.13 | ET53: 43.16 | EU53: 8.59 | EV53: 370.95 | EW53: 29.7 | EX53: 0 | EY53: 0 | FQ53: 0 | FR53: =ROUND(IF(AND(BH53=3,BI53=3),P53,0),2) -> 0 | FS53: 0 | FX53: 114 | FY53: 67 | GD53: 0 | GF53: -1152523100 | GG53: 2 | GH53: 1 | GI53: 2 | GJ53: 0 | GK53: =ROUND(R53*(S12)/100,2) -> 1134.87 | GL53: =ROUND(IF(AND(BH53=3,BI53=3,FS53<>0),P53,0),2) -> 0 | GM53: =ROUND(O53+X53+Y53+GK53,2)+GX53 -> 68706.19 | GN53: =IF(OR(BI53=0,BI53=1),ROUND(O53+X53+Y53+GK53,2),0) -> 68706.19 | GO53: =IF(BI53=2,ROUND(O53+X53+Y53+GK53,2),0) -> 0 | GP53: =IF(BI53=4,ROUND(O53+X53+Y53+GK53,2)+GX53,0) -> 0 | GR53: 0 | GS53: 3 | GT53: 0 | GV53: =ROUND(GT53,6) -> 0 | GW53: 1 | GX53: =ROUND(GV53*GW53*I53,2) -> 0 | HA53: 0 | HB53: 0 | IK53: 0
A54: 17 | B54: 1 | E54: 14 | F54: 1.12-10-24 | G54: Средства для крепления радиаторов на кирпичных и бетонных стенах, крючки для труб, диаметр труб 50 мм | H54: 1000 шт. | I54: 0.165 | J54: 0 | O54: =ROUND(CP54,2) -> 1275.85 | P54: =ROUND(CQ54*I54,2) -> 1275.85 | Q54: =ROUND(CR54*I54,2) -> 0 | R54: =ROUND(CS54*I54,2) -> 0 | S54: =ROUND(CT54*I54,2) -> 0 | T54: =ROUND(CU54*I54,2) -> 0 | U54: =CV54*I54 -> 0 | V54: =CW54*I54 -> 0 | W54: =ROUND(CX54*I54,2) -> 0 | X54: =ROUND(CY54,2) -> 0 | Y54: =ROUND(CZ54,2) -> 0 | AA54: 42559021 | AB54: =ROUND((AC54+AD54+AF54),6) -> 7732.42 | AC54: =ROUND((ES54),6) -> 7732.42 | AD54: =ROUND((ET54),6) -> 0 | AE54: =ROUND((EU54),6) -> 0 | AF54: =ROUND((EV54),6) -> 0 | AG54: =ROUND((AP54),6) -> 0 | AH54: =(EW54) -> 0 | AI54: =(EX54) -> 0 | AJ54: =ROUND((AS54),6) -> 0 | AK54: 7732.42 | AL54: 7732.42 | AM54: 0 | AN54: 0 | AO54: 0 | AP54: 0 | AQ54: 0 | AR54: 0 | AS54: 0 | AT54: 0 | AU54: 0 | AV54: 1 | AW54: 1 | AZ54: 1 | BA54: 1 | BB54: 1 | BC54: 1 | BH54: 3 | BI54: 1 | BJ54: ТСН-2001.1. Доп. 1-42. Р. 12, о. 10, поз. 24 | BM54: 1617 | BN54: 0 | BP54: 0 | BQ54: 200 | BR54: 0 | BS54: 1 | BT54: 1 | BU54: 1 | BV54: 1 | BW54: 1 | BX54: 1 | BZ54: 0 | CA54: 0 | CF54: 0 | CG54: 0 | CM54: 0 | CO54: 0 | CP54: =(P54+Q54+S54) -> 1275.85 | CQ54: =(AC54*BC54*AW54) -> 7732.42 | CR54: =(AD54*BB54*AV54) -> 0 | CS54: =(AE54*BS54*AV54) -> 0 | CT54: =(AF54*BA54*AV54) -> 0 | CU54: =AG54 -> 0 | CV54: =(AH54*AV54) -> 0 | CW54: =AI54 -> 0 | CX54: =AJ54 -> 0 | CY54: =((S54*BZ54)/100) -> 0 | CZ54: =((S54*CA54)/100) -> 0 | DN54: 0 | DO54: 0 | DP54: 1 | DQ54: 1 | DU54: 1010 | DV54: 1000 шт. | DW54: 1000 шт. | DX54: 1000 | EE54: 42146624 | EF54: 200 | EG54: Материалы строительные | EH54: 0 | EJ54: 1 | EK54: 1617 | EL54: ТСН-2001.1 Материалы строительные | EM54: ТСН-2001.1-1 | EQ54: 512 | ER54: 7732.42 | ES54: 7732.42 | ET54: 0 | EU54: 0 | EV54: 0 | EW54: 0 | EX54: 0 | EY54: 0 | FQ54: 0 | FR54: =ROUND(IF(AND(BH54=3,BI54=3),P54,0),2) -> 0 | FS54: 0 | FX54: 0 | FY54: 0 | GD54: 0 | GF54: 76125446 | GG54: 2 | GH54: 1 | GI54: -2 | GJ54: 0 | GK54: =ROUND(R54*(R12)/100,2) -> 0 | GL54: =ROUND(IF(AND(BH54=3,BI54=3,FS54<>0),P54,0),2) -> 0 | GM54: =ROUND(O54+X54+Y54+GK54,2)+GX54 -> 1275.85 | GN54: =IF(OR(BI54=0,BI54=1),ROUND(O54+X54+Y54+GK54,2),0) -> 1275.85 | GO54: =IF(BI54=2,ROUND(O54+X54+Y54+GK54,2),0) -> 0 | GP54: =IF(BI54=4,ROUND(O54+X54+Y54+GK54,2)+GX54,0) -> 0 | GR54: 0 | GS54: 3 | GT54: 0 | GV54: =ROUND(GT54,6) -> 0 | GW54: 1 | GX54: =ROUND(GV54*GW54*I54,2) -> 0 | HA54: 0 | HB54: 0 | IK54: 0
A55: 17 | B55: 1 | E55: 14 | F55: 1.12-10-24 | G55: Средства для крепления радиаторов на кирпичных и бетонных стенах, крючки для труб, диаметр труб 50 мм | H55: 1000 шт. | I55: 0.165 | J55: 0 | O55: =ROUND(CP55,2) -> 5996.49 | P55: =ROUND(CQ55*I55,2) -> 5996.49 | Q55: =ROUND(CR55*I55,2) -> 0 | R55: =ROUND(CS55*I55,2) -> 0 | S55: =ROUND(CT55*I55,2) -> 0 | T55: =ROUND(CU55*I55,2) -> 0 | U55: =CV55*I55 -> 0 | V55: =CW55*I55 -> 0 | W55: =ROUND(CX55*I55,2) -> 0 | X55: =ROUND(CY55,2) -> 0 | Y55: =ROUND(CZ55,2) -> 0 | AA55: 42559019 | AB55: =ROUND((AC55+AD55+AF55),6) -> 7732.42 | AC55: =ROUND((ES55),6) -> 7732.42 | AD55: =ROUND((ET55),6) -> 0 | AE55: =ROUND((EU55),6) -> 0 | AF55: =ROUND((EV55),6) -> 0 | AG55: =ROUND((AP55),6) -> 0 | AH55: =(EW55) -> 0 | AI55: =(EX55) -> 0 | AJ55: =ROUND((AS55),6) -> 0 | AK55: 7732.42 | AL55: 7732.42 | AM55: 0 | AN55: 0 | AO55: 0 | AP55: 0 | AQ55: 0 | AR55: 0 | AS55: 0 | AT55: 0 | AU55: 0 | AV55: 1 | AW55: 1 | AZ55: 1 | BA55: 1 | BB55: 1 | BC55: 4.7 | BH55: 3 | BI55: 1 | BJ55: ТСН-2001.1. Доп. 1-42. Р. 12, о. 10, поз. 24 | BM55: 1617 | BN55: 0 | BO55: 1.12-10-24 | BP55: 1 | BQ55: 200 | BR55: 0 | BS55: 1 | BT55: 1 | BU55: 1 | BV55: 1 | BW55: 1 | BX55: 1 | BZ55: 0 | CA55: 0 | CF55: 0 | CG55: 0 | CM55: 0 | CO55: 0 | CP55: =(P55+Q55+S55) -> 5996.49 | CQ55: =(AC55*BC55*AW55) -> 36342.374 | CR55: =(AD55*BB55*AV55) -> 0 | CS55: =(AE55*BS55*AV55) -> 0 | CT55: =(AF55*BA55*AV55) -> 0 | CU55: =AG55 -> 0 | CV55: =(AH55*AV55) -> 0 | CW55: =AI55 -> 0 | CX55: =AJ55 -> 0 | CY55: =S55*(BZ55/100) -> 0 | CZ55: =S55*(CA55/100) -> 0 | DN55: 0 | DO55: 0 | DP55: 1 | DQ55: 1 | DU55: 1010 | DV55: 1000 шт. | DW55: 1000 шт. | DX55: 1000 | EE55: 42146624 | EF55: 200 | EG55: Материалы строительные | EH55: 0 | EJ55: 1 | EK55: 1617 | EL55: ТСН-2001.1 Материалы строительные | EM55: ТСН-2001.1-1 | EQ55: 512 | ER55: 7732.42 | ES55: 7732.42 | ET55: 0 | EU55: 0 | EV55: 0 | EW55: 0 | EX55: 0 | EY55: 0 | FQ55: 0 | FR55: =ROUND(IF(AND(BH55=3,BI55=3),P55,0),2) -> 0 | FS55: 0 | FX55: 0 | FY55: 0 | GD55: 0 | GF55: 76125446 | GG55: 2 | GH55: 1 | GI55: 2 | GJ55: 0 | GK55: =ROUND(R55*(S12)/100,2) -> 0 | GL55: =ROUND(IF(AND(BH55=3,BI55=3,FS55<>0),P55,0),2) -> 0 | GM55: =ROUND(O55+X55+Y55+GK55,2)+GX55 -> 5996.49 | GN55: =IF(OR(BI55=0,BI55=1),ROUND(O55+X55+Y55+GK55,2),0) -> 5996.49 | GO55: =IF(BI55=2,ROUND(O55+X55+Y55+GK55,2),0) -> 0 | GP55: =IF(BI55=4,ROUND(O55+X55+Y55+GK55,2)+GX55,0) -> 0 | GR55: 0 | GS55: 3 | GT55: 0 | GV55: =ROUND(GT55,6) -> 0 | GW55: 1 | GX55: =ROUND(GV55*GW55*I55,2) -> 0 | HA55: 0 | HB55: 0 | IK55: 0
A56: 17 | B56: 1 | E56: 15 | F56: 1.12-1-43 | G56: Узлы трубопроводов из стальных водогазопроводных неоцинкованных труб с гильзами для систем отопления, диаметр условного прохода 32 мм | H56: м | I56: 330 | J56: 0 | O56: =ROUND(CP56,2) -> 10992.3 | P56: =ROUND(CQ56*I56,2) -> 10992.3 | Q56: =ROUND(CR56*I56,2) -> 0 | R56: =ROUND(CS56*I56,2) -> 0 | S56: =ROUND(CT56*I56,2) -> 0 | T56: =ROUND(CU56*I56,2) -> 0 | U56: =CV56*I56 -> 0 | V56: =CW56*I56 -> 0 | W56: =ROUND(CX56*I56,2) -> 0 | X56: =ROUND(CY56,2) -> 0 | Y56: =ROUND(CZ56,2) -> 0 | AA56: 42559021 | AB56: =ROUND((AC56+AD56+AF56),6) -> 33.31 | AC56: =ROUND((ES56),6) -> 33.31 | AD56: =ROUND((ET56),6) -> 0 | AE56: =ROUND((EU56),6) -> 0 | AF56: =ROUND((EV56),6) -> 0 | AG56: =ROUND((AP56),6) -> 0 | AH56: =(EW56) -> 0 | AI56: =(EX56) -> 0 | AJ56: =ROUND((AS56),6) -> 0 | AK56: 33.31 | AL56: 33.31 | AM56: 0 | AN56: 0 | AO56: 0 | AP56: 0 | AQ56: 0 | AR56: 0 | AS56: 0 | AT56: 0 | AU56: 0 | AV56: 1 | AW56: 1 | AZ56: 1 | BA56: 1 | BB56: 1 | BC56: 1 | BH56: 3 | BI56: 1 | BJ56: ТСН-2001.1. Доп. 1-42. Р. 12, о. 1, поз. 43 | BM56: 1617 | BN56: 0 | BP56: 0 | BQ56: 200 | BR56: 0 | BS56: 1 | BT56: 1 | BU56: 1 | BV56: 1 | BW56: 1 | BX56: 1 | BZ56: 0 | CA56: 0 | CF56: 0 | CG56: 0 | CM56: 0 | CO56: 0 | CP56: =(P56+Q56+S56) -> 10992.3 | CQ56: =(AC56*BC56*AW56) -> 33.31 | CR56: =(AD56*BB56*AV56) -> 0 | CS56: =(AE56*BS56*AV56) -> 0 | CT56: =(AF56*BA56*AV56) -> 0 | CU56: =AG56 -> 0 | CV56: =(AH56*AV56) -> 0 | CW56: =AI56 -> 0 | CX56: =AJ56 -> 0 | CY56: =((S56*BZ56)/100) -> 0 | CZ56: =((S56*CA56)/100) -> 0 | DN56: 0 | DO56: 0 | DP56: 1 | DQ56: 1 | DU56: 1003 | DV56: м | DW56: м | DX56: 1 | EE56: 42146624 | EF56: 200 | EG56: Материалы строительные | EH56: 0 | EJ56: 1 | EK56: 1617 | EL56: ТСН-2001.1 Материалы строительные | EM56: ТСН-2001.1-1 | EQ56: 512 | ER56: 33.31 | ES56: 33.31 | ET56: 0 | EU56: 0 | EV56: 0 | EW56: 0 | EX56: 0 | EY56: 0 | FQ56: 0 | FR56: =ROUND(IF(AND(BH56=3,BI56=3),P56,0),2) -> 0 | FS56: 0 | FX56: 0 | FY56: 0 | GD56: 0 | GF56: -1045640726 | GG56: 2 | GH56: 1 | GI56: -2 | GJ56: 0 | GK56: =ROUND(R56*(R12)/100,2) -> 0 | GL56: =ROUND(IF(AND(BH56=3,BI56=3,FS56<>0),P56,0),2) -> 0 | GM56: =ROUND(O56+X56+Y56+GK56,2)+GX56 -> 10992.3 | GN56: =IF(OR(BI56=0,BI56=1),ROUND(O56+X56+Y56+GK56,2),0) -> 10992.3 | GO56: =IF(BI56=2,ROUND(O56+X56+Y56+GK56,2),0) -> 0 | GP56: =IF(BI56=4,ROUND(O56+X56+Y56+GK56,2)+GX56,0) -> 0 | GR56: 0 | GS56: 3 | GT56: 0 | GV56: =ROUND(GT56,6) -> 0 | GW56: 1 | GX56: =ROUND(GV56*GW56*I56,2) -> 0 | HA56: 0 | HB56: 0 | IK56: 0
A57: 17 | B57: 1 | E57: 15 | F57: 1.12-1-43 | G57: Узлы трубопроводов из стальных водогазопроводных неоцинкованных труб с гильзами для систем отопления, диаметр условного прохода 32 мм | H57: м | I57: 330 | J57: 0 | O57: =ROUND(CP57,2) -> 98161.24 | P57: =ROUND(CQ57*I57,2) -> 98161.24 | Q57: =ROUND(CR57*I57,2) -> 0 | R57: =ROUND(CS57*I57,2) -> 0 | S57: =ROUND(CT57*I57,2) -> 0 | T57: =ROUND(CU57*I57,2) -> 0 | U57: =CV57*I57 -> 0 | V57: =CW57*I57 -> 0 | W57: =ROUND(CX57*I57,2) -> 0 | X57: =ROUND(CY57,2) -> 0 | Y57: =ROUND(CZ57,2) -> 0 | AA57: 42559019 | AB57: =ROUND((AC57+AD57+AF57),6) -> 33.31 | AC57: =ROUND((ES57),6) -> 33.31 | AD57: =ROUND((ET57),6) -> 0 | AE57: =ROUND((EU57),6) -> 0 | AF57: =ROUND((EV57),6) -> 0 | AG57: =ROUND((AP57),6) -> 0 | AH57: =(EW57) -> 0 | AI57: =(EX57) -> 0 | AJ57: =ROUND((AS57),6) -> 0 | AK57: 33.31 | AL57: 33.31 | AM57: 0 | AN57: 0 | AO57: 0 | AP57: 0 | AQ57: 0 | AR57: 0 | AS57: 0 | AT57: 0 | AU57: 0 | AV57: 1 | AW57: 1 | AZ57: 1 | BA57: 1 | BB57: 1 | BC57: 8.93 | BH57: 3 | BI57: 1 | BJ57: ТСН-2001.1. Доп. 1-42. Р. 12, о. 1, поз. 43 | BM57: 1617 | BN57: 0 | BO57: 1.12-1-43 | BP57: 1 | BQ57: 200 | BR57: 0 | BS57: 1 | BT57: 1 | BU57: 1 | BV57: 1 | BW57: 1 | BX57: 1 | BZ57: 0 | CA57: 0 | CF57: 0 | CG57: 0 | CM57: 0 | CO57: 0 | CP57: =(P57+Q57+S57) -> 98161.24 | CQ57: =(AC57*BC57*AW57) -> 297.4583 | CR57: =(AD57*BB57*AV57) -> 0 | CS57: =(AE57*BS57*AV57) -> 0 | CT57: =(AF57*BA57*AV57) -> 0 | CU57: =AG57 -> 0 | CV57: =(AH57*AV57) -> 0 | CW57: =AI57 -> 0 | CX57: =AJ57 -> 0 | CY57: =S57*(BZ57/100) -> 0 | CZ57: =S57*(CA57/100) -> 0 | DN57: 0 | DO57: 0 | DP57: 1 | DQ57: 1 | DU57: 1003 | DV57: м | DW57: м | DX57: 1 | EE57: 42146624 | EF57: 200 | EG57: Материалы строительные | EH57: 0 | EJ57: 1 | EK57: 1617 | EL57: ТСН-2001.1 Материалы строительные | EM57: ТСН-2001.1-1 | EQ57: 512 | ER57: 33.31 | ES57: 33.31 | ET57: 0 | EU57: 0 | EV57: 0 | EW57: 0 | EX57: 0 | EY57: 0 | FQ57: 0 | FR57: =ROUND(IF(AND(BH57=3,BI57=3),P57,0),2) -> 0 | FS57: 0 | FX57: 0 | FY57: 0 | GD57: 0 | GF57: -1045640726 | GG57: 2 | GH57: 1 | GI57: 2 | GJ57: 0 | GK57: =ROUND(R57*(S12)/100,2) -> 0 | GL57: =ROUND(IF(AND(BH57=3,BI57=3,FS57<>0),P57,0),2) -> 0 | GM57: =ROUND(O57+X57+Y57+GK57,2)+GX57 -> 98161.24 | GN57: =IF(OR(BI57=0,BI57=1),ROUND(O57+X57+Y57+GK57,2),0) -> 98161.24 | GO57: =IF(BI57=2,ROUND(O57+X57+Y57+GK57,2),0) -> 0 | GP57: =IF(BI57=4,ROUND(O57+X57+Y57+GK57,2)+GX57,0) -> 0 | GR57: 0 | GS57: 3 | GT57: 0 | GV57: =ROUND(GT57,6) -> 0 | GW57: 1 | GX57: =ROUND(GV57*GW57*I57,2) -> 0 | HA57: 0 | HB57: 0 | IK57: 0
A58: 17 | B58: 1 | E58: 16 | F58: 1.13-4-74 | G58: Кран шаровой латунный полнопроходной, со спускным элементом и заглушкой, Techno-C (аналог V3000В),Tmax=120°С, Р=2,5 МПа, диаметр 32 мм | H58: шт. | I58: 2 | J58: 0 | O58: =ROUND(CP58,2) -> 272.44 | P58: =ROUND(CQ58*I58,2) -> 272.44 | Q58: =ROUND(CR58*I58,2) -> 0 | R58: =ROUND(CS58*I58,2) -> 0 | S58: =ROUND(CT58*I58,2) -> 0 | T58: =ROUND(CU58*I58,2) -> 0 | U58: =CV58*I58 -> 0 | V58: =CW58*I58 -> 0 | W58: =ROUND(CX58*I58,2) -> 0 | X58: =ROUND(CY58,2) -> 0 | Y58: =ROUND(CZ58,2) -> 0 | AA58: 42559021 | AB58: =ROUND((AC58+AD58+AF58),6) -> 136.22 | AC58: =ROUND((ES58),6) -> 136.22 | AD58: =ROUND((ET58),6) -> 0 | AE58: =ROUND((EU58),6) -> 0 | AF58: =ROUND((EV58),6) -> 0 | AG58: =ROUND((AP58),6) -> 0 | AH58: =(EW58) -> 0 | AI58: =(EX58) -> 0 | AJ58: =ROUND((AS58),6) -> 0 | AK58: 136.22 | AL58: 136.22 | AM58: 0 | AN58: 0 | AO58: 0 | AP58: 0 | AQ58: 0 | AR58: 0 | AS58: 0 | AT58: 0 | AU58: 0 | AV58: 1 | AW58: 1 | AZ58: 1 | BA58: 1 | BB58: 1 | BC58: 1 | BH58: 3 | BI58: 1 | BJ58: ТСН-2001.1. Доп. 1-42. Р. 13, о. 4, поз. 74 | BM58: 1617 | BN58: 0 | BP58: 0 | BQ58: 200 | BR58: 0 | BS58: 1 | BT58: 1 | BU58: 1 | BV58: 1 | BW58: 1 | BX58: 1 | BZ58: 0 | CA58: 0 | CF58: 0 | CG58: 0 | CM58: 0 | CO58: 0 | CP58: =(P58+Q58+S58) -> 272.44 | CQ58: =(AC58*BC58*AW58) -> 136.22 | CR58: =(AD58*BB58*AV58) -> 0 | CS58: =(AE58*BS58*AV58) -> 0 | CT58: =(AF58*BA58*AV58) -> 0 | CU58: =AG58 -> 0 | CV58: =(AH58*AV58) -> 0 | CW58: =AI58 -> 0 | CX58: =AJ58 -> 0 | CY58: =((S58*BZ58)/100) -> 0 | CZ58: =((S58*CA58)/100) -> 0 | DN58: 0 | DO58: 0 | DP58: 1 | DQ58: 1 | DU58: 1010 | DV58: шт. | DW58: шт. | DX58: 1 | EE58: 42146624 | EF58: 200 | EG58: Материалы строительные | EH58: 0 | EJ58: 1 | EK58: 1617 | EL58: ТСН-2001.1 Материалы строительные | EM58: ТСН-2001.1-1 | EQ58: 512 | ER58: 136.22 | ES58: 136.22 | ET58: 0 | EU58: 0 | EV58: 0 | EW58: 0 | EX58: 0 | EY58: 0 | FQ58: 0 | FR58: =ROUND(IF(AND(BH58=3,BI58=3),P58,0),2) -> 0 | FS58: 0 | FX58: 0 | FY58: 0 | GD58: 0 | GF58: -1075244289 | GG58: 2 | GH58: 1 | GI58: -2 | GJ58: 0 | GK58: =ROUND(R58*(R12)/100,2) -> 0 | GL58: =ROUND(IF(AND(BH58=3,BI58=3,FS58<>0),P58,0),2) -> 0 | GM58: =ROUND(O58+X58+Y58+GK58,2)+GX58 -> 272.44 | GN58: =IF(OR(BI58=0,BI58=1),ROUND(O58+X58+Y58+GK58,2),0) -> 272.44 | GO58: =IF(BI58=2,ROUND(O58+X58+Y58+GK58,2),0) -> 0 | GP58: =IF(BI58=4,ROUND(O58+X58+Y58+GK58,2)+GX58,0) -> 0 | GR58: 0 | GS58: 3 | GT58: 0 | GV58: =ROUND(GT58,6) -> 0 | GW58: 1 | GX58: =ROUND(GV58*GW58*I58,2) -> 0 | HA58: 0 | HB58: 0 | IK58: 0
A59: 17 | B59: 1 | E59: 16 | F59: 1.13-4-74 | G59: Кран шаровой латунный полнопроходной, со спускным элементом и заглушкой, Techno-C (аналог V3000В),Tmax=120°С, Р=2,5 МПа, диаметр 32 мм | H59: шт. | I59: 2 | J59: 0 | O59: =ROUND(CP59,2) -> 3067.67 | P59: =ROUND(CQ59*I59,2) -> 3067.67 | Q59: =ROUND(CR59*I59,2) -> 0 | R59: =ROUND(CS59*I59,2) -> 0 | S59: =ROUND(CT59*I59,2) -> 0 | T59: =ROUND(CU59*I59,2) -> 0 | U59: =CV59*I59 -> 0 | V59: =CW59*I59 -> 0 | W59: =ROUND(CX59*I59,2) -> 0 | X59: =ROUND(CY59,2) -> 0 | Y59: =ROUND(CZ59,2) -> 0 | AA59: 42559019 | AB59: =ROUND((AC59+AD59+AF59),6) -> 136.22 | AC59: =ROUND((ES59),6) -> 136.22 | AD59: =ROUND((ET59),6) -> 0 | AE59: =ROUND((EU59),6) -> 0 | AF59: =ROUND((EV59),6) -> 0 | AG59: =ROUND((AP59),6) -> 0 | AH59: =(EW59) -> 0 | AI59: =(EX59) -> 0 | AJ59: =ROUND((AS59),6) -> 0 | AK59: 136.22 | AL59: 136.22 | AM59: 0 | AN59: 0 | AO59: 0 | AP59: 0 | AQ59: 0 | AR59: 0 | AS59: 0 | AT59: 0 | AU59: 0 | AV59: 1 | AW59: 1 | AZ59: 1 | BA59: 1 | BB59: 1 | BC59: 11.26 | BH59: 3 | BI59: 1 | BJ59: ТСН-2001.1. Доп. 1-42. Р. 13, о. 4, поз. 74 | BM59: 1617 | BN59: 0 | BO59: 1.13-4-74 | BP59: 1 | BQ59: 200 | BR59: 0 | BS59: 1 | BT59: 1 | BU59: 1 | BV59: 1 | BW59: 1 | BX59: 1 | BZ59: 0 | CA59: 0 | CF59: 0 | CG59: 0 | CM59: 0 | CO59: 0 | CP59: =(P59+Q59+S59) -> 3067.67 | CQ59: =(AC59*BC59*AW59) -> 1533.8372 | CR59: =(AD59*BB59*AV59) -> 0 | CS59: =(AE59*BS59*AV59) -> 0 | CT59: =(AF59*BA59*AV59) -> 0 | CU59: =AG59 -> 0 | CV59: =(AH59*AV59) -> 0 | CW59: =AI59 -> 0 | CX59: =AJ59 -> 0 | CY59: =S59*(BZ59/100) -> 0 | CZ59: =S59*(CA59/100) -> 0 | DN59: 0 | DO59: 0 | DP59: 1 | DQ59: 1 | DU59: 1010 | DV59: шт. | DW59: шт. | DX59: 1 | EE59: 42146624 | EF59: 200 | EG59: Материалы строительные | EH59: 0 | EJ59: 1 | EK59: 1617 | EL59: ТСН-2001.1 Материалы строительные | EM59: ТСН-2001.1-1 | EQ59: 512 | ER59: 136.22 | ES59: 136.22 | ET59: 0 | EU59: 0 | EV59: 0 | EW59: 0 | EX59: 0 | EY59: 0 | FQ59: 0 | FR59: =ROUND(IF(AND(BH59=3,BI59=3),P59,0),2) -> 0 | FS59: 0 | FX59: 0 | FY59: 0 | GD59: 0 | GF59: -1075244289 | GG59: 2 | GH59: 1 | GI59: 2 | GJ59: 0 | GK59: =ROUND(R59*(S12)/100,2) -> 0 | GL59: =ROUND(IF(AND(BH59=3,BI59=3,FS59<>0),P59,0),2) -> 0 | GM59: =ROUND(O59+X59+Y59+GK59,2)+GX59 -> 3067.67 | GN59: =IF(OR(BI59=0,BI59=1),ROUND(O59+X59+Y59+GK59,2),0) -> 3067.67 | GO59: =IF(BI59=2,ROUND(O59+X59+Y59+GK59,2),0) -> 0 | GP59: =IF(BI59=4,ROUND(O59+X59+Y59+GK59,2)+GX59,0) -> 0 | GR59: 0 | GS59: 3 | GT59: 0 | GV59: =ROUND(GT59,6) -> 0 | GW59: 1 | GX59: =ROUND(GV59*GW59*I59,2) -> 0 | HA59: 0 | HB59: 0 | IK59: 0
A60: 17 | B60: 1 | C60: =ROW(SmtRes!A27) -> 27 | D60: =ROW(EtalonRes!A54) -> 54 | E60: 17 | F60: 3.16-6-5 | G60: Прокладка трубопроводов отопления из стальных водогазопроводных неоцинкованных труб диаметром 40 мм | H60: 100 м трубопровода | I60: 3.05 | J60: 0 | O60: =ROUND(CP60,2) -> 1520.96 | P60: =ROUND(CQ60*I60,2) -> 55.3 | Q60: =ROUND(CR60*I60,2) -> 164.55 | R60: =ROUND(CS60*I60,2) -> 32.75 | S60: =ROUND(CT60*I60,2) -> 1301.11 | T60: =ROUND(CU60*I60,2) -> 0 | U60: =CV60*I60 -> 104.17275 | V60: =CW60*I60 -> 0 | W60: =ROUND(CX60*I60,2) -> 0 | X60: =ROUND(CY60,2) -> 1483.27 | Y60: =ROUND(CZ60,2) -> 871.74 | AA60: 42559021 | AB60: =ROUND((AC60+AD60+AF60),6) -> 498.6725 | AC60: =ROUND((ES60),6) -> 18.13 | AD60: =ROUND(((ET60*1.25)),6) -> 53.95 | AE60: =ROUND(((EU60*1.25)),6) -> 10.7375 | AF60: =ROUND(((EV60*1.15)),6) -> 426.5925 | AG60: =ROUND((AP60),6) -> 0 | AH60: =((EW60*1.15)) -> 34.155 | AI60: =((EX60*1.25)) -> 0 | AJ60: =ROUND((AS60),6) -> 0 | AK60: 432.24 | AL60: 18.13 | AM60: 43.16 | AN60: 8.59 | AO60: 370.95 | AP60: 0 | AQ60: 29.7 | AR60: 0 | AS60: 0 | AT60: 114 | AU60: 67 | AV60: 1 | AW60: 1 | AZ60: 1 | BA60: 1 | BB60: 1 | BC60: 1 | BH60: 0 | BI60: 1 | BJ60: ТСН-2001.3. Доп. 1-42. Сб. 16, т. 6, поз. 5 | BM60: 132 | BN60: 0 | BP60: 0 | BQ60: 30 | BR60: 0 | BS60: 1 | BT60: 1 | BU60: 1 | BV60: 1 | BW60: 1 | BX60: 1 | BZ60: 114 | CA60: 67 | CF60: 0 | CG60: 0 | CM60: 0 | CN60: Поправка: ТСН-2001.О.П. п.3.4. 6 Наименование: Выполняемые при ремонте и реконструкции работы аналогичные технологическим процессам, характерным для нового строительства и отсутствующим в сборниках на ремонтно-строительные работы | CO60: 0 | CP60: =(P60+Q60+S60) -> 1520.96 | CQ60: =(AC60*BC60*AW60) -> 18.13 | CR60: =(AD60*BB60*AV60) -> 53.95 | CS60: =(AE60*BS60*AV60) -> 10.7375 | CT60: =(AF60*BA60*AV60) -> 426.5925 | CU60: =AG60 -> 0 | CV60: =(AH60*AV60) -> 34.155 | CW60: =AI60 -> 0 | CX60: =AJ60 -> 0 | CY60: =((S60*BZ60)/100) -> 1483.2654 | CZ60: =((S60*CA60)/100) -> 871.7437 | DE60: )*1,25 | DF60: )*1,25 | DG60: )*1,15 | DI60: )*1,15 | DJ60: )*1,25 | DN60: 0 | DO60: 0 | DP60: 1.067 | DQ60: 1 | DU60: 1013 | DV60: 100 м трубопровода | DW60: 100 м трубопровода | DX60: 1 | EE60: 42145139 | EF60: 30 | EG60: Строительные работы | EH60: 0 | EJ60: 1 | EK60: 132 | EL60: ТСН-2001.3-16. 16-5...16-14 | EM60: ТСН-2001.3-16-4 | EO60: Поправка: ТСН-2001.О.П. п.3.4. 6 | EQ60: 512 | ER60: 432.24 | ES60: 18.13 | ET60: 43.16 | EU60: 8.59 | EV60: 370.95 | EW60: 29.7 | EX60: 0 | EY60: 0 | FQ60: 0 | FR60: =ROUND(IF(AND(BH60=3,BI60=3),P60,0),2) -> 0 | FS60: 0 | FX60: 114 | FY60: 67 | GD60: 0 | GF60: 126493280 | GG60: 2 | GH60: 1 | GI60: -2 | GJ60: 0 | GK60: =ROUND(R60*(R12)/100,2) -> 57.31 | GL60: =ROUND(IF(AND(BH60=3,BI60=3,FS60<>0),P60,0),2) -> 0 | GM60: =ROUND(O60+X60+Y60+GK60,2)+GX60 -> 3933.28 | GN60: =IF(OR(BI60=0,BI60=1),ROUND(O60+X60+Y60+GK60,2),0) -> 3933.28 | GO60: =IF(BI60=2,ROUND(O60+X60+Y60+GK60,2),0) -> 0 | GP60: =IF(BI60=4,ROUND(O60+X60+Y60+GK60,2)+GX60,0) -> 0 | GR60: 0 | GS60: 3 | GT60: 0 | GV60: =ROUND(GT60,6) -> 0 | GW60: 1 | GX60: =ROUND(GV60*GW60*I60,2) -> 0 | HA60: 0 | HB60: 0 | IK60: 0
A61: 17 | B61: 1 | C61: =ROW(SmtRes!A30) -> 30 | D61: =ROW(EtalonRes!A60) -> 60 | E61: 17 | F61: 3.16-6-5 | G61: Прокладка трубопроводов отопления из стальных водогазопроводных неоцинкованных труб диаметром 40 мм | H61: 100 м трубопровода | I61: 3.05 | J61: 0 | O61: =ROUND(CP61,2) -> 28212.34 | P61: =ROUND(CQ61*I61,2) -> 289.2 | Q61: =ROUND(CR61*I61,2) -> 1380.55 | R61: =ROUND(CS61*I61,2) -> 668.09 | S61: =ROUND(CT61*I61,2) -> 26542.59 | T61: =ROUND(CU61*I61,2) -> 0 | U61: =CV61*I61 -> 104.17275 | V61: =CW61*I61 -> 0 | W61: =ROUND(CX61*I61,2) -> 0 | X61: =ROUND(CY61,2) -> 23357.48 | Y61: =ROUND(CZ61,2) -> 10882.46 | AA61: 42559019 | AB61: =ROUND((AC61+AD61+AF61),6) -> 498.6725 | AC61: =ROUND((ES61),6) -> 18.13 | AD61: =ROUND(((ET61*1.25)),6) -> 53.95 | AE61: =ROUND(((EU61*1.25)),6) -> 10.7375 | AF61: =ROUND(((EV61*1.15)),6) -> 426.5925 | AG61: =ROUND((AP61),6) -> 0 | AH61: =((EW61*1.15)) -> 34.155 | AI61: =((EX61*1.25)) -> 0 | AJ61: =ROUND((AS61),6) -> 0 | AK61: 432.24 | AL61: 18.13 | AM61: 43.16 | AN61: 8.59 | AO61: 370.95 | AP61: 0 | AQ61: 29.7 | AR61: 0 | AS61: 0 | AT61: 88 | AU61: 41 | AV61: 1 | AW61: 1 | AZ61: 1 | BA61: 20.4 | BB61: 8.39 | BC61: 5.23 | BH61: 0 | BI61: 1 | BJ61: ТСН-2001.3. Доп. 1-42. Сб. 16, т. 6, поз. 5 | BM61: 132 | BN61: 0 | BO61: 3.16-6-5 | BP61: 1 | BQ61: 30 | BR61: 0 | BS61: 20.4 | BT61: 1 | BU61: 1 | BV61: 1 | BW61: 1 | BX61: 1 | BZ61: 88 | CA61: 41 | CF61: 0 | CG61: 0 | CM61: 0 | CN61: Поправка: ТСН-2001.О.П. п.3.4. 6 Наименование: Выполняемые при ремонте и реконструкции работы аналогичные технологическим процессам, характерным для нового строительства и отсутствующим в сборниках на ремонтно-строительные работы | CO61: 0 | CP61: =(P61+Q61+S61) -> 28212.34 | CQ61: =(AC61*BC61*AW61) -> 94.8199 | CR61: =(AD61*BB61*AV61) -> 452.6405 | CS61: =(AE61*BS61*AV61) -> 219.045 | CT61: =(AF61*BA61*AV61) -> 8702.487 | CU61: =AG61 -> 0 | CV61: =(AH61*AV61) -> 34.155 | CW61: =AI61 -> 0 | CX61: =AJ61 -> 0 | CY61: =S61*(BZ61/100) -> 23357.479 | CZ61: =S61*(CA61/100) -> 10882.462 | DE61: )*1,25 | DF61: )*1,25 | DG61: )*1,15 | DI61: )*1,15 | DJ61: )*1,25 | DN61: 114 | DO61: 67 | DP61: 1.067 | DQ61: 1 | DU61: 1013 | DV61: 100 м трубопровода | DW61: 100 м трубопровода | DX61: 1 | EE61: 42145139 | EF61: 30 | EG61: Строительные работы | EH61: 0 | EJ61: 1 | EK61: 132 | EL61: ТСН-2001.3-16. 16-5...16-14 | EM61: ТСН-2001.3-16-4 | EO61: Поправка: ТСН-2001.О.П. п.3.4. 6 | EQ61: 512 | ER61: 432.24 | ES61: 18.13 | ET61: 43.16 | EU61: 8.59 | EV61: 370.95 | EW61: 29.7 | EX61: 0 | EY61: 0 | FQ61: 0 | FR61: =ROUND(IF(AND(BH61=3,BI61=3),P61,0),2) -> 0 | FS61: 0 | FX61: 114 | FY61: 67 | GD61: 0 | GF61: 126493280 | GG61: 2 | GH61: 1 | GI61: 2 | GJ61: 0 | GK61: =ROUND(R61*(S12)/100,2) -> 1048.9 | GL61: =ROUND(IF(AND(BH61=3,BI61=3,FS61<>0),P61,0),2) -> 0 | GM61: =ROUND(O61+X61+Y61+GK61,2)+GX61 -> 63501.18 | GN61: =IF(OR(BI61=0,BI61=1),ROUND(O61+X61+Y61+GK61,2),0) -> 63501.18 | GO61: =IF(BI61=2,ROUND(O61+X61+Y61+GK61,2),0) -> 0 | GP61: =IF(BI61=4,ROUND(O61+X61+Y61+GK61,2)+GX61,0) -> 0 | GR61: 0 | GS61: 3 | GT61: 0 | GV61: =ROUND(GT61,6) -> 0 | GW61: 1 | GX61: =ROUND(GV61*GW61*I61,2) -> 0 | HA61: 0 | HB61: 0 | IK61: 0
A62: 17 | B62: 1 | E62: 18 | F62: 1.12-10-24 | G62: Средства для крепления радиаторов на кирпичных и бетонных стенах, крючки для труб, диаметр труб 50 мм | H62: 1000 шт. | I62: 0.153 | J62: 0 | O62: =ROUND(CP62,2) -> 1183.06 | P62: =ROUND(CQ62*I62,2) -> 1183.06 | Q62: =ROUND(CR62*I62,2) -> 0 | R62: =ROUND(CS62*I62,2) -> 0 | S62: =ROUND(CT62*I62,2) -> 0 | T62: =ROUND(CU62*I62,2) -> 0 | U62: =CV62*I62 -> 0 | V62: =CW62*I62 -> 0 | W62: =ROUND(CX62*I62,2) -> 0 | X62: =ROUND(CY62,2) -> 0 | Y62: =ROUND(CZ62,2) -> 0 | AA62: 42559021 | AB62: =ROUND((AC62+AD62+AF62),6) -> 7732.42 | AC62: =ROUND((ES62),6) -> 7732.42 | AD62: =ROUND((ET62),6) -> 0 | AE62: =ROUND((EU62),6) -> 0 | AF62: =ROUND((EV62),6) -> 0 | AG62: =ROUND((AP62),6) -> 0 | AH62: =(EW62) -> 0 | AI62: =(EX62) -> 0 | AJ62: =ROUND((AS62),6) -> 0 | AK62: 7732.42 | AL62: 7732.42 | AM62: 0 | AN62: 0 | AO62: 0 | AP62: 0 | AQ62: 0 | AR62: 0 | AS62: 0 | AT62: 0 | AU62: 0 | AV62: 1 | AW62: 1 | AZ62: 1 | BA62: 1 | BB62: 1 | BC62: 1 | BH62: 3 | BI62: 1 | BJ62: ТСН-2001.1. Доп. 1-42. Р. 12, о. 10, поз. 24 | BM62: 1617 | BN62: 0 | BP62: 0 | BQ62: 200 | BR62: 0 | BS62: 1 | BT62: 1 | BU62: 1 | BV62: 1 | BW62: 1 | BX62: 1 | BZ62: 0 | CA62: 0 | CF62: 0 | CG62: 0 | CM62: 0 | CO62: 0 | CP62: =(P62+Q62+S62) -> 1183.06 | CQ62: =(AC62*BC62*AW62) -> 7732.42 | CR62: =(AD62*BB62*AV62) -> 0 | CS62: =(AE62*BS62*AV62) -> 0 | CT62: =(AF62*BA62*AV62) -> 0 | CU62: =AG62 -> 0 | CV62: =(AH62*AV62) -> 0 | CW62: =AI62 -> 0 | CX62: =AJ62 -> 0 | CY62: =((S62*BZ62)/100) -> 0 | CZ62: =((S62*CA62)/100) -> 0 | DN62: 0 | DO62: 0 | DP62: 1 | DQ62: 1 | DU62: 1010 | DV62: 1000 шт. | DW62: 1000 шт. | DX62: 1000 | EE62: 42146624 | EF62: 200 | EG62: Материалы строительные | EH62: 0 | EJ62: 1 | EK62: 1617 | EL62: ТСН-2001.1 Материалы строительные | EM62: ТСН-2001.1-1 | EQ62: 512 | ER62: 7732.42 | ES62: 7732.42 | ET62: 0 | EU62: 0 | EV62: 0 | EW62: 0 | EX62: 0 | EY62: 0 | FQ62: 0 | FR62: =ROUND(IF(AND(BH62=3,BI62=3),P62,0),2) -> 0 | FS62: 0 | FX62: 0 | FY62: 0 | GD62: 0 | GF62: 76125446 | GG62: 2 | GH62: 1 | GI62: -2 | GJ62: 0 | GK62: =ROUND(R62*(R12)/100,2) -> 0 | GL62: =ROUND(IF(AND(BH62=3,BI62=3,FS62<>0),P62,0),2) -> 0 | GM62: =ROUND(O62+X62+Y62+GK62,2)+GX62 -> 1183.06 | GN62: =IF(OR(BI62=0,BI62=1),ROUND(O62+X62+Y62+GK62,2),0) -> 1183.06 | GO62: =IF(BI62=2,ROUND(O62+X62+Y62+GK62,2),0) -> 0 | GP62: =IF(BI62=4,ROUND(O62+X62+Y62+GK62,2)+GX62,0) -> 0 | GR62: 0 | GS62: 3 | GT62: 0 | GV62: =ROUND(GT62,6) -> 0 | GW62: 1 | GX62: =ROUND(GV62*GW62*I62,2) -> 0 | HA62: 0 | HB62: 0 | IK62: 0
A63: 17 | B63: 1 | E63: 18 | F63: 1.12-10-24 | G63: Средства для крепления радиаторов на кирпичных и бетонных стенах, крючки для труб, диаметр труб 50 мм | H63: 1000 шт. | I63: 0.153 | J63: 0 | O63: =ROUND(CP63,2) -> 5560.38 | P63: =ROUND(CQ63*I63,2) -> 5560.38 | Q63: =ROUND(CR63*I63,2) -> 0 | R63: =ROUND(CS63*I63,2) -> 0 | S63: =ROUND(CT63*I63,2) -> 0 | T63: =ROUND(CU63*I63,2) -> 0 | U63: =CV63*I63 -> 0 | V63: =CW63*I63 -> 0 | W63: =ROUND(CX63*I63,2) -> 0 | X63: =ROUND(CY63,2) -> 0 | Y63: =ROUND(CZ63,2) -> 0 | AA63: 42559019 | AB63: =ROUND((AC63+AD63+AF63),6) -> 7732.42 | AC63: =ROUND((ES63),6) -> 7732.42 | AD63: =ROUND((ET63),6) -> 0 | AE63: =ROUND((EU63),6) -> 0 | AF63: =ROUND((EV63),6) -> 0 | AG63: =ROUND((AP63),6) -> 0 | AH63: =(EW63) -> 0 | AI63: =(EX63) -> 0 | AJ63: =ROUND((AS63),6) -> 0 | AK63: 7732.42 | AL63: 7732.42 | AM63: 0 | AN63: 0 | AO63: 0 | AP63: 0 | AQ63: 0 | AR63: 0 | AS63: 0 | AT63: 0 | AU63: 0 | AV63: 1 | AW63: 1 | AZ63: 1 | BA63: 1 | BB63: 1 | BC63: 4.7 | BH63: 3 | BI63: 1 | BJ63: ТСН-2001.1. Доп. 1-42. Р. 12, о. 10, поз. 24 | BM63: 1617 | BN63: 0 | BO63: 1.12-10-24 | BP63: 1 | BQ63: 200 | BR63: 0 | BS63: 1 | BT63: 1 | BU63: 1 | BV63: 1 | BW63: 1 | BX63: 1 | BZ63: 0 | CA63: 0 | CF63: 0 | CG63: 0 | CM63: 0 | CO63: 0 | CP63: =(P63+Q63+S63) -> 5560.38 | CQ63: =(AC63*BC63*AW63) -> 36342.374 | CR63: =(AD63*BB63*AV63) -> 0 | CS63: =(AE63*BS63*AV63) -> 0 | CT63: =(AF63*BA63*AV63) -> 0 | CU63: =AG63 -> 0 | CV63: =(AH63*AV63) -> 0 | CW63: =AI63 -> 0 | CX63: =AJ63 -> 0 | CY63: =S63*(BZ63/100) -> 0 | CZ63: =S63*(CA63/100) -> 0 | DN63: 0 | DO63: 0 | DP63: 1 | DQ63: 1 | DU63: 1010 | DV63: 1000 шт. | DW63: 1000 шт. | DX63: 1000 | EE63: 42146624 | EF63: 200 | EG63: Материалы строительные | EH63: 0 | EJ63: 1 | EK63: 1617 | EL63: ТСН-2001.1 Материалы строительные | EM63: ТСН-2001.1-1 | EQ63: 512 | ER63: 7732.42 | ES63: 7732.42 | ET63: 0 | EU63: 0 | EV63: 0 | EW63: 0 | EX63: 0 | EY63: 0 | FQ63: 0 | FR63: =ROUND(IF(AND(BH63=3,BI63=3),P63,0),2) -> 0 | FS63: 0 | FX63: 0 | FY63: 0 | GD63: 0 | GF63: 76125446 | GG63: 2 | GH63: 1 | GI63: 2 | GJ63: 0 | GK63: =ROUND(R63*(S12)/100,2) -> 0 | GL63: =ROUND(IF(AND(BH63=3,BI63=3,FS63<>0),P63,0),2) -> 0 | GM63: =ROUND(O63+X63+Y63+GK63,2)+GX63 -> 5560.38 | GN63: =IF(OR(BI63=0,BI63=1),ROUND(O63+X63+Y63+GK63,2),0) -> 5560.38 | GO63: =IF(BI63=2,ROUND(O63+X63+Y63+GK63,2),0) -> 0 | GP63: =IF(BI63=4,ROUND(O63+X63+Y63+GK63,2)+GX63,0) -> 0 | GR63: 0 | GS63: 3 | GT63: 0 | GV63: =ROUND(GT63,6) -> 0 | GW63: 1 | GX63: =ROUND(GV63*GW63*I63,2) -> 0 | HA63: 0 | HB63: 0 | IK63: 0
A64: 17 | B64: 1 | E64: 19 | F64: 1.12-1-44 | G64: Узлы трубопроводов из стальных водогазопроводных неоцинкованных труб с гильзами для систем отопления, диаметр условного прохода 40 мм | H64: м | I64: 305 | J64: 0 | O64: =ROUND(CP64,2) -> 10983.05 | P64: =ROUND(CQ64*I64,2) -> 10983.05 | Q64: =ROUND(CR64*I64,2) -> 0 | R64: =ROUND(CS64*I64,2) -> 0 | S64: =ROUND(CT64*I64,2) -> 0 | T64: =ROUND(CU64*I64,2) -> 0 | U64: =CV64*I64 -> 0 | V64: =CW64*I64 -> 0 | W64: =ROUND(CX64*I64,2) -> 0 | X64: =ROUND(CY64,2) -> 0 | Y64: =ROUND(CZ64,2) -> 0 | AA64: 42559021 | AB64: =ROUND((AC64+AD64+AF64),6) -> 36.01 | AC64: =ROUND((ES64),6) -> 36.01 | AD64: =ROUND((ET64),6) -> 0 | AE64: =ROUND((EU64),6) -> 0 | AF64: =ROUND((EV64),6) -> 0 | AG64: =ROUND((AP64),6) -> 0 | AH64: =(EW64) -> 0 | AI64: =(EX64) -> 0 | AJ64: =ROUND((AS64),6) -> 0 | AK64: 36.01 | AL64: 36.01 | AM64: 0 | AN64: 0 | AO64: 0 | AP64: 0 | AQ64: 0 | AR64: 0 | AS64: 0 | AT64: 0 | AU64: 0 | AV64: 1 | AW64: 1 | AZ64: 1 | BA64: 1 | BB64: 1 | BC64: 1 | BH64: 3 | BI64: 1 | BJ64: ТСН-2001.1. Доп. 1-42. Р. 12, о. 1, поз. 44 | BM64: 1617 | BN64: 0 | BP64: 0 | BQ64: 200 | BR64: 0 | BS64: 1 | BT64: 1 | BU64: 1 | BV64: 1 | BW64: 1 | BX64: 1 | BZ64: 0 | CA64: 0 | CF64: 0 | CG64: 0 | CM64: 0 | CO64: 0 | CP64: =(P64+Q64+S64) -> 10983.05 | CQ64: =(AC64*BC64*AW64) -> 36.01 | CR64: =(AD64*BB64*AV64) -> 0 | CS64: =(AE64*BS64*AV64) -> 0 | CT64: =(AF64*BA64*AV64) -> 0 | CU64: =AG64 -> 0 | CV64: =(AH64*AV64) -> 0 | CW64: =AI64 -> 0 | CX64: =AJ64 -> 0 | CY64: =((S64*BZ64)/100) -> 0 | CZ64: =((S64*CA64)/100) -> 0 | DN64: 0 | DO64: 0 | DP64: 1 | DQ64: 1 | DU64: 1003 | DV64: м | DW64: м | DX64: 1 | EE64: 42146624 | EF64: 200 | EG64: Материалы строительные | EH64: 0 | EJ64: 1 | EK64: 1617 | EL64: ТСН-2001.1 Материалы строительные | EM64: ТСН-2001.1-1 | EQ64: 512 | ER64: 36.01 | ES64: 36.01 | ET64: 0 | EU64: 0 | EV64: 0 | EW64: 0 | EX64: 0 | EY64: 0 | FQ64: 0 | FR64: =ROUND(IF(AND(BH64=3,BI64=3),P64,0),2) -> 0 | FS64: 0 | FX64: 0 | FY64: 0 | GD64: 0 | GF64: 900208303 | GG64: 2 | GH64: 1 | GI64: -2 | GJ64: 0 | GK64: =ROUND(R64*(R12)/100,2) -> 0 | GL64: =ROUND(IF(AND(BH64=3,BI64=3,FS64<>0),P64,0),2) -> 0 | GM64: =ROUND(O64+X64+Y64+GK64,2)+GX64 -> 10983.05 | GN64: =IF(OR(BI64=0,BI64=1),ROUND(O64+X64+Y64+GK64,2),0) -> 10983.05 | GO64: =IF(BI64=2,ROUND(O64+X64+Y64+GK64,2),0) -> 0 | GP64: =IF(BI64=4,ROUND(O64+X64+Y64+GK64,2)+GX64,0) -> 0 | GR64: 0 | GS64: 3 | GT64: 0 | GV64: =ROUND(GT64,6) -> 0 | GW64: 1 | GX64: =ROUND(GV64*GW64*I64,2) -> 0 | HA64: 0 | HB64: 0 | IK64: 0
A65: 17 | B65: 1 | E65: 19 | F65: 1.12-1-44 | G65: Узлы трубопроводов из стальных водогазопроводных неоцинкованных труб с гильзами для систем отопления, диаметр условного прохода 40 мм | H65: м | I65: 305 | J65: 0 | O65: =ROUND(CP65,2) -> 108512.53 | P65: =ROUND(CQ65*I65,2) -> 108512.53 | Q65: =ROUND(CR65*I65,2) -> 0 | R65: =ROUND(CS65*I65,2) -> 0 | S65: =ROUND(CT65*I65,2) -> 0 | T65: =ROUND(CU65*I65,2) -> 0 | U65: =CV65*I65 -> 0 | V65: =CW65*I65 -> 0 | W65: =ROUND(CX65*I65,2) -> 0 | X65: =ROUND(CY65,2) -> 0 | Y65: =ROUND(CZ65,2) -> 0 | AA65: 42559019 | AB65: =ROUND((AC65+AD65+AF65),6) -> 36.01 | AC65: =ROUND((ES65),6) -> 36.01 | AD65: =ROUND((ET65),6) -> 0 | AE65: =ROUND((EU65),6) -> 0 | AF65: =ROUND((EV65),6) -> 0 | AG65: =ROUND((AP65),6) -> 0 | AH65: =(EW65) -> 0 | AI65: =(EX65) -> 0 | AJ65: =ROUND((AS65),6) -> 0 | AK65: 36.01 | AL65: 36.01 | AM65: 0 | AN65: 0 | AO65: 0 | AP65: 0 | AQ65: 0 | AR65: 0 | AS65: 0 | AT65: 0 | AU65: 0 | AV65: 1 | AW65: 1 | AZ65: 1 | BA65: 1 | BB65: 1 | BC65: 9.88 | BH65: 3 | BI65: 1 | BJ65: ТСН-2001.1. Доп. 1-42. Р. 12, о. 1, поз. 44 | BM65: 1617 | BN65: 0 | BO65: 1.12-1-44 | BP65: 1 | BQ65: 200 | BR65: 0 | BS65: 1 | BT65: 1 | BU65: 1 | BV65: 1 | BW65: 1 | BX65: 1 | BZ65: 0 | CA65: 0 | CF65: 0 | CG65: 0 | CM65: 0 | CO65: 0 | CP65: =(P65+Q65+S65) -> 108512.53 | CQ65: =(AC65*BC65*AW65) -> 355.7788 | CR65: =(AD65*BB65*AV65) -> 0 | CS65: =(AE65*BS65*AV65) -> 0 | CT65: =(AF65*BA65*AV65) -> 0 | CU65: =AG65 -> 0 | CV65: =(AH65*AV65) -> 0 | CW65: =AI65 -> 0 | CX65: =AJ65 -> 0 | CY65: =S65*(BZ65/100) -> 0 | CZ65: =S65*(CA65/100) -> 0 | DN65: 0 | DO65: 0 | DP65: 1 | DQ65: 1 | DU65: 1003 | DV65: м | DW65: м | DX65: 1 | EE65: 42146624 | EF65: 200 | EG65: Материалы строительные | EH65: 0 | EJ65: 1 | EK65: 1617 | EL65: ТСН-2001.1 Материалы строительные | EM65: ТСН-2001.1-1 | EQ65: 512 | ER65: 36.01 | ES65: 36.01 | ET65: 0 | EU65: 0 | EV65: 0 | EW65: 0 | EX65: 0 | EY65: 0 | FQ65: 0 | FR65: =ROUND(IF(AND(BH65=3,BI65=3),P65,0),2) -> 0 | FS65: 0 | FX65: 0 | FY65: 0 | GD65: 0 | GF65: 900208303 | GG65: 2 | GH65: 1 | GI65: 2 | GJ65: 0 | GK65: =ROUND(R65*(S12)/100,2) -> 0 | GL65: =ROUND(IF(AND(BH65=3,BI65=3,FS65<>0),P65,0),2) -> 0 | GM65: =ROUND(O65+X65+Y65+GK65,2)+GX65 -> 108512.53 | GN65: =IF(OR(BI65=0,BI65=1),ROUND(O65+X65+Y65+GK65,2),0) -> 108512.53 | GO65: =IF(BI65=2,ROUND(O65+X65+Y65+GK65,2),0) -> 0 | GP65: =IF(BI65=4,ROUND(O65+X65+Y65+GK65,2)+GX65,0) -> 0 | GR65: 0 | GS65: 3 | GT65: 0 | GV65: =ROUND(GT65,6) -> 0 | GW65: 1 | GX65: =ROUND(GV65*GW65*I65,2) -> 0 | HA65: 0 | HB65: 0 | IK65: 0
A66: 17 | B66: 1 | E66: 20 | F66: 1.13-4-75 | G66: Кран шаровой латунный полнопроходной, со спускным элементом и заглушкой, Techno-C (аналог V3000В),Tmax=120°С, Р=2,5 МПа, диаметр 40 мм | H66: шт. | I66: 4 | J66: 0 | O66: =ROUND(CP66,2) -> 865.76 | P66: =ROUND(CQ66*I66,2) -> 865.76 | Q66: =ROUND(CR66*I66,2) -> 0 | R66: =ROUND(CS66*I66,2) -> 0 | S66: =ROUND(CT66*I66,2) -> 0 | T66: =ROUND(CU66*I66,2) -> 0 | U66: =CV66*I66 -> 0 | V66: =CW66*I66 -> 0 | W66: =ROUND(CX66*I66,2) -> 0 | X66: =ROUND(CY66,2) -> 0 | Y66: =ROUND(CZ66,2) -> 0 | AA66: 42559021 | AB66: =ROUND((AC66+AD66+AF66),6) -> 216.44 | AC66: =ROUND((ES66),6) -> 216.44 | AD66: =ROUND((ET66),6) -> 0 | AE66: =ROUND((EU66),6) -> 0 | AF66: =ROUND((EV66),6) -> 0 | AG66: =ROUND((AP66),6) -> 0 | AH66: =(EW66) -> 0 | AI66: =(EX66) -> 0 | AJ66: =ROUND((AS66),6) -> 0 | AK66: 216.44 | AL66: 216.44 | AM66: 0 | AN66: 0 | AO66: 0 | AP66: 0 | AQ66: 0 | AR66: 0 | AS66: 0 | AT66: 0 | AU66: 0 | AV66: 1 | AW66: 1 | AZ66: 1 | BA66: 1 | BB66: 1 | BC66: 1 | BH66: 3 | BI66: 1 | BJ66: ТСН-2001.1. Доп. 1-42. Р. 13, о. 4, поз. 75 | BM66: 1617 | BN66: 0 | BP66: 0 | BQ66: 200 | BR66: 0 | BS66: 1 | BT66: 1 | BU66: 1 | BV66: 1 | BW66: 1 | BX66: 1 | BZ66: 0 | CA66: 0 | CF66: 0 | CG66: 0 | CM66: 0 | CO66: 0 | CP66: =(P66+Q66+S66) -> 865.76 | CQ66: =(AC66*BC66*AW66) -> 216.44 | CR66: =(AD66*BB66*AV66) -> 0 | CS66: =(AE66*BS66*AV66) -> 0 | CT66: =(AF66*BA66*AV66) -> 0 | CU66: =AG66 -> 0 | CV66: =(AH66*AV66) -> 0 | CW66: =AI66 -> 0 | CX66: =AJ66 -> 0 | CY66: =((S66*BZ66)/100) -> 0 | CZ66: =((S66*CA66)/100) -> 0 | DN66: 0 | DO66: 0 | DP66: 1 | DQ66: 1 | DU66: 1010 | DV66: шт. | DW66: шт. | DX66: 1 | EE66: 42146624 | EF66: 200 | EG66: Материалы строительные | EH66: 0 | EJ66: 1 | EK66: 1617 | EL66: ТСН-2001.1 Материалы строительные | EM66: ТСН-2001.1-1 | EQ66: 512 | ER66: 216.44 | ES66: 216.44 | ET66: 0 | EU66: 0 | EV66: 0 | EW66: 0 | EX66: 0 | EY66: 0 | FQ66: 0 | FR66: =ROUND(IF(AND(BH66=3,BI66=3),P66,0),2) -> 0 | FS66: 0 | FX66: 0 | FY66: 0 | GD66: 0 | GF66: 858170864 | GG66: 2 | GH66: 1 | GI66: -2 | GJ66: 0 | GK66: =ROUND(R66*(R12)/100,2) -> 0 | GL66: =ROUND(IF(AND(BH66=3,BI66=3,FS66<>0),P66,0),2) -> 0 | GM66: =ROUND(O66+X66+Y66+GK66,2)+GX66 -> 865.76 | GN66: =IF(OR(BI66=0,BI66=1),ROUND(O66+X66+Y66+GK66,2),0) -> 865.76 | GO66: =IF(BI66=2,ROUND(O66+X66+Y66+GK66,2),0) -> 0 | GP66: =IF(BI66=4,ROUND(O66+X66+Y66+GK66,2)+GX66,0) -> 0 | GR66: 0 | GS66: 3 | GT66: 0 | GV66: =ROUND(GT66,6) -> 0 | GW66: 1 | GX66: =ROUND(GV66*GW66*I66,2) -> 0 | HA66: 0 | HB66: 0 | IK66: 0
A67: 17 | B67: 1 | E67: 20 | F67: 1.13-4-75 | G67: Кран шаровой латунный полнопроходной, со спускным элементом и заглушкой, Techno-C (аналог V3000В),Tmax=120°С, Р=2,5 МПа, диаметр 40 мм | H67: шт. | I67: 4 | J67: 0 | O67: =ROUND(CP67,2) -> 8588.34 | P67: =ROUND(CQ67*I67,2) -> 8588.34 | Q67: =ROUND(CR67*I67,2) -> 0 | R67: =ROUND(CS67*I67,2) -> 0 | S67: =ROUND(CT67*I67,2) -> 0 | T67: =ROUND(CU67*I67,2) -> 0 | U67: =CV67*I67 -> 0 | V67: =CW67*I67 -> 0 | W67: =ROUND(CX67*I67,2) -> 0 | X67: =ROUND(CY67,2) -> 0 | Y67: =ROUND(CZ67,2) -> 0 | AA67: 42559019 | AB67: =ROUND((AC67+AD67+AF67),6) -> 216.44 | AC67: =ROUND((ES67),6) -> 216.44 | AD67: =ROUND((ET67),6) -> 0 | AE67: =ROUND((EU67),6) -> 0 | AF67: =ROUND((EV67),6) -> 0 | AG67: =ROUND((AP67),6) -> 0 | AH67: =(EW67) -> 0 | AI67: =(EX67) -> 0 | AJ67: =ROUND((AS67),6) -> 0 | AK67: 216.44 | AL67: 216.44 | AM67: 0 | AN67: 0 | AO67: 0 | AP67: 0 | AQ67: 0 | AR67: 0 | AS67: 0 | AT67: 0 | AU67: 0 | AV67: 1 | AW67: 1 | AZ67: 1 | BA67: 1 | BB67: 1 | BC67: 9.92 | BH67: 3 | BI67: 1 | BJ67: ТСН-2001.1. Доп. 1-42. Р. 13, о. 4, поз. 75 | BM67: 1617 | BN67: 0 | BO67: 1.13-4-75 | BP67: 1 | BQ67: 200 | BR67: 0 | BS67: 1 | BT67: 1 | BU67: 1 | BV67: 1 | BW67: 1 | BX67: 1 | BZ67: 0 | CA67: 0 | CF67: 0 | CG67: 0 | CM67: 0 | CO67: 0 | CP67: =(P67+Q67+S67) -> 8588.34 | CQ67: =(AC67*BC67*AW67) -> 2147.0848 | CR67: =(AD67*BB67*AV67) -> 0 | CS67: =(AE67*BS67*AV67) -> 0 | CT67: =(AF67*BA67*AV67) -> 0 | CU67: =AG67 -> 0 | CV67: =(AH67*AV67) -> 0 | CW67: =AI67 -> 0 | CX67: =AJ67 -> 0 | CY67: =S67*(BZ67/100) -> 0 | CZ67: =S67*(CA67/100) -> 0 | DN67: 0 | DO67: 0 | DP67: 1 | DQ67: 1 | DU67: 1010 | DV67: шт. | DW67: шт. | DX67: 1 | EE67: 42146624 | EF67: 200 | EG67: Материалы строительные | EH67: 0 | EJ67: 1 | EK67: 1617 | EL67: ТСН-2001.1 Материалы строительные | EM67: ТСН-2001.1-1 | EQ67: 512 | ER67: 216.44 | ES67: 216.44 | ET67: 0 | EU67: 0 | EV67: 0 | EW67: 0 | EX67: 0 | EY67: 0 | FQ67: 0 | FR67: =ROUND(IF(AND(BH67=3,BI67=3),P67,0),2) -> 0 | FS67: 0 | FX67: 0 | FY67: 0 | GD67: 0 | GF67: 858170864 | GG67: 2 | GH67: 1 | GI67: 2 | GJ67: 0 | GK67: =ROUND(R67*(S12)/100,2) -> 0 | GL67: =ROUND(IF(AND(BH67=3,BI67=3,FS67<>0),P67,0),2) -> 0 | GM67: =ROUND(O67+X67+Y67+GK67,2)+GX67 -> 8588.34 | GN67: =IF(OR(BI67=0,BI67=1),ROUND(O67+X67+Y67+GK67,2),0) -> 8588.34 | GO67: =IF(BI67=2,ROUND(O67+X67+Y67+GK67,2),0) -> 0 | GP67: =IF(BI67=4,ROUND(O67+X67+Y67+GK67,2)+GX67,0) -> 0 | GR67: 0 | GS67: 3 | GT67: 0 | GV67: =ROUND(GT67,6) -> 0 | GW67: 1 | GX67: =ROUND(GV67*GW67*I67,2) -> 0 | HA67: 0 | HB67: 0 | IK67: 0
A68: 17 | B68: 1 | C68: =ROW(SmtRes!A33) -> 33 | D68: =ROW(EtalonRes!A65) -> 65 | E68: 21 | F68: 3.16-10-2 | G68: Прокладка трубопроводов отопления и водоснабжения из стальных электросварных труб диаметром 50 мм | H68: 100 м трубопровода | I68: 4.6 | J68: 0 | O68: =ROUND(CP68,2) -> 4776.57 | P68: =ROUND(CQ68*I68,2) -> 156.49 | Q68: =ROUND(CR68*I68,2) -> 875.61 | R68: =ROUND(CS68*I68,2) -> 95.97 | S68: =ROUND(CT68*I68,2) -> 3744.47 | T68: =ROUND(CU68*I68,2) -> 0 | U68: =CV68*I68 -> 292.537 | V68: =CW68*I68 -> 0 | W68: =ROUND(CX68*I68,2) -> 0 | X68: =ROUND(CY68,2) -> 4268.7 | Y68: =ROUND(CZ68,2) -> 2508.79 | AA68: 42559021 | AB68: =ROUND((AC68+AD68+AF68),6) -> 1038.386 | AC68: =ROUND((ES68),6) -> 34.02 | AD68: =ROUND(((ET68*1.25)),6) -> 190.35 | AE68: =ROUND(((EU68*1.25)),6) -> 20.8625 | AF68: =ROUND(((EV68*1.15)),6) -> 814.016 | AG68: =ROUND((AP68),6) -> 0 | AH68: =((EW68*1.15)) -> 63.595 | AI68: =((EX68*1.25)) -> 0 | AJ68: =ROUND((AS68),6) -> 0 | AK68: 894.14 | AL68: 34.02 | AM68: 152.28 | AN68: 16.69 | AO68: 707.84 | AP68: 0 | AQ68: 55.3 | AR68: 0 | AS68: 0 | AT68: 114 | AU68: 67 | AV68: 1 | AW68: 1 | AZ68: 1 | BA68: 1 | BB68: 1 | BC68: 1 | BH68: 0 | BI68: 1 | BJ68: ТСН-2001.3. Доп. 1-42. Сб. 16, т. 10, поз. 2 | BM68: 132 | BN68: 0 | BP68: 0 | BQ68: 30 | BR68: 0 | BS68: 1 | BT68: 1 | BU68: 1 | BV68: 1 | BW68: 1 | BX68: 1 | BZ68: 114 | CA68: 67 | CF68: 0 | CG68: 0 | CM68: 0 | CN68: Поправка: ТСН-2001.О.П. п.3.4. 6 Наименование: Выполняемые при ремонте и реконструкции работы аналогичные технологическим процессам, характерным для нового строительства и отсутствующим в сборниках на ремонтно-строительные работы | CO68: 0 | CP68: =(P68+Q68+S68) -> 4776.57 | CQ68: =(AC68*BC68*AW68) -> 34.02 | CR68: =(AD68*BB68*AV68) -> 190.35 | CS68: =(AE68*BS68*AV68) -> 20.8625 | CT68: =(AF68*BA68*AV68) -> 814.016 | CU68: =AG68 -> 0 | CV68: =(AH68*AV68) -> 63.595 | CW68: =AI68 -> 0 | CX68: =AJ68 -> 0 | CY68: =((S68*BZ68)/100) -> 4268.6958 | CZ68: =((S68*CA68)/100) -> 2508.7949 | DE68: )*1,25 | DF68: )*1,25 | DG68: )*1,15 | DI68: )*1,15 | DJ68: )*1,25 | DN68: 0 | DO68: 0 | DP68: 1.067 | DQ68: 1 | DU68: 1013 | DV68: 100 м трубопровода | DW68: 100 м трубопровода | DX68: 1 | EE68: 42145139 | EF68: 30 | EG68: Строительные работы | EH68: 0 | EJ68: 1 | EK68: 132 | EL68: ТСН-2001.3-16. 16-5...16-14 | EM68: ТСН-2001.3-16-4 | EO68: Поправка: ТСН-2001.О.П. п.3.4. 6 | EQ68: 512 | ER68: 894.14 | ES68: 34.02 | ET68: 152.28 | EU68: 16.69 | EV68: 707.84 | EW68: 55.3 | EX68: 0 | EY68: 0 | FQ68: 0 | FR68: =ROUND(IF(AND(BH68=3,BI68=3),P68,0),2) -> 0 | FS68: 0 | FX68: 114 | FY68: 67 | GD68: 0 | GF68: -651955737 | GG68: 2 | GH68: 1 | GI68: -2 | GJ68: 0 | GK68: =ROUND(R68*(R12)/100,2) -> 167.95 | GL68: =ROUND(IF(AND(BH68=3,BI68=3,FS68<>0),P68,0),2) -> 0 | GM68: =ROUND(O68+X68+Y68+GK68,2)+GX68 -> 11722.01 | GN68: =IF(OR(BI68=0,BI68=1),ROUND(O68+X68+Y68+GK68,2),0) -> 11722.01 | GO68: =IF(BI68=2,ROUND(O68+X68+Y68+GK68,2),0) -> 0 | GP68: =IF(BI68=4,ROUND(O68+X68+Y68+GK68,2)+GX68,0) -> 0 | GR68: 0 | GS68: 3 | GT68: 0 | GV68: =ROUND(GT68,6) -> 0 | GW68: 1 | GX68: =ROUND(GV68*GW68*I68,2) -> 0 | HA68: 0 | HB68: 0 | IK68: 0
A69: 17 | B69: 1 | C69: =ROW(SmtRes!A36) -> 36 | D69: =ROW(EtalonRes!A70) -> 70 | E69: 21 | F69: 3.16-10-2 | G69: Прокладка трубопроводов отопления и водоснабжения из стальных электросварных труб диаметром 50 мм | H69: 100 м трубопровода | I69: 4.6 | J69: 0 | O69: =ROUND(CP69,2) -> 83378.76 | P69: =ROUND(CQ69*I69,2) -> 818.45 | Q69: =ROUND(CR69*I69,2) -> 6173.05 | R69: =ROUND(CS69*I69,2) -> 1957.74 | S69: =ROUND(CT69*I69,2) -> 76387.26 | T69: =ROUND(CU69*I69,2) -> 0 | U69: =CV69*I69 -> 292.537 | V69: =CW69*I69 -> 0 | W69: =ROUND(CX69*I69,2) -> 0 | X69: =ROUND(CY69,2) -> 67220.79 | Y69: =ROUND(CZ69,2) -> 31318.78 | AA69: 42559019 | AB69: =ROUND((AC69+AD69+AF69),6) -> 1038.386 | AC69: =ROUND((ES69),6) -> 34.02 | AD69: =ROUND(((ET69*1.25)),6) -> 190.35 | AE69: =ROUND(((EU69*1.25)),6) -> 20.8625 | AF69: =ROUND(((EV69*1.15)),6) -> 814.016 | AG69: =ROUND((AP69),6) -> 0 | AH69: =((EW69*1.15)) -> 63.595 | AI69: =((EX69*1.25)) -> 0 | AJ69: =ROUND((AS69),6) -> 0 | AK69: 894.14 | AL69: 34.02 | AM69: 152.28 | AN69: 16.69 | AO69: 707.84 | AP69: 0 | AQ69: 55.3 | AR69: 0 | AS69: 0 | AT69: 88 | AU69: 41 | AV69: 1 | AW69: 1 | AZ69: 1 | BA69: 20.4 | BB69: 7.05 | BC69: 5.23 | BH69: 0 | BI69: 1 | BJ69: ТСН-2001.3. Доп. 1-42. Сб. 16, т. 10, поз. 2 | BM69: 132 | BN69: 0 | BO69: 3.16-10-2 | BP69: 1 | BQ69: 30 | BR69: 0 | BS69: 20.4 | BT69: 1 | BU69: 1 | BV69: 1 | BW69: 1 | BX69: 1 | BZ69: 88 | CA69: 41 | CF69: 0 | CG69: 0 | CM69: 0 | CN69: Поправка: ТСН-2001.О.П. п.3.4. 6 Наименование: Выполняемые при ремонте и реконструкции работы аналогичные технологическим процессам, характерным для нового строительства и отсутствующим в сборниках на ремонтно-строительные работы | CO69: 0 | CP69: =(P69+Q69+S69) -> 83378.76 | CQ69: =(AC69*BC69*AW69) -> 177.9246 | CR69: =(AD69*BB69*AV69) -> 1341.9675 | CS69: =(AE69*BS69*AV69) -> 425.595 | CT69: =(AF69*BA69*AV69) -> 16605.926 | CU69: =AG69 -> 0 | CV69: =(AH69*AV69) -> 63.595 | CW69: =AI69 -> 0 | CX69: =AJ69 -> 0 | CY69: =S69*(BZ69/100) -> 67220.789 | CZ69: =S69*(CA69/100) -> 31318.777 | DE69: )*1,25 | DF69: )*1,25 | DG69: )*1,15 | DI69: )*1,15 | DJ69: )*1,25 | DN69: 114 | DO69: 67 | DP69: 1.067 | DQ69: 1 | DU69: 1013 | DV69: 100 м трубопровода | DW69: 100 м трубопровода | DX69: 1 | EE69: 42145139 | EF69: 30 | EG69: Строительные работы | EH69: 0 | EJ69: 1 | EK69: 132 | EL69: ТСН-2001.3-16. 16-5...16-14 | EM69: ТСН-2001.3-16-4 | EO69: Поправка: ТСН-2001.О.П. п.3.4. 6 | EQ69: 512 | ER69: 894.14 | ES69: 34.02 | ET69: 152.28 | EU69: 16.69 | EV69: 707.84 | EW69: 55.3 | EX69: 0 | EY69: 0 | FQ69: 0 | FR69: =ROUND(IF(AND(BH69=3,BI69=3),P69,0),2) -> 0 | FS69: 0 | FX69: 114 | FY69: 67 | GD69: 0 | GF69: -651955737 | GG69: 2 | GH69: 1 | GI69: 2 | GJ69: 0 | GK69: =ROUND(R69*(S12)/100,2) -> 3073.65 | GL69: =ROUND(IF(AND(BH69=3,BI69=3,FS69<>0),P69,0),2) -> 0 | GM69: =ROUND(O69+X69+Y69+GK69,2)+GX69 -> 184991.98 | GN69: =IF(OR(BI69=0,BI69=1),ROUND(O69+X69+Y69+GK69,2),0) -> 184991.98 | GO69: =IF(BI69=2,ROUND(O69+X69+Y69+GK69,2),0) -> 0 | GP69: =IF(BI69=4,ROUND(O69+X69+Y69+GK69,2)+GX69,0) -> 0 | GR69: 0 | GS69: 3 | GT69: 0 | GV69: =ROUND(GT69,6) -> 0 | GW69: 1 | GX69: =ROUND(GV69*GW69*I69,2) -> 0 | HA69: 0 | HB69: 0 | IK69: 0
A70: 17 | B70: 1 | E70: 22 | F70: 1.12-10-24 | G70: Средства для крепления радиаторов на кирпичных и бетонных стенах, крючки для труб, диаметр труб 50 мм | H70: 1000 шт. | I70: 0.23 | J70: 0 | O70: =ROUND(CP70,2) -> 1778.46 | P70: =ROUND(CQ70*I70,2) -> 1778.46 | Q70: =ROUND(CR70*I70,2) -> 0 | R70: =ROUND(CS70*I70,2) -> 0 | S70: =ROUND(CT70*I70,2) -> 0 | T70: =ROUND(CU70*I70,2) -> 0 | U70: =CV70*I70 -> 0 | V70: =CW70*I70 -> 0 | W70: =ROUND(CX70*I70,2) -> 0 | X70: =ROUND(CY70,2) -> 0 | Y70: =ROUND(CZ70,2) -> 0 | AA70: 42559021 | AB70: =ROUND((AC70+AD70+AF70),6) -> 7732.42 | AC70: =ROUND((ES70),6) -> 7732.42 | AD70: =ROUND((ET70),6) -> 0 | AE70: =ROUND((EU70),6) -> 0 | AF70: =ROUND((EV70),6) -> 0 | AG70: =ROUND((AP70),6) -> 0 | AH70: =(EW70) -> 0 | AI70: =(EX70) -> 0 | AJ70: =ROUND((AS70),6) -> 0 | AK70: 7732.42 | AL70: 7732.42 | AM70: 0 | AN70: 0 | AO70: 0 | AP70: 0 | AQ70: 0 | AR70: 0 | AS70: 0 | AT70: 0 | AU70: 0 | AV70: 1 | AW70: 1 | AZ70: 1 | BA70: 1 | BB70: 1 | BC70: 1 | BH70: 3 | BI70: 1 | BJ70: ТСН-2001.1. Доп. 1-42. Р. 12, о. 10, поз. 24 | BM70: 1617 | BN70: 0 | BP70: 0 | BQ70: 200 | BR70: 0 | BS70: 1 | BT70: 1 | BU70: 1 | BV70: 1 | BW70: 1 | BX70: 1 | BZ70: 0 | CA70: 0 | CF70: 0 | CG70: 0 | CM70: 0 | CO70: 0 | CP70: =(P70+Q70+S70) -> 1778.46 | CQ70: =(AC70*BC70*AW70) -> 7732.42 | CR70: =(AD70*BB70*AV70) -> 0 | CS70: =(AE70*BS70*AV70) -> 0 | CT70: =(AF70*BA70*AV70) -> 0 | CU70: =AG70 -> 0 | CV70: =(AH70*AV70) -> 0 | CW70: =AI70 -> 0 | CX70: =AJ70 -> 0 | CY70: =((S70*BZ70)/100) -> 0 | CZ70: =((S70*CA70)/100) -> 0 | DN70: 0 | DO70: 0 | DP70: 1 | DQ70: 1 | DU70: 1010 | DV70: 1000 шт. | DW70: 1000 шт. | DX70: 1000 | EE70: 42146624 | EF70: 200 | EG70: Материалы строительные | EH70: 0 | EJ70: 1 | EK70: 1617 | EL70: ТСН-2001.1 Материалы строительные | EM70: ТСН-2001.1-1 | EQ70: 512 | ER70: 7732.42 | ES70: 7732.42 | ET70: 0 | EU70: 0 | EV70: 0 | EW70: 0 | EX70: 0 | EY70: 0 | FQ70: 0 | FR70: =ROUND(IF(AND(BH70=3,BI70=3),P70,0),2) -> 0 | FS70: 0 | FX70: 0 | FY70: 0 | GD70: 0 | GF70: 76125446 | GG70: 2 | GH70: 1 | GI70: -2 | GJ70: 0 | GK70: =ROUND(R70*(R12)/100,2) -> 0 | GL70: =ROUND(IF(AND(BH70=3,BI70=3,FS70<>0),P70,0),2) -> 0 | GM70: =ROUND(O70+X70+Y70+GK70,2)+GX70 -> 1778.46 | GN70: =IF(OR(BI70=0,BI70=1),ROUND(O70+X70+Y70+GK70,2),0) -> 1778.46 | GO70: =IF(BI70=2,ROUND(O70+X70+Y70+GK70,2),0) -> 0 | GP70: =IF(BI70=4,ROUND(O70+X70+Y70+GK70,2)+GX70,0) -> 0 | GR70: 0 | GS70: 3 | GT70: 0 | GV70: =ROUND(GT70,6) -> 0 | GW70: 1 | GX70: =ROUND(GV70*GW70*I70,2) -> 0 | HA70: 0 | HB70: 0 | IK70: 0
A71: 17 | B71: 1 | E71: 22 | F71: 1.12-10-24 | G71: Средства для крепления радиаторов на кирпичных и бетонных стенах, крючки для труб, диаметр труб 50 мм | H71: 1000 шт. | I71: 0.23 | J71: 0 | O71: =ROUND(CP71,2) -> 8358.75 | P71: =ROUND(CQ71*I71,2) -> 8358.75 | Q71: =ROUND(CR71*I71,2) -> 0 | R71: =ROUND(CS71*I71,2) -> 0 | S71: =ROUND(CT71*I71,2) -> 0 | T71: =ROUND(CU71*I71,2) -> 0 | U71: =CV71*I71 -> 0 | V71: =CW71*I71 -> 0 | W71: =ROUND(CX71*I71,2) -> 0 | X71: =ROUND(CY71,2) -> 0 | Y71: =ROUND(CZ71,2) -> 0 | AA71: 42559019 | AB71: =ROUND((AC71+AD71+AF71),6) -> 7732.42 | AC71: =ROUND((ES71),6) -> 7732.42 | AD71: =ROUND((ET71),6) -> 0 | AE71: =ROUND((EU71),6) -> 0 | AF71: =ROUND((EV71),6) -> 0 | AG71: =ROUND((AP71),6) -> 0 | AH71: =(EW71) -> 0 | AI71: =(EX71) -> 0 | AJ71: =ROUND((AS71),6) -> 0 | AK71: 7732.42 | AL71: 7732.42 | AM71: 0 | AN71: 0 | AO71: 0 | AP71: 0 | AQ71: 0 | AR71: 0 | AS71: 0 | AT71: 0 | AU71: 0 | AV71: 1 | AW71: 1 | AZ71: 1 | BA71: 1 | BB71: 1 | BC71: 4.7 | BH71: 3 | BI71: 1 | BJ71: ТСН-2001.1. Доп. 1-42. Р. 12, о. 10, поз. 24 | BM71: 1617 | BN71: 0 | BO71: 1.12-10-24 | BP71: 1 | BQ71: 200 | BR71: 0 | BS71: 1 | BT71: 1 | BU71: 1 | BV71: 1 | BW71: 1 | BX71: 1 | BZ71: 0 | CA71: 0 | CF71: 0 | CG71: 0 | CM71: 0 | CO71: 0 | CP71: =(P71+Q71+S71) -> 8358.75 | CQ71: =(AC71*BC71*AW71) -> 36342.374 | CR71: =(AD71*BB71*AV71) -> 0 | CS71: =(AE71*BS71*AV71) -> 0 | CT71: =(AF71*BA71*AV71) -> 0 | CU71: =AG71 -> 0 | CV71: =(AH71*AV71) -> 0 | CW71: =AI71 -> 0 | CX71: =AJ71 -> 0 | CY71: =S71*(BZ71/100) -> 0 | CZ71: =S71*(CA71/100) -> 0 | DN71: 0 | DO71: 0 | DP71: 1 | DQ71: 1 | DU71: 1010 | DV71: 1000 шт. | DW71: 1000 шт. | DX71: 1000 | EE71: 42146624 | EF71: 200 | EG71: Материалы строительные | EH71: 0 | EJ71: 1 | EK71: 1617 | EL71: ТСН-2001.1 Материалы строительные | EM71: ТСН-2001.1-1 | EQ71: 512 | ER71: 7732.42 | ES71: 7732.42 | ET71: 0 | EU71: 0 | EV71: 0 | EW71: 0 | EX71: 0 | EY71: 0 | FQ71: 0 | FR71: =ROUND(IF(AND(BH71=3,BI71=3),P71,0),2) -> 0 | FS71: 0 | FX71: 0 | FY71: 0 | GD71: 0 | GF71: 76125446 | GG71: 2 | GH71: 1 | GI71: 2 | GJ71: 0 | GK71: =ROUND(R71*(S12)/100,2) -> 0 | GL71: =ROUND(IF(AND(BH71=3,BI71=3,FS71<>0),P71,0),2) -> 0 | GM71: =ROUND(O71+X71+Y71+GK71,2)+GX71 -> 8358.75 | GN71: =IF(OR(BI71=0,BI71=1),ROUND(O71+X71+Y71+GK71,2),0) -> 8358.75 | GO71: =IF(BI71=2,ROUND(O71+X71+Y71+GK71,2),0) -> 0 | GP71: =IF(BI71=4,ROUND(O71+X71+Y71+GK71,2)+GX71,0) -> 0 | GR71: 0 | GS71: 3 | GT71: 0 | GV71: =ROUND(GT71,6) -> 0 | GW71: 1 | GX71: =ROUND(GV71*GW71*I71,2) -> 0 | HA71: 0 | HB71: 0 | IK71: 0
A72: 17 | B72: 1 | E72: 23 | F72: 1.12-1-46 | G72: Узлы трубопроводов отопления, водоснабжения из стальных электросварных труб с гильзами, наружный диаметр (толщина стенки) 57х3,5 мм | H72: м | I72: 460 | J72: 0 | O72: =ROUND(CP72,2) -> 20488.4 | P72: =ROUND(CQ72*I72,2) -> 20488.4 | Q72: =ROUND(CR72*I72,2) -> 0 | R72: =ROUND(CS72*I72,2) -> 0 | S72: =ROUND(CT72*I72,2) -> 0 | T72: =ROUND(CU72*I72,2) -> 0 | U72: =CV72*I72 -> 0 | V72: =CW72*I72 -> 0 | W72: =ROUND(CX72*I72,2) -> 0 | X72: =ROUND(CY72,2) -> 0 | Y72: =ROUND(CZ72,2) -> 0 | AA72: 42559021 | AB72: =ROUND((AC72+AD72+AF72),6) -> 44.54 | AC72: =ROUND((ES72),6) -> 44.54 | AD72: =ROUND((ET72),6) -> 0 | AE72: =ROUND((EU72),6) -> 0 | AF72: =ROUND((EV72),6) -> 0 | AG72: =ROUND((AP72),6) -> 0 | AH72: =(EW72) -> 0 | AI72: =(EX72) -> 0 | AJ72: =ROUND((AS72),6) -> 0 | AK72: 44.54 | AL72: 44.54 | AM72: 0 | AN72: 0 | AO72: 0 | AP72: 0 | AQ72: 0 | AR72: 0 | AS72: 0 | AT72: 0 | AU72: 0 | AV72: 1 | AW72: 1 | AZ72: 1 | BA72: 1 | BB72: 1 | BC72: 1 | BH72: 3 | BI72: 1 | BJ72: ТСН-2001.1. Доп. 1-42. Р. 12, о. 1, поз. 46 | BM72: 1617 | BN72: 0 | BP72: 0 | BQ72: 200 | BR72: 0 | BS72: 1 | BT72: 1 | BU72: 1 | BV72: 1 | BW72: 1 | BX72: 1 | BZ72: 0 | CA72: 0 | CF72: 0 | CG72: 0 | CM72: 0 | CO72: 0 | CP72: =(P72+Q72+S72) -> 20488.4 | CQ72: =(AC72*BC72*AW72) -> 44.54 | CR72: =(AD72*BB72*AV72) -> 0 | CS72: =(AE72*BS72*AV72) -> 0 | CT72: =(AF72*BA72*AV72) -> 0 | CU72: =AG72 -> 0 | CV72: =(AH72*AV72) -> 0 | CW72: =AI72 -> 0 | CX72: =AJ72 -> 0 | CY72: =((S72*BZ72)/100) -> 0 | CZ72: =((S72*CA72)/100) -> 0 | DN72: 0 | DO72: 0 | DP72: 1 | DQ72: 1 | DU72: 1003 | DV72: м | DW72: м | DX72: 1 | EE72: 42146624 | EF72: 200 | EG72: Материалы строительные | EH72: 0 | EJ72: 1 | EK72: 1617 | EL72: ТСН-2001.1 Материалы строительные | EM72: ТСН-2001.1-1 | EQ72: 512 | ER72: 44.54 | ES72: 44.54 | ET72: 0 | EU72: 0 | EV72: 0 | EW72: 0 | EX72: 0 | EY72: 0 | FQ72: 0 | FR72: =ROUND(IF(AND(BH72=3,BI72=3),P72,0),2) -> 0 | FS72: 0 | FX72: 0 | FY72: 0 | GD72: 0 | GF72: -1198114077 | GG72: 2 | GH72: 1 | GI72: -2 | GJ72: 0 | GK72: =ROUND(R72*(R12)/100,2) -> 0 | GL72: =ROUND(IF(AND(BH72=3,BI72=3,FS72<>0),P72,0),2) -> 0 | GM72: =ROUND(O72+X72+Y72+GK72,2)+GX72 -> 20488.4 | GN72: =IF(OR(BI72=0,BI72=1),ROUND(O72+X72+Y72+GK72,2),0) -> 20488.4 | GO72: =IF(BI72=2,ROUND(O72+X72+Y72+GK72,2),0) -> 0 | GP72: =IF(BI72=4,ROUND(O72+X72+Y72+GK72,2)+GX72,0) -> 0 | GR72: 0 | GS72: 3 | GT72: 0 | GV72: =ROUND(GT72,6) -> 0 | GW72: 1 | GX72: =ROUND(GV72*GW72*I72,2) -> 0 | HA72: 0 | HB72: 0 | IK72: 0
A73: 17 | B73: 1 | E73: 23 | F73: 1.12-1-46 | G73: Узлы трубопроводов отопления, водоснабжения из стальных электросварных труб с гильзами, наружный диаметр (толщина стенки) 57х3,5 мм | H73: м | I73: 460 | J73: 0 | O73: =ROUND(CP73,2) -> 215537.97 | P73: =ROUND(CQ73*I73,2) -> 215537.97 | Q73: =ROUND(CR73*I73,2) -> 0 | R73: =ROUND(CS73*I73,2) -> 0 | S73: =ROUND(CT73*I73,2) -> 0 | T73: =ROUND(CU73*I73,2) -> 0 | U73: =CV73*I73 -> 0 | V73: =CW73*I73 -> 0 | W73: =ROUND(CX73*I73,2) -> 0 | X73: =ROUND(CY73,2) -> 0 | Y73: =ROUND(CZ73,2) -> 0 | AA73: 42559019 | AB73: =ROUND((AC73+AD73+AF73),6) -> 44.54 | AC73: =ROUND((ES73),6) -> 44.54 | AD73: =ROUND((ET73),6) -> 0 | AE73: =ROUND((EU73),6) -> 0 | AF73: =ROUND((EV73),6) -> 0 | AG73: =ROUND((AP73),6) -> 0 | AH73: =(EW73) -> 0 | AI73: =(EX73) -> 0 | AJ73: =ROUND((AS73),6) -> 0 | AK73: 44.54 | AL73: 44.54 | AM73: 0 | AN73: 0 | AO73: 0 | AP73: 0 | AQ73: 0 | AR73: 0 | AS73: 0 | AT73: 0 | AU73: 0 | AV73: 1 | AW73: 1 | AZ73: 1 | BA73: 1 | BB73: 1 | BC73: 10.52 | BH73: 3 | BI73: 1 | BJ73: ТСН-2001.1. Доп. 1-42. Р. 12, о. 1, поз. 46 | BM73: 1617 | BN73: 0 | BO73: 1.12-1-46 | BP73: 1 | BQ73: 200 | BR73: 0 | BS73: 1 | BT73: 1 | BU73: 1 | BV73: 1 | BW73: 1 | BX73: 1 | BZ73: 0 | CA73: 0 | CF73: 0 | CG73: 0 | CM73: 0 | CO73: 0 | CP73: =(P73+Q73+S73) -> 215537.97 | CQ73: =(AC73*BC73*AW73) -> 468.5608 | CR73: =(AD73*BB73*AV73) -> 0 | CS73: =(AE73*BS73*AV73) -> 0 | CT73: =(AF73*BA73*AV73) -> 0 | CU73: =AG73 -> 0 | CV73: =(AH73*AV73) -> 0 | CW73: =AI73 -> 0 | CX73: =AJ73 -> 0 | CY73: =S73*(BZ73/100) -> 0 | CZ73: =S73*(CA73/100) -> 0 | DN73: 0 | DO73: 0 | DP73: 1 | DQ73: 1 | DU73: 1003 | DV73: м | DW73: м | DX73: 1 | EE73: 42146624 | EF73: 200 | EG73: Материалы строительные | EH73: 0 | EJ73: 1 | EK73: 1617 | EL73: ТСН-2001.1 Материалы строительные | EM73: ТСН-2001.1-1 | EQ73: 512 | ER73: 44.54 | ES73: 44.54 | ET73: 0 | EU73: 0 | EV73: 0 | EW73: 0 | EX73: 0 | EY73: 0 | FQ73: 0 | FR73: =ROUND(IF(AND(BH73=3,BI73=3),P73,0),2) -> 0 | FS73: 0 | FX73: 0 | FY73: 0 | GD73: 0 | GF73: -1198114077 | GG73: 2 | GH73: 1 | GI73: 2 | GJ73: 0 | GK73: =ROUND(R73*(S12)/100,2) -> 0 | GL73: =ROUND(IF(AND(BH73=3,BI73=3,FS73<>0),P73,0),2) -> 0 | GM73: =ROUND(O73+X73+Y73+GK73,2)+GX73 -> 215537.97 | GN73: =IF(OR(BI73=0,BI73=1),ROUND(O73+X73+Y73+GK73,2),0) -> 215537.97 | GO73: =IF(BI73=2,ROUND(O73+X73+Y73+GK73,2),0) -> 0 | GP73: =IF(BI73=4,ROUND(O73+X73+Y73+GK73,2)+GX73,0) -> 0 | GR73: 0 | GS73: 3 | GT73: 0 | GV73: =ROUND(GT73,6) -> 0 | GW73: 1 | GX73: =ROUND(GV73*GW73*I73,2) -> 0 | HA73: 0 | HB73: 0 | IK73: 0
A74: 17 | B74: 1 | E74: 24 | F74: 1.13-4-76 | G74: Кран шаровой латунный полнопроходной, со спускным элементом и заглушкой, Techno-C (аналог V3000В),Tmax=120°С, Р=2,5 МПа, диаметр 50 мм | H74: шт. | I74: 2 | J74: 0 | O74: =ROUND(CP74,2) -> 559.56 | P74: =ROUND(CQ74*I74,2) -> 559.56 | Q74: =ROUND(CR74*I74,2) -> 0 | R74: =ROUND(CS74*I74,2) -> 0 | S74: =ROUND(CT74*I74,2) -> 0 | T74: =ROUND(CU74*I74,2) -> 0 | U74: =CV74*I74 -> 0 | V74: =CW74*I74 -> 0 | W74: =ROUND(CX74*I74,2) -> 0 | X74: =ROUND(CY74,2) -> 0 | Y74: =ROUND(CZ74,2) -> 0 | AA74: 42559021 | AB74: =ROUND((AC74+AD74+AF74),6) -> 279.78 | AC74: =ROUND((ES74),6) -> 279.78 | AD74: =ROUND((ET74),6) -> 0 | AE74: =ROUND((EU74),6) -> 0 | AF74: =ROUND((EV74),6) -> 0 | AG74: =ROUND((AP74),6) -> 0 | AH74: =(EW74) -> 0 | AI74: =(EX74) -> 0 | AJ74: =ROUND((AS74),6) -> 0 | AK74: 279.78 | AL74: 279.78 | AM74: 0 | AN74: 0 | AO74: 0 | AP74: 0 | AQ74: 0 | AR74: 0 | AS74: 0 | AT74: 0 | AU74: 0 | AV74: 1 | AW74: 1 | AZ74: 1 | BA74: 1 | BB74: 1 | BC74: 1 | BH74: 3 | BI74: 1 | BJ74: ТСН-2001.1. Доп. 1-42. Р. 13, о. 4, поз. 76 | BM74: 1617 | BN74: 0 | BP74: 0 | BQ74: 200 | BR74: 0 | BS74: 1 | BT74: 1 | BU74: 1 | BV74: 1 | BW74: 1 | BX74: 1 | BZ74: 0 | CA74: 0 | CF74: 0 | CG74: 0 | CM74: 0 | CO74: 0 | CP74: =(P74+Q74+S74) -> 559.56 | CQ74: =(AC74*BC74*AW74) -> 279.78 | CR74: =(AD74*BB74*AV74) -> 0 | CS74: =(AE74*BS74*AV74) -> 0 | CT74: =(AF74*BA74*AV74) -> 0 | CU74: =AG74 -> 0 | CV74: =(AH74*AV74) -> 0 | CW74: =AI74 -> 0 | CX74: =AJ74 -> 0 | CY74: =((S74*BZ74)/100) -> 0 | CZ74: =((S74*CA74)/100) -> 0 | DN74: 0 | DO74: 0 | DP74: 1 | DQ74: 1 | DU74: 1010 | DV74: шт. | DW74: шт. | DX74: 1 | EE74: 42146624 | EF74: 200 | EG74: Материалы строительные | EH74: 0 | EJ74: 1 | EK74: 1617 | EL74: ТСН-2001.1 Материалы строительные | EM74: ТСН-2001.1-1 | EQ74: 512 | ER74: 279.78 | ES74: 279.78 | ET74: 0 | EU74: 0 | EV74: 0 | EW74: 0 | EX74: 0 | EY74: 0 | FQ74: 0 | FR74: =ROUND(IF(AND(BH74=3,BI74=3),P74,0),2) -> 0 | FS74: 0 | FX74: 0 | FY74: 0 | GD74: 0 | GF74: 358222693 | GG74: 2 | GH74: 1 | GI74: -2 | GJ74: 0 | GK74: =ROUND(R74*(R12)/100,2) -> 0 | GL74: =ROUND(IF(AND(BH74=3,BI74=3,FS74<>0),P74,0),2) -> 0 | GM74: =ROUND(O74+X74+Y74+GK74,2)+GX74 -> 559.56 | GN74: =IF(OR(BI74=0,BI74=1),ROUND(O74+X74+Y74+GK74,2),0) -> 559.56 | GO74: =IF(BI74=2,ROUND(O74+X74+Y74+GK74,2),0) -> 0 | GP74: =IF(BI74=4,ROUND(O74+X74+Y74+GK74,2)+GX74,0) -> 0 | GR74: 0 | GS74: 3 | GT74: 0 | GV74: =ROUND(GT74,6) -> 0 | GW74: 1 | GX74: =ROUND(GV74*GW74*I74,2) -> 0 | HA74: 0 | HB74: 0 | IK74: 0
A75: 17 | B75: 1 | E75: 24 | F75: 1.13-4-76 | G75: Кран шаровой латунный полнопроходной, со спускным элементом и заглушкой, Techno-C (аналог V3000В),Tmax=120°С, Р=2,5 МПа, диаметр 50 мм | H75: шт. | I75: 2 | J75: 0 | O75: =ROUND(CP75,2) -> 6272.67 | P75: =ROUND(CQ75*I75,2) -> 6272.67 | Q75: =ROUND(CR75*I75,2) -> 0 | R75: =ROUND(CS75*I75,2) -> 0 | S75: =ROUND(CT75*I75,2) -> 0 | T75: =ROUND(CU75*I75,2) -> 0 | U75: =CV75*I75 -> 0 | V75: =CW75*I75 -> 0 | W75: =ROUND(CX75*I75,2) -> 0 | X75: =ROUND(CY75,2) -> 0 | Y75: =ROUND(CZ75,2) -> 0 | AA75: 42559019 | AB75: =ROUND((AC75+AD75+AF75),6) -> 279.78 | AC75: =ROUND((ES75),6) -> 279.78 | AD75: =ROUND((ET75),6) -> 0 | AE75: =ROUND((EU75),6) -> 0 | AF75: =ROUND((EV75),6) -> 0 | AG75: =ROUND((AP75),6) -> 0 | AH75: =(EW75) -> 0 | AI75: =(EX75) -> 0 | AJ75: =ROUND((AS75),6) -> 0 | AK75: 279.78 | AL75: 279.78 | AM75: 0 | AN75: 0 | AO75: 0 | AP75: 0 | AQ75: 0 | AR75: 0 | AS75: 0 | AT75: 0 | AU75: 0 | AV75: 1 | AW75: 1 | AZ75: 1 | BA75: 1 | BB75: 1 | BC75: 11.21 | BH75: 3 | BI75: 1 | BJ75: ТСН-2001.1. Доп. 1-42. Р. 13, о. 4, поз. 76 | BM75: 1617 | BN75: 0 | BO75: 1.13-4-76 | BP75: 1 | BQ75: 200 | BR75: 0 | BS75: 1 | BT75: 1 | BU75: 1 | BV75: 1 | BW75: 1 | BX75: 1 | BZ75: 0 | CA75: 0 | CF75: 0 | CG75: 0 | CM75: 0 | CO75: 0 | CP75: =(P75+Q75+S75) -> 6272.67 | CQ75: =(AC75*BC75*AW75) -> 3136.3338 | CR75: =(AD75*BB75*AV75) -> 0 | CS75: =(AE75*BS75*AV75) -> 0 | CT75: =(AF75*BA75*AV75) -> 0 | CU75: =AG75 -> 0 | CV75: =(AH75*AV75) -> 0 | CW75: =AI75 -> 0 | CX75: =AJ75 -> 0 | CY75: =S75*(BZ75/100) -> 0 | CZ75: =S75*(CA75/100) -> 0 | DN75: 0 | DO75: 0 | DP75: 1 | DQ75: 1 | DU75: 1010 | DV75: шт. | DW75: шт. | DX75: 1 | EE75: 42146624 | EF75: 200 | EG75: Материалы строительные | EH75: 0 | EJ75: 1 | EK75: 1617 | EL75: ТСН-2001.1 Материалы строительные | EM75: ТСН-2001.1-1 | EQ75: 512 | ER75: 279.78 | ES75: 279.78 | ET75: 0 | EU75: 0 | EV75: 0 | EW75: 0 | EX75: 0 | EY75: 0 | FQ75: 0 | FR75: =ROUND(IF(AND(BH75=3,BI75=3),P75,0),2) -> 0 | FS75: 0 | FX75: 0 | FY75: 0 | GD75: 0 | GF75: 358222693 | GG75: 2 | GH75: 1 | GI75: 2 | GJ75: 0 | GK75: =ROUND(R75*(S12)/100,2) -> 0 | GL75: =ROUND(IF(AND(BH75=3,BI75=3,FS75<>0),P75,0),2) -> 0 | GM75: =ROUND(O75+X75+Y75+GK75,2)+GX75 -> 6272.67 | GN75: =IF(OR(BI75=0,BI75=1),ROUND(O75+X75+Y75+GK75,2),0) -> 6272.67 | GO75: =IF(BI75=2,ROUND(O75+X75+Y75+GK75,2),0) -> 0 | GP75: =IF(BI75=4,ROUND(O75+X75+Y75+GK75,2)+GX75,0) -> 0 | GR75: 0 | GS75: 3 | GT75: 0 | GV75: =ROUND(GT75,6) -> 0 | GW75: 1 | GX75: =ROUND(GV75*GW75*I75,2) -> 0 | HA75: 0 | HB75: 0 | IK75: 0
A76: 17 | B76: 1 | E76: 25 | F76: 1.13-4-67 | G76: Кран шаровой латунный полнопроходной Techno-A (аналог V665), Tmax=120°С, Р=1,6 МПа, диаметр 65 мм | H76: шт. | I76: 0 | J76: 0 | O76: =ROUND(CP76,2) -> 0 | P76: =ROUND(CQ76*I76,2) -> 0 | Q76: =ROUND(CR76*I76,2) -> 0 | R76: =ROUND(CS76*I76,2) -> 0 | S76: =ROUND(CT76*I76,2) -> 0 | T76: =ROUND(CU76*I76,2) -> 0 | U76: =CV76*I76 -> 0 | V76: =CW76*I76 -> 0 | W76: =ROUND(CX76*I76,2) -> 0 | X76: =ROUND(CY76,2) -> 0 | Y76: =ROUND(CZ76,2) -> 0 | AA76: 42559021 | AB76: =ROUND((AC76+AD76+AF76),6) -> 527.69 | AC76: =ROUND((ES76),6) -> 527.69 | AD76: =ROUND((ET76),6) -> 0 | AE76: =ROUND((EU76),6) -> 0 | AF76: =ROUND((EV76),6) -> 0 | AG76: =ROUND((AP76),6) -> 0 | AH76: =(EW76) -> 0 | AI76: =(EX76) -> 0 | AJ76: =ROUND((AS76),6) -> 0 | AK76: 527.69 | AL76: 527.69 | AM76: 0 | AN76: 0 | AO76: 0 | AP76: 0 | AQ76: 0 | AR76: 0 | AS76: 0 | AT76: 0 | AU76: 0 | AV76: 1 | AW76: 1 | AZ76: 1 | BA76: 1 | BB76: 1 | BC76: 1 | BH76: 3 | BI76: 1 | BJ76: ТСН-2001.1. Доп. 1-42. Р. 13, о. 4, поз. 67 | BM76: 1617 | BN76: 0 | BP76: 0 | BQ76: 200 | BR76: 0 | BS76: 1 | BT76: 1 | BU76: 1 | BV76: 1 | BW76: 1 | BX76: 1 | BZ76: 0 | CA76: 0 | CF76: 0 | CG76: 0 | CM76: 0 | CO76: 0 | CP76: =(P76+Q76+S76) -> 0 | CQ76: =(AC76*BC76*AW76) -> 527.69 | CR76: =(AD76*BB76*AV76) -> 0 | CS76: =(AE76*BS76*AV76) -> 0 | CT76: =(AF76*BA76*AV76) -> 0 | CU76: =AG76 -> 0 | CV76: =(AH76*AV76) -> 0 | CW76: =AI76 -> 0 | CX76: =AJ76 -> 0 | CY76: =((S76*BZ76)/100) -> 0 | CZ76: =((S76*CA76)/100) -> 0 | DN76: 0 | DO76: 0 | DP76: 1 | DQ76: 1 | DU76: 1010 | DV76: шт. | DW76: шт. | DX76: 1 | EE76: 42146624 | EF76: 200 | EG76: Материалы строительные | EH76: 0 | EJ76: 1 | EK76: 1617 | EL76: ТСН-2001.1 Материалы строительные | EM76: ТСН-2001.1-1 | EQ76: 512 | ER76: 527.69 | ES76: 527.69 | ET76: 0 | EU76: 0 | EV76: 0 | EW76: 0 | EX76: 0 | EY76: 0 | FQ76: 0 | FR76: =ROUND(IF(AND(BH76=3,BI76=3),P76,0),2) -> 0 | FS76: 0 | FX76: 0 | FY76: 0 | GD76: 0 | GF76: -366972935 | GG76: 2 | GH76: 1 | GI76: -2 | GJ76: 0 | GK76: =ROUND(R76*(R12)/100,2) -> 0 | GL76: =ROUND(IF(AND(BH76=3,BI76=3,FS76<>0),P76,0),2) -> 0 | GM76: =ROUND(O76+X76+Y76+GK76,2)+GX76 -> 0 | GN76: =IF(OR(BI76=0,BI76=1),ROUND(O76+X76+Y76+GK76,2),0) -> 0 | GO76: =IF(BI76=2,ROUND(O76+X76+Y76+GK76,2),0) -> 0 | GP76: =IF(BI76=4,ROUND(O76+X76+Y76+GK76,2)+GX76,0) -> 0 | GR76: 0 | GS76: 3 | GT76: 0 | GV76: =ROUND(GT76,6) -> 0 | GW76: 1 | GX76: =ROUND(GV76*GW76*I76,2) -> 0 | HA76: 0 | HB76: 0 | IK76: 0
A77: 17 | B77: 1 | E77: 25 | F77: 1.13-4-67 | G77: Кран шаровой латунный полнопроходной Techno-A (аналог V665), Tmax=120°С, Р=1,6 МПа, диаметр 65 мм | H77: шт. | I77: 0 | J77: 0 | O77: =ROUND(CP77,2) -> 0 | P77: =ROUND(CQ77*I77,2) -> 0 | Q77: =ROUND(CR77*I77,2) -> 0 | R77: =ROUND(CS77*I77,2) -> 0 | S77: =ROUND(CT77*I77,2) -> 0 | T77: =ROUND(CU77*I77,2) -> 0 | U77: =CV77*I77 -> 0 | V77: =CW77*I77 -> 0 | W77: =ROUND(CX77*I77,2) -> 0 | X77: =ROUND(CY77,2) -> 0 | Y77: =ROUND(CZ77,2) -> 0 | AA77: 42559019 | AB77: =ROUND((AC77+AD77+AF77),6) -> 527.69 | AC77: =ROUND((ES77),6) -> 527.69 | AD77: =ROUND((ET77),6) -> 0 | AE77: =ROUND((EU77),6) -> 0 | AF77: =ROUND((EV77),6) -> 0 | AG77: =ROUND((AP77),6) -> 0 | AH77: =(EW77) -> 0 | AI77: =(EX77) -> 0 | AJ77: =ROUND((AS77),6) -> 0 | AK77: 527.69 | AL77: 527.69 | AM77: 0 | AN77: 0 | AO77: 0 | AP77: 0 | AQ77: 0 | AR77: 0 | AS77: 0 | AT77: 0 | AU77: 0 | AV77: 1 | AW77: 1 | AZ77: 1 | BA77: 1 | BB77: 1 | BC77: 14.02 | BH77: 3 | BI77: 1 | BJ77: ТСН-2001.1. Доп. 1-42. Р. 13, о. 4, поз. 67 | BM77: 1617 | BN77: 0 | BO77: 1.13-4-67 | BP77: 1 | BQ77: 200 | BR77: 0 | BS77: 1 | BT77: 1 | BU77: 1 | BV77: 1 | BW77: 1 | BX77: 1 | BZ77: 0 | CA77: 0 | CF77: 0 | CG77: 0 | CM77: 0 | CO77: 0 | CP77: =(P77+Q77+S77) -> 0 | CQ77: =(AC77*BC77*AW77) -> 7398.2138 | CR77: =(AD77*BB77*AV77) -> 0 | CS77: =(AE77*BS77*AV77) -> 0 | CT77: =(AF77*BA77*AV77) -> 0 | CU77: =AG77 -> 0 | CV77: =(AH77*AV77) -> 0 | CW77: =AI77 -> 0 | CX77: =AJ77 -> 0 | CY77: =S77*(BZ77/100) -> 0 | CZ77: =S77*(CA77/100) -> 0 | DN77: 0 | DO77: 0 | DP77: 1 | DQ77: 1 | DU77: 1010 | DV77: шт. | DW77: шт. | DX77: 1 | EE77: 42146624 | EF77: 200 | EG77: Материалы строительные | EH77: 0 | EJ77: 1 | EK77: 1617 | EL77: ТСН-2001.1 Материалы строительные | EM77: ТСН-2001.1-1 | EQ77: 512 | ER77: 527.69 | ES77: 527.69 | ET77: 0 | EU77: 0 | EV77: 0 | EW77: 0 | EX77: 0 | EY77: 0 | FQ77: 0 | FR77: =ROUND(IF(AND(BH77=3,BI77=3),P77,0),2) -> 0 | FS77: 0 | FX77: 0 | FY77: 0 | GD77: 0 | GF77: -366972935 | GG77: 2 | GH77: 1 | GI77: 2 | GJ77: 0 | GK77: =ROUND(R77*(S12)/100,2) -> 0 | GL77: =ROUND(IF(AND(BH77=3,BI77=3,FS77<>0),P77,0),2) -> 0 | GM77: =ROUND(O77+X77+Y77+GK77,2)+GX77 -> 0 | GN77: =IF(OR(BI77=0,BI77=1),ROUND(O77+X77+Y77+GK77,2),0) -> 0 | GO77: =IF(BI77=2,ROUND(O77+X77+Y77+GK77,2),0) -> 0 | GP77: =IF(BI77=4,ROUND(O77+X77+Y77+GK77,2)+GX77,0) -> 0 | GR77: 0 | GS77: 3 | GT77: 0 | GV77: =ROUND(GT77,6) -> 0 | GW77: 1 | GX77: =ROUND(GV77*GW77*I77,2) -> 0 | HA77: 0 | HB77: 0 | IK77: 0
A78: 17 | B78: 1 | C78: =ROW(SmtRes!A39) -> 39 | D78: =ROW(EtalonRes!A75) -> 75 | E78: 26 | F78: 3.16-10-3 | G78: Прокладка трубопроводов отопления и водоснабжения из стальных электросварных труб диаметром 65 мм | H78: 100 м трубопровода | I78: 2.35 | J78: 0 | O78: =ROUND(CP78,2) -> 2767.97 | P78: =ROUND(CQ78*I78,2) -> 98.37 | Q78: =ROUND(CR78*I78,2) -> 432.28 | R78: =ROUND(CS78*I78,2) -> 57.37 | S78: =ROUND(CT78*I78,2) -> 2237.32 | T78: =ROUND(CU78*I78,2) -> 0 | U78: =CV78*I78 -> 177.284 | V78: =CW78*I78 -> 0 | W78: =ROUND(CX78*I78,2) -> 0 | X78: =ROUND(CY78,2) -> 2550.54 | Y78: =ROUND(CZ78,2) -> 1499 | AA78: 42559021 | AB78: =ROUND((AC78+AD78+AF78),6) -> 1177.8605 | AC78: =ROUND((ES78),6) -> 41.86 | AD78: =ROUND(((ET78*1.25)),6) -> 183.95 | AE78: =ROUND(((EU78*1.25)),6) -> 24.4125 | AF78: =ROUND(((EV78*1.15)),6) -> 952.0505 | AG78: =ROUND((AP78),6) -> 0 | AH78: =((EW78*1.15)) -> 75.44 | AI78: =((EX78*1.25)) -> 0 | AJ78: =ROUND((AS78),6) -> 0 | AK78: 1016.89 | AL78: 41.86 | AM78: 147.16 | AN78: 19.53 | AO78: 827.87 | AP78: 0 | AQ78: 65.6 | AR78: 0 | AS78: 0 | AT78: 114 | AU78: 67 | AV78: 1 | AW78: 1 | AZ78: 1 | BA78: 1 | BB78: 1 | BC78: 1 | BH78: 0 | BI78: 1 | BJ78: ТСН-2001.3. Доп. 1-42. Сб. 16, т. 10, поз. 3 | BM78: 132 | BN78: 0 | BP78: 0 | BQ78: 30 | BR78: 0 | BS78: 1 | BT78: 1 | BU78: 1 | BV78: 1 | BW78: 1 | BX78: 1 | BZ78: 114 | CA78: 67 | CF78: 0 | CG78: 0 | CM78: 0 | CN78: Поправка: ТСН-2001.О.П. п.3.4. 6 Наименование: Выполняемые при ремонте и реконструкции работы аналогичные технологическим процессам, характерным для нового строительства и отсутствующим в сборниках на ремонтно-строительные работы | CO78: 0 | CP78: =(P78+Q78+S78) -> 2767.97 | CQ78: =(AC78*BC78*AW78) -> 41.86 | CR78: =(AD78*BB78*AV78) -> 183.95 | CS78: =(AE78*BS78*AV78) -> 24.4125 | CT78: =(AF78*BA78*AV78) -> 952.0505 | CU78: =AG78 -> 0 | CV78: =(AH78*AV78) -> 75.44 | CW78: =AI78 -> 0 | CX78: =AJ78 -> 0 | CY78: =((S78*BZ78)/100) -> 2550.5448 | CZ78: =((S78*CA78)/100) -> 1499.0044 | DE78: )*1,25 | DF78: )*1,25 | DG78: )*1,15 | DI78: )*1,15 | DJ78: )*1,25 | DN78: 0 | DO78: 0 | DP78: 1.067 | DQ78: 1 | DU78: 1013 | DV78: 100 м трубопровода | DW78: 100 м трубопровода | DX78: 1 | EE78: 42145139 | EF78: 30 | EG78: Строительные работы | EH78: 0 | EJ78: 1 | EK78: 132 | EL78: ТСН-2001.3-16. 16-5...16-14 | EM78: ТСН-2001.3-16-4 | EO78: Поправка: ТСН-2001.О.П. п.3.4. 6 | EQ78: 512 | ER78: 1016.89 | ES78: 41.86 | ET78: 147.16 | EU78: 19.53 | EV78: 827.87 | EW78: 65.6 | EX78: 0 | EY78: 0 | FQ78: 0 | FR78: =ROUND(IF(AND(BH78=3,BI78=3),P78,0),2) -> 0 | FS78: 0 | FX78: 114 | FY78: 67 | GD78: 0 | GF78: -313816175 | GG78: 2 | GH78: 1 | GI78: -2 | GJ78: 0 | GK78: =ROUND(R78*(R12)/100,2) -> 100.4 | GL78: =ROUND(IF(AND(BH78=3,BI78=3,FS78<>0),P78,0),2) -> 0 | GM78: =ROUND(O78+X78+Y78+GK78,2)+GX78 -> 6917.91 | GN78: =IF(OR(BI78=0,BI78=1),ROUND(O78+X78+Y78+GK78,2),0) -> 6917.91 | GO78: =IF(BI78=2,ROUND(O78+X78+Y78+GK78,2),0) -> 0 | GP78: =IF(BI78=4,ROUND(O78+X78+Y78+GK78,2)+GX78,0) -> 0 | GR78: 0 | GS78: 3 | GT78: 0 | GV78: =ROUND(GT78,6) -> 0 | GW78: 1 | GX78: =ROUND(GV78*GW78*I78,2) -> 0 | HA78: 0 | HB78: 0 | IK78: 0
A79: 17 | B79: 1 | C79: =ROW(SmtRes!A42) -> 42 | D79: =ROW(EtalonRes!A80) -> 80 | E79: 26 | F79: 3.16-10-3 | G79: Прокладка трубопроводов отопления и водоснабжения из стальных электросварных труб диаметром 65 мм | H79: 100 м трубопровода | I79: 2.35 | J79: 0 | O79: =ROUND(CP79,2) -> 49354.67 | P79: =ROUND(CQ79*I79,2) -> 514.48 | Q79: =ROUND(CR79*I79,2) -> 3198.89 | R79: =ROUND(CS79*I79,2) -> 1170.34 | S79: =ROUND(CT79*I79,2) -> 45641.3 | T79: =ROUND(CU79*I79,2) -> 0 | U79: =CV79*I79 -> 177.284 | V79: =CW79*I79 -> 0 | W79: =ROUND(CX79*I79,2) -> 0 | X79: =ROUND(CY79,2) -> 40164.34 | Y79: =ROUND(CZ79,2) -> 18712.93 | AA79: 42559019 | AB79: =ROUND((AC79+AD79+AF79),6) -> 1177.8605 | AC79: =ROUND((ES79),6) -> 41.86 | AD79: =ROUND(((ET79*1.25)),6) -> 183.95 | AE79: =ROUND(((EU79*1.25)),6) -> 24.4125 | AF79: =ROUND(((EV79*1.15)),6) -> 952.0505 | AG79: =ROUND((AP79),6) -> 0 | AH79: =((EW79*1.15)) -> 75.44 | AI79: =((EX79*1.25)) -> 0 | AJ79: =ROUND((AS79),6) -> 0 | AK79: 1016.89 | AL79: 41.86 | AM79: 147.16 | AN79: 19.53 | AO79: 827.87 | AP79: 0 | AQ79: 65.6 | AR79: 0 | AS79: 0 | AT79: 88 | AU79: 41 | AV79: 1 | AW79: 1 | AZ79: 1 | BA79: 20.4 | BB79: 7.4 | BC79: 5.23 | BH79: 0 | BI79: 1 | BJ79: ТСН-2001.3. Доп. 1-42. Сб. 16, т. 10, поз. 3 | BM79: 132 | BN79: 0 | BO79: 3.16-10-3 | BP79: 1 | BQ79: 30 | BR79: 0 | BS79: 20.4 | BT79: 1 | BU79: 1 | BV79: 1 | BW79: 1 | BX79: 1 | BZ79: 88 | CA79: 41 | CF79: 0 | CG79: 0 | CM79: 0 | CN79: Поправка: ТСН-2001.О.П. п.3.4. 6 Наименование: Выполняемые при ремонте и реконструкции работы аналогичные технологическим процессам, характерным для нового строительства и отсутствующим в сборниках на ремонтно-строительные работы | CO79: 0 | CP79: =(P79+Q79+S79) -> 49354.67 | CQ79: =(AC79*BC79*AW79) -> 218.9278 | CR79: =(AD79*BB79*AV79) -> 1361.23 | CS79: =(AE79*BS79*AV79) -> 498.015 | CT79: =(AF79*BA79*AV79) -> 19421.83 | CU79: =AG79 -> 0 | CV79: =(AH79*AV79) -> 75.44 | CW79: =AI79 -> 0 | CX79: =AJ79 -> 0 | CY79: =S79*(BZ79/100) -> 40164.344 | CZ79: =S79*(CA79/100) -> 18712.933 | DE79: )*1,25 | DF79: )*1,25 | DG79: )*1,15 | DI79: )*1,15 | DJ79: )*1,25 | DN79: 114 | DO79: 67 | DP79: 1.067 | DQ79: 1 | DU79: 1013 | DV79: 100 м трубопровода | DW79: 100 м трубопровода | DX79: 1 | EE79: 42145139 | EF79: 30 | EG79: Строительные работы | EH79: 0 | EJ79: 1 | EK79: 132 | EL79: ТСН-2001.3-16. 16-5...16-14 | EM79: ТСН-2001.3-16-4 | EO79: Поправка: ТСН-2001.О.П. п.3.4. 6 | EQ79: 512 | ER79: 1016.89 | ES79: 41.86 | ET79: 147.16 | EU79: 19.53 | EV79: 827.87 | EW79: 65.6 | EX79: 0 | EY79: 0 | FQ79: 0 | FR79: =ROUND(IF(AND(BH79=3,BI79=3),P79,0),2) -> 0 | FS79: 0 | FX79: 114 | FY79: 67 | GD79: 0 | GF79: -313816175 | GG79: 2 | GH79: 1 | GI79: 2 | GJ79: 0 | GK79: =ROUND(R79*(S12)/100,2) -> 1837.43 | GL79: =ROUND(IF(AND(BH79=3,BI79=3,FS79<>0),P79,0),2) -> 0 | GM79: =ROUND(O79+X79+Y79+GK79,2)+GX79 -> 110069.37 | GN79: =IF(OR(BI79=0,BI79=1),ROUND(O79+X79+Y79+GK79,2),0) -> 110069.37 | GO79: =IF(BI79=2,ROUND(O79+X79+Y79+GK79,2),0) -> 0 | GP79: =IF(BI79=4,ROUND(O79+X79+Y79+GK79,2)+GX79,0) -> 0 | GR79: 0 | GS79: 3 | GT79: 0 | GV79: =ROUND(GT79,6) -> 0 | GW79: 1 | GX79: =ROUND(GV79*GW79*I79,2) -> 0 | HA79: 0 | HB79: 0 | IK79: 0
A80: 17 | B80: 1 | E80: 27 | F80: 1.12-10-25 | G80: Средства для крепления радиаторов на кирпичных и бетонных стенах, крючки для труб, диаметр труб 100 мм | H80: 1000 шт. | I80: 0.118 | J80: 0 | O80: =ROUND(CP80,2) -> 1254.58 | P80: =ROUND(CQ80*I80,2) -> 1254.58 | Q80: =ROUND(CR80*I80,2) -> 0 | R80: =ROUND(CS80*I80,2) -> 0 | S80: =ROUND(CT80*I80,2) -> 0 | T80: =ROUND(CU80*I80,2) -> 0 | U80: =CV80*I80 -> 0 | V80: =CW80*I80 -> 0 | W80: =ROUND(CX80*I80,2) -> 0 | X80: =ROUND(CY80,2) -> 0 | Y80: =ROUND(CZ80,2) -> 0 | AA80: 42559021 | AB80: =ROUND((AC80+AD80+AF80),6) -> 10632.07 | AC80: =ROUND((ES80),6) -> 10632.07 | AD80: =ROUND((ET80),6) -> 0 | AE80: =ROUND((EU80),6) -> 0 | AF80: =ROUND((EV80),6) -> 0 | AG80: =ROUND((AP80),6) -> 0 | AH80: =(EW80) -> 0 | AI80: =(EX80) -> 0 | AJ80: =ROUND((AS80),6) -> 0 | AK80: 10632.07 | AL80: 10632.07 | AM80: 0 | AN80: 0 | AO80: 0 | AP80: 0 | AQ80: 0 | AR80: 0 | AS80: 0 | AT80: 0 | AU80: 0 | AV80: 1 | AW80: 1 | AZ80: 1 | BA80: 1 | BB80: 1 | BC80: 1 | BH80: 3 | BI80: 1 | BJ80: ТСН-2001.1. Доп. 1-42. Р. 12, о. 10, поз. 25 | BM80: 1617 | BN80: 0 | BP80: 0 | BQ80: 200 | BR80: 0 | BS80: 1 | BT80: 1 | BU80: 1 | BV80: 1 | BW80: 1 | BX80: 1 | BZ80: 0 | CA80: 0 | CF80: 0 | CG80: 0 | CM80: 0 | CO80: 0 | CP80: =(P80+Q80+S80) -> 1254.58 | CQ80: =(AC80*BC80*AW80) -> 10632.07 | CR80: =(AD80*BB80*AV80) -> 0 | CS80: =(AE80*BS80*AV80) -> 0 | CT80: =(AF80*BA80*AV80) -> 0 | CU80: =AG80 -> 0 | CV80: =(AH80*AV80) -> 0 | CW80: =AI80 -> 0 | CX80: =AJ80 -> 0 | CY80: =((S80*BZ80)/100) -> 0 | CZ80: =((S80*CA80)/100) -> 0 | DN80: 0 | DO80: 0 | DP80: 1 | DQ80: 1 | DU80: 1010 | DV80: 1000 шт. | DW80: 1000 шт. | DX80: 1000 | EE80: 42146624 | EF80: 200 | EG80: Материалы строительные | EH80: 0 | EJ80: 1 | EK80: 1617 | EL80: ТСН-2001.1 Материалы строительные | EM80: ТСН-2001.1-1 | EQ80: 512 | ER80: 10632.07 | ES80: 10632.07 | ET80: 0 | EU80: 0 | EV80: 0 | EW80: 0 | EX80: 0 | EY80: 0 | FQ80: 0 | FR80: =ROUND(IF(AND(BH80=3,BI80=3),P80,0),2) -> 0 | FS80: 0 | FX80: 0 | FY80: 0 | GD80: 0 | GF80: 74120008 | GG80: 2 | GH80: 1 | GI80: -2 | GJ80: 0 | GK80: =ROUND(R80*(R12)/100,2) -> 0 | GL80: =ROUND(IF(AND(BH80=3,BI80=3,FS80<>0),P80,0),2) -> 0 | GM80: =ROUND(O80+X80+Y80+GK80,2)+GX80 -> 1254.58 | GN80: =IF(OR(BI80=0,BI80=1),ROUND(O80+X80+Y80+GK80,2),0) -> 1254.58 | GO80: =IF(BI80=2,ROUND(O80+X80+Y80+GK80,2),0) -> 0 | GP80: =IF(BI80=4,ROUND(O80+X80+Y80+GK80,2)+GX80,0) -> 0 | GR80: 0 | GS80: 3 | GT80: 0 | GV80: =ROUND(GT80,6) -> 0 | GW80: 1 | GX80: =ROUND(GV80*GW80*I80,2) -> 0 | HA80: 0 | HB80: 0 | IK80: 0
A81: 17 | B81: 1 | E81: 27 | F81: 1.12-10-25 | G81: Средства для крепления радиаторов на кирпичных и бетонных стенах, крючки для труб, диаметр труб 100 мм | H81: 1000 шт. | I81: 0.118 | J81: 0 | O81: =ROUND(CP81,2) -> 5520.17 | P81: =ROUND(CQ81*I81,2) -> 5520.17 | Q81: =ROUND(CR81*I81,2) -> 0 | R81: =ROUND(CS81*I81,2) -> 0 | S81: =ROUND(CT81*I81,2) -> 0 | T81: =ROUND(CU81*I81,2) -> 0 | U81: =CV81*I81 -> 0 | V81: =CW81*I81 -> 0 | W81: =ROUND(CX81*I81,2) -> 0 | X81: =ROUND(CY81,2) -> 0 | Y81: =ROUND(CZ81,2) -> 0 | AA81: 42559019 | AB81: =ROUND((AC81+AD81+AF81),6) -> 10632.07 | AC81: =ROUND((ES81),6) -> 10632.07 | AD81: =ROUND((ET81),6) -> 0 | AE81: =ROUND((EU81),6) -> 0 | AF81: =ROUND((EV81),6) -> 0 | AG81: =ROUND((AP81),6) -> 0 | AH81: =(EW81) -> 0 | AI81: =(EX81) -> 0 | AJ81: =ROUND((AS81),6) -> 0 | AK81: 10632.07 | AL81: 10632.07 | AM81: 0 | AN81: 0 | AO81: 0 | AP81: 0 | AQ81: 0 | AR81: 0 | AS81: 0 | AT81: 0 | AU81: 0 | AV81: 1 | AW81: 1 | AZ81: 1 | BA81: 1 | BB81: 1 | BC81: 4.4 | BH81: 3 | BI81: 1 | BJ81: ТСН-2001.1. Доп. 1-42. Р. 12, о. 10, поз. 25 | BM81: 1617 | BN81: 0 | BO81: 1.12-10-25 | BP81: 1 | BQ81: 200 | BR81: 0 | BS81: 1 | BT81: 1 | BU81: 1 | BV81: 1 | BW81: 1 | BX81: 1 | BZ81: 0 | CA81: 0 | CF81: 0 | CG81: 0 | CM81: 0 | CO81: 0 | CP81: =(P81+Q81+S81) -> 5520.17 | CQ81: =(AC81*BC81*AW81) -> 46781.108 | CR81: =(AD81*BB81*AV81) -> 0 | CS81: =(AE81*BS81*AV81) -> 0 | CT81: =(AF81*BA81*AV81) -> 0 | CU81: =AG81 -> 0 | CV81: =(AH81*AV81) -> 0 | CW81: =AI81 -> 0 | CX81: =AJ81 -> 0 | CY81: =S81*(BZ81/100) -> 0 | CZ81: =S81*(CA81/100) -> 0 | DN81: 0 | DO81: 0 | DP81: 1 | DQ81: 1 | DU81: 1010 | DV81: 1000 шт. | DW81: 1000 шт. | DX81: 1000 | EE81: 42146624 | EF81: 200 | EG81: Материалы строительные | EH81: 0 | EJ81: 1 | EK81: 1617 | EL81: ТСН-2001.1 Материалы строительные | EM81: ТСН-2001.1-1 | EQ81: 512 | ER81: 10632.07 | ES81: 10632.07 | ET81: 0 | EU81: 0 | EV81: 0 | EW81: 0 | EX81: 0 | EY81: 0 | FQ81: 0 | FR81: =ROUND(IF(AND(BH81=3,BI81=3),P81,0),2) -> 0 | FS81: 0 | FX81: 0 | FY81: 0 | GD81: 0 | GF81: 74120008 | GG81: 2 | GH81: 1 | GI81: 2 | GJ81: 0 | GK81: =ROUND(R81*(S12)/100,2) -> 0 | GL81: =ROUND(IF(AND(BH81=3,BI81=3,FS81<>0),P81,0),2) -> 0 | GM81: =ROUND(O81+X81+Y81+GK81,2)+GX81 -> 5520.17 | GN81: =IF(OR(BI81=0,BI81=1),ROUND(O81+X81+Y81+GK81,2),0) -> 5520.17 | GO81: =IF(BI81=2,ROUND(O81+X81+Y81+GK81,2),0) -> 0 | GP81: =IF(BI81=4,ROUND(O81+X81+Y81+GK81,2)+GX81,0) -> 0 | GR81: 0 | GS81: 3 | GT81: 0 | GV81: =ROUND(GT81,6) -> 0 | GW81: 1 | GX81: =ROUND(GV81*GW81*I81,2) -> 0 | HA81: 0 | HB81: 0 | IK81: 0
A82: 17 | B82: 1 | E82: 28 | F82: 1.12-1-47 | G82: Узлы трубопроводов отопления, водоснабжения из стальных электросварных труб с гильзами, наружный диаметр (толщина стенки) 76х3,5 мм | H82: м | I82: 235 | J82: 0 | O82: =ROUND(CP82,2) -> 18588.5 | P82: =ROUND(CQ82*I82,2) -> 18588.5 | Q82: =ROUND(CR82*I82,2) -> 0 | R82: =ROUND(CS82*I82,2) -> 0 | S82: =ROUND(CT82*I82,2) -> 0 | T82: =ROUND(CU82*I82,2) -> 0 | U82: =CV82*I82 -> 0 | V82: =CW82*I82 -> 0 | W82: =ROUND(CX82*I82,2) -> 0 | X82: =ROUND(CY82,2) -> 0 | Y82: =ROUND(CZ82,2) -> 0 | AA82: 42559021 | AB82: =ROUND((AC82+AD82+AF82),6) -> 79.1 | AC82: =ROUND((ES82),6) -> 79.1 | AD82: =ROUND((ET82),6) -> 0 | AE82: =ROUND((EU82),6) -> 0 | AF82: =ROUND((EV82),6) -> 0 | AG82: =ROUND((AP82),6) -> 0 | AH82: =(EW82) -> 0 | AI82: =(EX82) -> 0 | AJ82: =ROUND((AS82),6) -> 0 | AK82: 79.1 | AL82: 79.1 | AM82: 0 | AN82: 0 | AO82: 0 | AP82: 0 | AQ82: 0 | AR82: 0 | AS82: 0 | AT82: 0 | AU82: 0 | AV82: 1 | AW82: 1 | AZ82: 1 | BA82: 1 | BB82: 1 | BC82: 1 | BH82: 3 | BI82: 1 | BJ82: ТСН-2001.1. Доп. 1-42. Р. 12, о. 1, поз. 47 | BM82: 1617 | BN82: 0 | BP82: 0 | BQ82: 200 | BR82: 0 | BS82: 1 | BT82: 1 | BU82: 1 | BV82: 1 | BW82: 1 | BX82: 1 | BZ82: 0 | CA82: 0 | CF82: 0 | CG82: 0 | CM82: 0 | CO82: 0 | CP82: =(P82+Q82+S82) -> 18588.5 | CQ82: =(AC82*BC82*AW82) -> 79.1 | CR82: =(AD82*BB82*AV82) -> 0 | CS82: =(AE82*BS82*AV82) -> 0 | CT82: =(AF82*BA82*AV82) -> 0 | CU82: =AG82 -> 0 | CV82: =(AH82*AV82) -> 0 | CW82: =AI82 -> 0 | CX82: =AJ82 -> 0 | CY82: =((S82*BZ82)/100) -> 0 | CZ82: =((S82*CA82)/100) -> 0 | DN82: 0 | DO82: 0 | DP82: 1 | DQ82: 1 | DU82: 1003 | DV82: м | DW82: м | DX82: 1 | EE82: 42146624 | EF82: 200 | EG82: Материалы строительные | EH82: 0 | EJ82: 1 | EK82: 1617 | EL82: ТСН-2001.1 Материалы строительные | EM82: ТСН-2001.1-1 | EQ82: 512 | ER82: 79.1 | ES82: 79.1 | ET82: 0 | EU82: 0 | EV82: 0 | EW82: 0 | EX82: 0 | EY82: 0 | FQ82: 0 | FR82: =ROUND(IF(AND(BH82=3,BI82=3),P82,0),2) -> 0 | FS82: 0 | FX82: 0 | FY82: 0 | GD82: 0 | GF82: 1727035209 | GG82: 2 | GH82: 1 | GI82: -2 | GJ82: 0 | GK82: =ROUND(R82*(R12)/100,2) -> 0 | GL82: =ROUND(IF(AND(BH82=3,BI82=3,FS82<>0),P82,0),2) -> 0 | GM82: =ROUND(O82+X82+Y82+GK82,2)+GX82 -> 18588.5 | GN82: =IF(OR(BI82=0,BI82=1),ROUND(O82+X82+Y82+GK82,2),0) -> 18588.5 | GO82: =IF(BI82=2,ROUND(O82+X82+Y82+GK82,2),0) -> 0 | GP82: =IF(BI82=4,ROUND(O82+X82+Y82+GK82,2)+GX82,0) -> 0 | GR82: 0 | GS82: 3 | GT82: 0 | GV82: =ROUND(GT82,6) -> 0 | GW82: 1 | GX82: =ROUND(GV82*GW82*I82,2) -> 0 | HA82: 0 | HB82: 0 | IK82: 0
A83: 17 | B83: 1 | E83: 28 | F83: 1.12-1-47 | G83: Узлы трубопроводов отопления, водоснабжения из стальных электросварных труб с гильзами, наружный диаметр (толщина стенки) 76х3,5 мм | H83: м | I83: 235 | J83: 0 | O83: =ROUND(CP83,2) -> 140529.06 | P83: =ROUND(CQ83*I83,2) -> 140529.06 | Q83: =ROUND(CR83*I83,2) -> 0 | R83: =ROUND(CS83*I83,2) -> 0 | S83: =ROUND(CT83*I83,2) -> 0 | T83: =ROUND(CU83*I83,2) -> 0 | U83: =CV83*I83 -> 0 | V83: =CW83*I83 -> 0 | W83: =ROUND(CX83*I83,2) -> 0 | X83: =ROUND(CY83,2) -> 0 | Y83: =ROUND(CZ83,2) -> 0 | AA83: 42559019 | AB83: =ROUND((AC83+AD83+AF83),6) -> 79.1 | AC83: =ROUND((ES83),6) -> 79.1 | AD83: =ROUND((ET83),6) -> 0 | AE83: =ROUND((EU83),6) -> 0 | AF83: =ROUND((EV83),6) -> 0 | AG83: =ROUND((AP83),6) -> 0 | AH83: =(EW83) -> 0 | AI83: =(EX83) -> 0 | AJ83: =ROUND((AS83),6) -> 0 | AK83: 79.1 | AL83: 79.1 | AM83: 0 | AN83: 0 | AO83: 0 | AP83: 0 | AQ83: 0 | AR83: 0 | AS83: 0 | AT83: 0 | AU83: 0 | AV83: 1 | AW83: 1 | AZ83: 1 | BA83: 1 | BB83: 1 | BC83: 7.56 | BH83: 3 | BI83: 1 | BJ83: ТСН-2001.1. Доп. 1-42. Р. 12, о. 1, поз. 47 | BM83: 1617 | BN83: 0 | BO83: 1.12-1-47 | BP83: 1 | BQ83: 200 | BR83: 0 | BS83: 1 | BT83: 1 | BU83: 1 | BV83: 1 | BW83: 1 | BX83: 1 | BZ83: 0 | CA83: 0 | CF83: 0 | CG83: 0 | CM83: 0 | CO83: 0 | CP83: =(P83+Q83+S83) -> 140529.06 | CQ83: =(AC83*BC83*AW83) -> 597.996 | CR83: =(AD83*BB83*AV83) -> 0 | CS83: =(AE83*BS83*AV83) -> 0 | CT83: =(AF83*BA83*AV83) -> 0 | CU83: =AG83 -> 0 | CV83: =(AH83*AV83) -> 0 | CW83: =AI83 -> 0 | CX83: =AJ83 -> 0 | CY83: =S83*(BZ83/100) -> 0 | CZ83: =S83*(CA83/100) -> 0 | DN83: 0 | DO83: 0 | DP83: 1 | DQ83: 1 | DU83: 1003 | DV83: м | DW83: м | DX83: 1 | EE83: 42146624 | EF83: 200 | EG83: Материалы строительные | EH83: 0 | EJ83: 1 | EK83: 1617 | EL83: ТСН-2001.1 Материалы строительные | EM83: ТСН-2001.1-1 | EQ83: 512 | ER83: 79.1 | ES83: 79.1 | ET83: 0 | EU83: 0 | EV83: 0 | EW83: 0 | EX83: 0 | EY83: 0 | FQ83: 0 | FR83: =ROUND(IF(AND(BH83=3,BI83=3),P83,0),2) -> 0 | FS83: 0 | FX83: 0 | FY83: 0 | GD83: 0 | GF83: 1727035209 | GG83: 2 | GH83: 1 | GI83: 2 | GJ83: 0 | GK83: =ROUND(R83*(S12)/100,2) -> 0 | GL83: =ROUND(IF(AND(BH83=3,BI83=3,FS83<>0),P83,0),2) -> 0 | GM83: =ROUND(O83+X83+Y83+GK83,2)+GX83 -> 140529.06 | GN83: =IF(OR(BI83=0,BI83=1),ROUND(O83+X83+Y83+GK83,2),0) -> 140529.06 | GO83: =IF(BI83=2,ROUND(O83+X83+Y83+GK83,2),0) -> 0 | GP83: =IF(BI83=4,ROUND(O83+X83+Y83+GK83,2)+GX83,0) -> 0 | GR83: 0 | GS83: 3 | GT83: 0 | GV83: =ROUND(GT83,6) -> 0 | GW83: 1 | GX83: =ROUND(GV83*GW83*I83,2) -> 0 | HA83: 0 | HB83: 0 | IK83: 0
A84: 17 | B84: 1 | E84: 29 | F84: 1.13-4-67 | G84: Кран шаровой латунный полнопроходной Techno-A (аналог V665), Tmax=120°С, Р=1,6 МПа, диаметр 65 мм | H84: шт. | I84: 4 | J84: 0 | O84: =ROUND(CP84,2) -> 2110.76 | P84: =ROUND(CQ84*I84,2) -> 2110.76 | Q84: =ROUND(CR84*I84,2) -> 0 | R84: =ROUND(CS84*I84,2) -> 0 | S84: =ROUND(CT84*I84,2) -> 0 | T84: =ROUND(CU84*I84,2) -> 0 | U84: =CV84*I84 -> 0 | V84: =CW84*I84 -> 0 | W84: =ROUND(CX84*I84,2) -> 0 | X84: =ROUND(CY84,2) -> 0 | Y84: =ROUND(CZ84,2) -> 0 | AA84: 42559021 | AB84: =ROUND((AC84+AD84+AF84),6) -> 527.69 | AC84: =ROUND((ES84),6) -> 527.69 | AD84: =ROUND((ET84),6) -> 0 | AE84: =ROUND((EU84),6) -> 0 | AF84: =ROUND((EV84),6) -> 0 | AG84: =ROUND((AP84),6) -> 0 | AH84: =(EW84) -> 0 | AI84: =(EX84) -> 0 | AJ84: =ROUND((AS84),6) -> 0 | AK84: 527.69 | AL84: 527.69 | AM84: 0 | AN84: 0 | AO84: 0 | AP84: 0 | AQ84: 0 | AR84: 0 | AS84: 0 | AT84: 0 | AU84: 0 | AV84: 1 | AW84: 1 | AZ84: 1 | BA84: 1 | BB84: 1 | BC84: 1 | BH84: 3 | BI84: 1 | BJ84: ТСН-2001.1. Доп. 1-42. Р. 13, о. 4, поз. 67 | BM84: 1617 | BN84: 0 | BP84: 0 | BQ84: 200 | BR84: 0 | BS84: 1 | BT84: 1 | BU84: 1 | BV84: 1 | BW84: 1 | BX84: 1 | BZ84: 0 | CA84: 0 | CF84: 0 | CG84: 0 | CM84: 0 | CO84: 0 | CP84: =(P84+Q84+S84) -> 2110.76 | CQ84: =(AC84*BC84*AW84) -> 527.69 | CR84: =(AD84*BB84*AV84) -> 0 | CS84: =(AE84*BS84*AV84) -> 0 | CT84: =(AF84*BA84*AV84) -> 0 | CU84: =AG84 -> 0 | CV84: =(AH84*AV84) -> 0 | CW84: =AI84 -> 0 | CX84: =AJ84 -> 0 | CY84: =((S84*BZ84)/100) -> 0 | CZ84: =((S84*CA84)/100) -> 0 | DN84: 0 | DO84: 0 | DP84: 1 | DQ84: 1 | DU84: 1010 | DV84: шт. | DW84: шт. | DX84: 1 | EE84: 42146624 | EF84: 200 | EG84: Материалы строительные | EH84: 0 | EJ84: 1 | EK84: 1617 | EL84: ТСН-2001.1 Материалы строительные | EM84: ТСН-2001.1-1 | EQ84: 512 | ER84: 527.69 | ES84: 527.69 | ET84: 0 | EU84: 0 | EV84: 0 | EW84: 0 | EX84: 0 | EY84: 0 | FQ84: 0 | FR84: =ROUND(IF(AND(BH84=3,BI84=3),P84,0),2) -> 0 | FS84: 0 | FX84: 0 | FY84: 0 | GD84: 0 | GF84: -366972935 | GG84: 2 | GH84: 1 | GI84: -2 | GJ84: 0 | GK84: =ROUND(R84*(R12)/100,2) -> 0 | GL84: =ROUND(IF(AND(BH84=3,BI84=3,FS84<>0),P84,0),2) -> 0 | GM84: =ROUND(O84+X84+Y84+GK84,2)+GX84 -> 2110.76 | GN84: =IF(OR(BI84=0,BI84=1),ROUND(O84+X84+Y84+GK84,2),0) -> 2110.76 | GO84: =IF(BI84=2,ROUND(O84+X84+Y84+GK84,2),0) -> 0 | GP84: =IF(BI84=4,ROUND(O84+X84+Y84+GK84,2)+GX84,0) -> 0 | GR84: 0 | GS84: 3 | GT84: 0 | GV84: =ROUND(GT84,6) -> 0 | GW84: 1 | GX84: =ROUND(GV84*GW84*I84,2) -> 0 | HA84: 0 | HB84: 0 | IK84: 0
A85: 17 | B85: 1 | E85: 29 | F85: 1.13-4-67 | G85: Кран шаровой латунный полнопроходной Techno-A (аналог V665), Tmax=120°С, Р=1,6 МПа, диаметр 65 мм | H85: шт. | I85: 4 | J85: 0 | O85: =ROUND(CP85,2) -> 29592.86 | P85: =ROUND(CQ85*I85,2) -> 29592.86 | Q85: =ROUND(CR85*I85,2) -> 0 | R85: =ROUND(CS85*I85,2) -> 0 | S85: =ROUND(CT85*I85,2) -> 0 | T85: =ROUND(CU85*I85,2) -> 0 | U85: =CV85*I85 -> 0 | V85: =CW85*I85 -> 0 | W85: =ROUND(CX85*I85,2) -> 0 | X85: =ROUND(CY85,2) -> 0 | Y85: =ROUND(CZ85,2) -> 0 | AA85: 42559019 | AB85: =ROUND((AC85+AD85+AF85),6) -> 527.69 | AC85: =ROUND((ES85),6) -> 527.69 | AD85: =ROUND((ET85),6) -> 0 | AE85: =ROUND((EU85),6) -> 0 | AF85: =ROUND((EV85),6) -> 0 | AG85: =ROUND((AP85),6) -> 0 | AH85: =(EW85) -> 0 | AI85: =(EX85) -> 0 | AJ85: =ROUND((AS85),6) -> 0 | AK85: 527.69 | AL85: 527.69 | AM85: 0 | AN85: 0 | AO85: 0 | AP85: 0 | AQ85: 0 | AR85: 0 | AS85: 0 | AT85: 0 | AU85: 0 | AV85: 1 | AW85: 1 | AZ85: 1 | BA85: 1 | BB85: 1 | BC85: 14.02 | BH85: 3 | BI85: 1 | BJ85: ТСН-2001.1. Доп. 1-42. Р. 13, о. 4, поз. 67 | BM85: 1617 | BN85: 0 | BO85: 1.13-4-67 | BP85: 1 | BQ85: 200 | BR85: 0 | BS85: 1 | BT85: 1 | BU85: 1 | BV85: 1 | BW85: 1 | BX85: 1 | BZ85: 0 | CA85: 0 | CF85: 0 | CG85: 0 | CM85: 0 | CO85: 0 | CP85: =(P85+Q85+S85) -> 29592.86 | CQ85: =(AC85*BC85*AW85) -> 7398.2138 | CR85: =(AD85*BB85*AV85) -> 0 | CS85: =(AE85*BS85*AV85) -> 0 | CT85: =(AF85*BA85*AV85) -> 0 | CU85: =AG85 -> 0 | CV85: =(AH85*AV85) -> 0 | CW85: =AI85 -> 0 | CX85: =AJ85 -> 0 | CY85: =S85*(BZ85/100) -> 0 | CZ85: =S85*(CA85/100) -> 0 | DN85: 0 | DO85: 0 | DP85: 1 | DQ85: 1 | DU85: 1010 | DV85: шт. | DW85: шт. | DX85: 1 | EE85: 42146624 | EF85: 200 | EG85: Материалы строительные | EH85: 0 | EJ85: 1 | EK85: 1617 | EL85: ТСН-2001.1 Материалы строительные | EM85: ТСН-2001.1-1 | EQ85: 512 | ER85: 527.69 | ES85: 527.69 | ET85: 0 | EU85: 0 | EV85: 0 | EW85: 0 | EX85: 0 | EY85: 0 | FQ85: 0 | FR85: =ROUND(IF(AND(BH85=3,BI85=3),P85,0),2) -> 0 | FS85: 0 | FX85: 0 | FY85: 0 | GD85: 0 | GF85: -366972935 | GG85: 2 | GH85: 1 | GI85: 2 | GJ85: 0 | GK85: =ROUND(R85*(S12)/100,2) -> 0 | GL85: =ROUND(IF(AND(BH85=3,BI85=3,FS85<>0),P85,0),2) -> 0 | GM85: =ROUND(O85+X85+Y85+GK85,2)+GX85 -> 29592.86 | GN85: =IF(OR(BI85=0,BI85=1),ROUND(O85+X85+Y85+GK85,2),0) -> 29592.86 | GO85: =IF(BI85=2,ROUND(O85+X85+Y85+GK85,2),0) -> 0 | GP85: =IF(BI85=4,ROUND(O85+X85+Y85+GK85,2)+GX85,0) -> 0 | GR85: 0 | GS85: 3 | GT85: 0 | GV85: =ROUND(GT85,6) -> 0 | GW85: 1 | GX85: =ROUND(GV85*GW85*I85,2) -> 0 | HA85: 0 | HB85: 0 | IK85: 0
A86: 17 | B86: 1 | C86: =ROW(SmtRes!A45) -> 45 | D86: =ROW(EtalonRes!A85) -> 85 | E86: 30 | F86: 3.16-10-4 | G86: Прокладка трубопроводов отопления и водоснабжения из стальных электросварных труб диаметром 80 мм | H86: 100 м трубопровода | I86: 0.04 | J86: 0 | O86: =ROUND(CP86,2) -> 54.62 | P86: =ROUND(CQ86*I86,2) -> 2.06 | Q86: =ROUND(CR86*I86,2) -> 10.91 | R86: =ROUND(CS86*I86,2) -> 1.55 | S86: =ROUND(CT86*I86,2) -> 41.65 | T86: =ROUND(CU86*I86,2) -> 0 | U86: =CV86*I86 -> 3.335 | V86: =CW86*I86 -> 0 | W86: =ROUND(CX86*I86,2) -> 0 | X86: =ROUND(CY86,2) -> 47.48 | Y86: =ROUND(CZ86,2) -> 27.91 | AA86: 42559021 | AB86: =ROUND((AC86+AD86+AF86),6) -> 1365.613 | AC86: =ROUND((ES86),6) -> 51.59 | AD86: =ROUND(((ET86*1.25)),6) -> 272.675 | AE86: =ROUND(((EU86*1.25)),6) -> 38.7875 | AF86: =ROUND(((EV86*1.15)),6) -> 1041.348 | AG86: =ROUND((AP86),6) -> 0 | AH86: =((EW86*1.15)) -> 83.375 | AI86: =((EX86*1.25)) -> 0 | AJ86: =ROUND((AS86),6) -> 0 | AK86: 1175.25 | AL86: 51.59 | AM86: 218.14 | AN86: 31.03 | AO86: 905.52 | AP86: 0 | AQ86: 72.5 | AR86: 0 | AS86: 0 | AT86: 114 | AU86: 67 | AV86: 1 | AW86: 1 | AZ86: 1 | BA86: 1 | BB86: 1 | BC86: 1 | BH86: 0 | BI86: 1 | BJ86: ТСН-2001.3. Доп. 1-42. Сб. 16, т. 10, поз. 4 | BM86: 132 | BN86: 0 | BP86: 0 | BQ86: 30 | BR86: 0 | BS86: 1 | BT86: 1 | BU86: 1 | BV86: 1 | BW86: 1 | BX86: 1 | BZ86: 114 | CA86: 67 | CF86: 0 | CG86: 0 | CM86: 0 | CN86: Поправка: ТСН-2001.О.П. п.3.4. 6 Наименование: Выполняемые при ремонте и реконструкции работы аналогичные технологическим процессам, характерным для нового строительства и отсутствующим в сборниках на ремонтно-строительные работы | CO86: 0 | CP86: =(P86+Q86+S86) -> 54.62 | CQ86: =(AC86*BC86*AW86) -> 51.59 | CR86: =(AD86*BB86*AV86) -> 272.675 | CS86: =(AE86*BS86*AV86) -> 38.7875 | CT86: =(AF86*BA86*AV86) -> 1041.348 | CU86: =AG86 -> 0 | CV86: =(AH86*AV86) -> 83.375 | CW86: =AI86 -> 0 | CX86: =AJ86 -> 0 | CY86: =((S86*BZ86)/100) -> 47.481 | CZ86: =((S86*CA86)/100) -> 27.9055 | DE86: )*1,25 | DF86: )*1,25 | DG86: )*1,15 | DI86: )*1,15 | DJ86: )*1,25 | DN86: 0 | DO86: 0 | DP86: 1.067 | DQ86: 1 | DU86: 1013 | DV86: 100 м трубопровода | DW86: 100 м трубопровода | DX86: 1 | EE86: 42145139 | EF86: 30 | EG86: Строительные работы | EH86: 0 | EJ86: 1 | EK86: 132 | EL86: ТСН-2001.3-16. 16-5...16-14 | EM86: ТСН-2001.3-16-4 | EO86: Поправка: ТСН-2001.О.П. п.3.4. 6 | EQ86: 512 | ER86: 1175.25 | ES86: 51.59 | ET86: 218.14 | EU86: 31.03 | EV86: 905.52 | EW86: 72.5 | EX86: 0 | EY86: 0 | FQ86: 0 | FR86: =ROUND(IF(AND(BH86=3,BI86=3),P86,0),2) -> 0 | FS86: 0 | FX86: 114 | FY86: 67 | GD86: 0 | GF86: -597634363 | GG86: 2 | GH86: 1 | GI86: -2 | GJ86: 0 | GK86: =ROUND(R86*(R12)/100,2) -> 2.71 | GL86: =ROUND(IF(AND(BH86=3,BI86=3,FS86<>0),P86,0),2) -> 0 | GM86: =ROUND(O86+X86+Y86+GK86,2)+GX86 -> 132.72 | GN86: =IF(OR(BI86=0,BI86=1),ROUND(O86+X86+Y86+GK86,2),0) -> 132.72 | GO86: =IF(BI86=2,ROUND(O86+X86+Y86+GK86,2),0) -> 0 | GP86: =IF(BI86=4,ROUND(O86+X86+Y86+GK86,2)+GX86,0) -> 0 | GR86: 0 | GS86: 3 | GT86: 0 | GV86: =ROUND(GT86,6) -> 0 | GW86: 1 | GX86: =ROUND(GV86*GW86*I86,2) -> 0 | HA86: 0 | HB86: 0 | IK86: 0
A87: 17 | B87: 1 | C87: =ROW(SmtRes!A48) -> 48 | D87: =ROW(EtalonRes!A90) -> 90 | E87: 30 | F87: 3.16-10-4 | G87: Прокладка трубопроводов отопления и водоснабжения из стальных электросварных труб диаметром 80 мм | H87: 100 м трубопровода | I87: 0.04 | J87: 0 | O87: =ROUND(CP87,2) -> 942.77 | P87: =ROUND(CQ87*I87,2) -> 10.79 | Q87: =ROUND(CR87*I87,2) -> 82.24 | R87: =ROUND(CS87*I87,2) -> 31.65 | S87: =ROUND(CT87*I87,2) -> 849.74 | T87: =ROUND(CU87*I87,2) -> 0 | U87: =CV87*I87 -> 3.335 | V87: =CW87*I87 -> 0 | W87: =ROUND(CX87*I87,2) -> 0 | X87: =ROUND(CY87,2) -> 747.77 | Y87: =ROUND(CZ87,2) -> 348.39 | AA87: 42559019 | AB87: =ROUND((AC87+AD87+AF87),6) -> 1365.613 | AC87: =ROUND((ES87),6) -> 51.59 | AD87: =ROUND(((ET87*1.25)),6) -> 272.675 | AE87: =ROUND(((EU87*1.25)),6) -> 38.7875 | AF87: =ROUND(((EV87*1.15)),6) -> 1041.348 | AG87: =ROUND((AP87),6) -> 0 | AH87: =((EW87*1.15)) -> 83.375 | AI87: =((EX87*1.25)) -> 0 | AJ87: =ROUND((AS87),6) -> 0 | AK87: 1175.25 | AL87: 51.59 | AM87: 218.14 | AN87: 31.03 | AO87: 905.52 | AP87: 0 | AQ87: 72.5 | AR87: 0 | AS87: 0 | AT87: 88 | AU87: 41 | AV87: 1 | AW87: 1 | AZ87: 1 | BA87: 20.4 | BB87: 7.54 | BC87: 5.23 | BH87: 0 | BI87: 1 | BJ87: ТСН-2001.3. Доп. 1-42. Сб. 16, т. 10, поз. 4 | BM87: 132 | BN87: 0 | BO87: 3.16-10-4 | BP87: 1 | BQ87: 30 | BR87: 0 | BS87: 20.4 | BT87: 1 | BU87: 1 | BV87: 1 | BW87: 1 | BX87: 1 | BZ87: 88 | CA87: 41 | CF87: 0 | CG87: 0 | CM87: 0 | CN87: Поправка: ТСН-2001.О.П. п.3.4. 6 Наименование: Выполняемые при ремонте и реконструкции работы аналогичные технологическим процессам, характерным для нового строительства и отсутствующим в сборниках на ремонтно-строительные работы | CO87: 0 | CP87: =(P87+Q87+S87) -> 942.77 | CQ87: =(AC87*BC87*AW87) -> 269.8157 | CR87: =(AD87*BB87*AV87) -> 2055.9695 | CS87: =(AE87*BS87*AV87) -> 791.265 | CT87: =(AF87*BA87*AV87) -> 21243.499 | CU87: =AG87 -> 0 | CV87: =(AH87*AV87) -> 83.375 | CW87: =AI87 -> 0 | CX87: =AJ87 -> 0 | CY87: =S87*(BZ87/100) -> 747.7712 | CZ87: =S87*(CA87/100) -> 348.3934 | DE87: )*1,25 | DF87: )*1,25 | DG87: )*1,15 | DI87: )*1,15 | DJ87: )*1,25 | DN87: 114 | DO87: 67 | DP87: 1.067 | DQ87: 1 | DU87: 1013 | DV87: 100 м трубопровода | DW87: 100 м трубопровода | DX87: 1 | EE87: 42145139 | EF87: 30 | EG87: Строительные работы | EH87: 0 | EJ87: 1 | EK87: 132 | EL87: ТСН-2001.3-16. 16-5...16-14 | EM87: ТСН-2001.3-16-4 | EO87: Поправка: ТСН-2001.О.П. п.3.4. 6 | EQ87: 512 | ER87: 1175.25 | ES87: 51.59 | ET87: 218.14 | EU87: 31.03 | EV87: 905.52 | EW87: 72.5 | EX87: 0 | EY87: 0 | FQ87: 0 | FR87: =ROUND(IF(AND(BH87=3,BI87=3),P87,0),2) -> 0 | FS87: 0 | FX87: 114 | FY87: 67 | GD87: 0 | GF87: -597634363 | GG87: 2 | GH87: 1 | GI87: 2 | GJ87: 0 | GK87: =ROUND(R87*(S12)/100,2) -> 49.69 | GL87: =ROUND(IF(AND(BH87=3,BI87=3,FS87<>0),P87,0),2) -> 0 | GM87: =ROUND(O87+X87+Y87+GK87,2)+GX87 -> 2088.62 | GN87: =IF(OR(BI87=0,BI87=1),ROUND(O87+X87+Y87+GK87,2),0) -> 2088.62 | GO87: =IF(BI87=2,ROUND(O87+X87+Y87+GK87,2),0) -> 0 | GP87: =IF(BI87=4,ROUND(O87+X87+Y87+GK87,2)+GX87,0) -> 0 | GR87: 0 | GS87: 3 | GT87: 0 | GV87: =ROUND(GT87,6) -> 0 | GW87: 1 | GX87: =ROUND(GV87*GW87*I87,2) -> 0 | HA87: 0 | HB87: 0 | IK87: 0
A88: 17 | B88: 1 | E88: 31 | F88: 1.12-10-25 | G88: Средства для крепления радиаторов на кирпичных и бетонных стенах, крючки для труб, диаметр труб 100 мм | H88: 1000 шт. | I88: 0.002 | J88: 0 | O88: =ROUND(CP88,2) -> 21.26 | P88: =ROUND(CQ88*I88,2) -> 21.26 | Q88: =ROUND(CR88*I88,2) -> 0 | R88: =ROUND(CS88*I88,2) -> 0 | S88: =ROUND(CT88*I88,2) -> 0 | T88: =ROUND(CU88*I88,2) -> 0 | U88: =CV88*I88 -> 0 | V88: =CW88*I88 -> 0 | W88: =ROUND(CX88*I88,2) -> 0 | X88: =ROUND(CY88,2) -> 0 | Y88: =ROUND(CZ88,2) -> 0 | AA88: 42559021 | AB88: =ROUND((AC88+AD88+AF88),6) -> 10632.07 | AC88: =ROUND((ES88),6) -> 10632.07 | AD88: =ROUND((ET88),6) -> 0 | AE88: =ROUND((EU88),6) -> 0 | AF88: =ROUND((EV88),6) -> 0 | AG88: =ROUND((AP88),6) -> 0 | AH88: =(EW88) -> 0 | AI88: =(EX88) -> 0 | AJ88: =ROUND((AS88),6) -> 0 | AK88: 10632.07 | AL88: 10632.07 | AM88: 0 | AN88: 0 | AO88: 0 | AP88: 0 | AQ88: 0 | AR88: 0 | AS88: 0 | AT88: 0 | AU88: 0 | AV88: 1 | AW88: 1 | AZ88: 1 | BA88: 1 | BB88: 1 | BC88: 1 | BH88: 3 | BI88: 1 | BJ88: ТСН-2001.1. Доп. 1-42. Р. 12, о. 10, поз. 25 | BM88: 1617 | BN88: 0 | BP88: 0 | BQ88: 200 | BR88: 0 | BS88: 1 | BT88: 1 | BU88: 1 | BV88: 1 | BW88: 1 | BX88: 1 | BZ88: 0 | CA88: 0 | CF88: 0 | CG88: 0 | CM88: 0 | CO88: 0 | CP88: =(P88+Q88+S88) -> 21.26 | CQ88: =(AC88*BC88*AW88) -> 10632.07 | CR88: =(AD88*BB88*AV88) -> 0 | CS88: =(AE88*BS88*AV88) -> 0 | CT88: =(AF88*BA88*AV88) -> 0 | CU88: =AG88 -> 0 | CV88: =(AH88*AV88) -> 0 | CW88: =AI88 -> 0 | CX88: =AJ88 -> 0 | CY88: =((S88*BZ88)/100) -> 0 | CZ88: =((S88*CA88)/100) -> 0 | DN88: 0 | DO88: 0 | DP88: 1 | DQ88: 1 | DU88: 1010 | DV88: 1000 шт. | DW88: 1000 шт. | DX88: 1000 | EE88: 42146624 | EF88: 200 | EG88: Материалы строительные | EH88: 0 | EJ88: 1 | EK88: 1617 | EL88: ТСН-2001.1 Материалы строительные | EM88: ТСН-2001.1-1 | EQ88: 512 | ER88: 10632.07 | ES88: 10632.07 | ET88: 0 | EU88: 0 | EV88: 0 | EW88: 0 | EX88: 0 | EY88: 0 | FQ88: 0 | FR88: =ROUND(IF(AND(BH88=3,BI88=3),P88,0),2) -> 0 | FS88: 0 | FX88: 0 | FY88: 0 | GD88: 0 | GF88: 74120008 | GG88: 2 | GH88: 1 | GI88: -2 | GJ88: 0 | GK88: =ROUND(R88*(R12)/100,2) -> 0 | GL88: =ROUND(IF(AND(BH88=3,BI88=3,FS88<>0),P88,0),2) -> 0 | GM88: =ROUND(O88+X88+Y88+GK88,2)+GX88 -> 21.26 | GN88: =IF(OR(BI88=0,BI88=1),ROUND(O88+X88+Y88+GK88,2),0) -> 21.26 | GO88: =IF(BI88=2,ROUND(O88+X88+Y88+GK88,2),0) -> 0 | GP88: =IF(BI88=4,ROUND(O88+X88+Y88+GK88,2)+GX88,0) -> 0 | GR88: 0 | GS88: 3 | GT88: 0 | GV88: =ROUND(GT88,6) -> 0 | GW88: 1 | GX88: =ROUND(GV88*GW88*I88,2) -> 0 | HA88: 0 | HB88: 0 | IK88: 0
